Workbook
Name \a: #REF!
Name \a: #REF!
Name \a: #REF!
Name \m: #REF!
Name \m: #REF!
Name \m: #REF!
Name \n: #REF!
Name \n: #REF!
Name \n: #REF!
Name \o: #REF!
Name \o: #REF!
Name \o: #REF!
Name ______ew1: '[1]Приложение №2 '!_xlbgnm.ew1
Name ______fg1: '[1]Приложение №2 '!_xlbgnm.fg1
Name _____ew1: Потери!_____ew1
Name _____ew1: Услуги1!_____ew1
Name _____ew1: [0]!_____ew1
Name _____fg1: Потери!_____fg1
Name _____fg1: Услуги1!_____fg1
Name _____fg1: [0]!_____fg1
Name ____ew1: Потери!____ew1
Name ____ew1: Услуги1!____ew1
Name ____ew1: [0]!____ew1
Name ____fg1: Потери!____fg1
Name ____fg1: Услуги1!____fg1
Name ____fg1: [0]!____fg1
Name ____SP1: [2]FES!#REF!
Name ____SP1: [2]FES!#REF!
Name ____SP1: [2]FES!#REF!
Name ____SP10: [2]FES!#REF!
Name ____SP10: [2]FES!#REF!
Name ____SP10: [2]FES!#REF!
Name ____SP11: [2]FES!#REF!
Name ____SP11: [2]FES!#REF!
Name ____SP11: [2]FES!#REF!
Name ____SP12: [2]FES!#REF!
Name ____SP12: [2]FES!#REF!
Name ____SP12: [2]FES!#REF!
Name ____SP13: [2]FES!#REF!
Name ____SP13: [2]FES!#REF!
Name ____SP13: [2]FES!#REF!
Name ____SP14: [2]FES!#REF!
Name ____SP14: [2]FES!#REF!
Name ____SP14: [2]FES!#REF!
Name ____SP15: [2]FES!#REF!
Name ____SP15: [2]FES!#REF!
Name ____SP15: [2]FES!#REF!
Name ____SP16: [2]FES!#REF!
Name ____SP16: [2]FES!#REF!
Name ____SP16: [2]FES!#REF!
Name ____SP17: [2]FES!#REF!
Name ____SP17: [2]FES!#REF!
Name ____SP17: [2]FES!#REF!
Name ____SP18: [2]FES!#REF!
Name ____SP18: [2]FES!#REF!
Name ____SP18: [2]FES!#REF!
Name ____SP19: [2]FES!#REF!
Name ____SP19: [2]FES!#REF!
Name ____SP19: [2]FES!#REF!
Name ____SP2: [2]FES!#REF!

Sheet ИТОГО ПО
A2: Отчет о потреблении для управлений
A4: Параметры: | C4: Период отчета: 01.08.2026 - 31.08.2026
A5: Отбор: | C5: Подразделение В группе "ООО "НЭСКО"" И Вид долга Равно "Полезный отпуск" И Вид цены Не в списке "" И Договор Не в списке "2874; 5920; 5944; 5945; 5946; 5947; 6540-2201; 6609-1902; 8001-2601; 8003-2408;..."
A7: Тариф | E7: Среднее 1 (СН1) | M7: Среднее 2 (СН2) | T7: Низкое (НН) | AA7: Итого
A8: Группа потребления | E8: Количество кВтч | G8: Количество (покупка) кВт | H8: Количество (передача) кВт | I8: По документам | M8: Количество кВтч | N8: Количество (покупка) кВт | O8: Количество (передача) кВт | P8: По документам | T8: Количество кВтч | U8: Количество (покупка) кВт | V8: Количество (передача) кВт | W8: По документам | AA8: Количество кВтч | AB8: Количество (покупка) кВт | AC8: Количество (передача) кВт | AD8: По документам
A9: Тариф.Ценовая категория | I9: Цена | J9: Сумма без НДС | K9: Сумма НДС | L9: Сумма с НДС | P9: Цена | Q9: Сумма без НДС | R9: Сумма НДС | S9: Сумма с НДС | W9: Цена | X9: Сумма без НДС | Y9: Сумма НДС | Z9: Сумма с НДС | AD9: Цена | AE9: Сумма без НДС | AF9: Сумма НДС | AG9: Сумма с НДС
A10: Группа потребления
A11: Диапазон потребления
A12: Тариф
A13: Группа потребления
A14: 1ЦК/Ставка за электроэнергию/Менее 670 кВт/НН | T14: 5114298.2 | W14: 9.12814 | X14: 46684048 | Y14: 10270757 | Z14: 56954805 | AA14: 5114298.2 | AD14: 11.13639 | AE14: 46684048 | AF14: 10270757 | AG14: 56954805
A15: Городское население, проживающее в домах, оборудованных электроплитами и не оборудованных электроотопительными установка | T15: 24948.486 | W15: 9.14183 | X15: 228074.82 | Y15: 50176.46 | Z15: 278251.28 | AA15: 24948.486 | AD15: 11.15303 | AE15: 228074.82 | AF15: 50176.46 | AG15: 278251.28
A16: Городской бюджет | T16: 977511.14 | W16: 9.14079 | X16: 8935219.4 | Y16: 1965748.2 | Z16: 10900968 | AA16: 977511.14 | AD16: 11.15176 | AE16: 8935219.4 | AF16: 1965748.2 | AG16: 10900968
A17: ГП и ЭСО | T17: 1499.992 | W17: 9.14183 | X17: 13712.67 | Y17: 3016.79 | Z17: 16729.46 | AA17: 1499.992 | AD17: 11.15303 | AE17: 13712.67 | AF17: 3016.79 | AG17: 16729.46
A18: Некоммерческие объединения граждан (гаражно-строительные, гаражные кооперативы) | T18: 53 | W18: 9.14189 | X18: 484.52 | Y18: 106.59 | Z18: 591.11 | AA18: 53 | AD18: 11.15302 | AE18: 484.52 | AF18: 106.59 | AG18: 591.11
A19: Непромышленные потребители | T19: 578278.22 | W19: 9.05223 | X19: 5234705.7 | Y19: 1151635.2 | Z19: 6386341 | AA19: 578278.22 | AD19: 11.04372 | AE19: 5234705.7 | AF19: 1151635.2 | AG19: 6386341
A20: Окружной бюджет | T20: 492721.81 | W20: 9.14183 | X20: 4504379 | Y20: 990963.37 | Z20: 5495342.4 | AA20: 492721.81 | AD20: 11.15303 | AE20: 4504379 | AF20: 990963.37 | AG20: 5495342.4
A21: Предприятия ЖКХ | T21: 362331.3 | W21: 9.14183 | X21: 3312371.2 | Y21: 728721.66 | Z21: 4041092.8 | AA21: 362331.3 | AD21: 11.15303 | AE21: 3312371.2 | AF21: 728721.66 | AG21: 4041092.8
A22: Промышленность | T22: 129355.8 | W22: 9.14183 | X22: 1182548.7 | Y22: 260160.73 | Z22: 1442709.5 | AA22: 129355.8 | AD22: 11.15303 | AE22: 1182548.7 | AF22: 260160.73 | AG22: 1442709.5
A23: Промышленные и приравненные к ним потребители | T23: 2108888 | W23: 9.13848 | X23: 19272030 | Y23: 4240112.5 | Z23: 23512142 | AA23: 2108888 | AD23: 11.14907 | AE23: 19272030 | AF23: 4240112.5 | AG23: 23512142
A24: Прочие | T24: 264552.45 | W24: 10.08805 | X24: 2668818.2 | Y24: 587140.02 | Z24: 3255958.2 | AA24: 264552.45 | AD24: 12.30742 | AE24: 2668818.2 | AF24: 587140.02 | AG24: 3255958.2
A25: Собственные нужды | T25: 23321.86 | W25: -2.02448 | X25: -47214.53 | Y25: -10387.2 | Z25: -57601.73 | AA25: 23321.86 | AD25: -2.46986 | AE25: -47214.53 | AF25: -10387.2 | AG25: -57601.73
A26: Федеральный бюджет | T26: 150836.16 | W26: 9.14183 | X26: 1378918.5 | Y26: 303362.09 | Z26: 1682280.6 | AA26: 150836.16 | AD26: 11.15303 | AE26: 1378918.5 | AF26: 303362.09 | AG26: 1682280.6
A27: 1ЦК/Ставка за электроэнергию/Менее 670 кВт/СН | E27: 128863.25 | I27: 8.61123 | J27: 1109671.1 | K27: 244127.62 | L27: 1353798.7 | AA27: 128863.25 | AD27: 10.5057 | AE27: 1109671.1 | AF27: 244127.62 | AG27: 1353798.7
A28: Непромышленные потребители | E28: 26856.11 | I28: 8.61123 | J28: 231264.14 | K28: 50878.1 | L28: 282142.24 | AA28: 26856.11 | AD28: 10.5057 | AE28: 231264.14 | AF28: 50878.1 | AG28: 282142.24
A29: Промышленность | E29: 102007.14 | I29: 8.61123 | J29: 878406.93 | K29: 193249.52 | L29: 1071656.4 | AA29: 102007.14 | AD29: 10.5057 | AE29: 878406.93 | AF29: 193249.52 | AG29: 1071656.4
A30: 1ЦК/Ставка за электроэнергию/Менее 670 кВт/СН2 | M30: 11211027 | P30: 8.84862 | Q30: 99202105 | R30: 21824463 | S30: 1.2102657e+08 | AA30: 11211027 | AD30: 10.79531 | AE30: 99202105 | AF30: 21824463 | AG30: 1.2102657e+08
A31: Бюджетные организации (содержание осужденных) | M31: 38127.88 | P31: 8.90215 | Q31: 339420.11 | R31: 74672.42 | S31: 414092.53 | AA31: 38127.88 | AD31: 10.86062 | AE31: 339420.11 | AF31: 74672.42 | AG31: 414092.53
A32: Городское население, проживающее в домах, оборудованных электроплитами и не оборудованных электроотопительными установка | M32: 486.263 | P32: 8.90216 | Q32: 4328.79 | R32: 952.33 | S32: 5281.12 | AA32: 486.263 | AD32: 10.86062 | AE32: 4328.79 | AF32: 952.33 | AG32: 5281.12
A33: Городской бюджет | M33: 275717.36 | P33: 8.90203 | Q33: 2454443.8 | R33: 539977.6 | S33: 2994421.4 | AA33: 275717.36 | AD33: 10.86047 | AE33: 2454443.8 | AF33: 539977.6 | AG33: 2994421.4
A34: ГП и ЭСО | M34: 40030.966 | P34: 8.8874 | Q34: 355771.1 | R34: 78269.64 | S34: 434040.74 | AA34: 40030.966 | AD34: 10.84262 | AE34: 355771.1 | AF34: 78269.64 | AG34: 434040.74
A35: Некоммерческие объединения граждан (гаражно-строительные, гаражные кооперативы) | M35: 1463.678 | P35: 8.90215 | Q35: 13029.88 | R35: 2866.58 | S35: 15896.46 | AA35: 1463.678 | AD35: 10.86063 | AE35: 13029.88 | AF35: 2866.58 | AG35: 15896.46
A36: Непромышленные потребители | M36: 3850946 | P36: 8.75991 | Q36: 33733957 | R36: 7421470.6 | S36: 41155427 | AA36: 3850946 | AD36: 10.6871 | AE36: 33733957 | AF36: 7421470.6 | AG36: 41155427
A37: Окружной бюджет | M37: 266761.65 | P37: 8.90333 | Q37: 2375067.5 | R37: 522514.86 | S37: 2897582.4 | AA37: 266761.65 | AD37: 10.86206 | AE37: 2375067.5 | AF37: 522514.86 | AG37: 2897582.4
A38: Предприятия ЖКХ | M38: 91687.388 | P38: 8.90215 | Q38: 816214.88 | R38: 179567.28 | S38: 995782.16 | AA38: 91687.388 | AD38: 10.86062 | AE38: 816214.88 | AF38: 179567.28 | AG38: 995782.16
A39: Промышленность | M39: 838808.34 | P39: 8.90206 | Q39: 7467121.1 | R39: 1642766.6 | S39: 9109887.7 | AA39: 838808.34 | AD39: 10.86051 | AE39: 7467121.1 | AF39: 1642766.6 | AG39: 9109887.7
A40: Промышленные и приравненные к ним потребители | M40: 5070731.7 | P40: 8.89191 | Q40: 45088485 | R40: 9919466.7 | S40: 55007951 | AA40: 5070731.7 | AD40: 10.84813 | AE40: 45088485 | AF40: 9919466.7 | AG40: 55007951
A41: Прочие | M41: 552009.55 | P41: 8.90215 | Q41: 4914070.9 | R41: 1081095.6 | S41: 5995166.5 | AA41: 552009.55 | AD41: 10.86062 | AE41: 4914070.9 | AF41: 1081095.6 | AG41: 5995166.5
... A43: Федеральный бюджет | M43: 170773.47 | P43: 8.90215 | Q43: 1520251.1 | R43: 334455.25 | S43: 1854706.3 | AA43: 170773.47 | AD43: 10.86062 | AE43: 1520251.1 | AF43: 334455.25 | AG43: 1854706.3
A44: 2ЦК/Ставка за электроэнергию/Менее 670 кВт/НН/2 зоны | T44: 3615.411 | W44: 9.15799 | X44: 33109.91 | Y44: 7284.18 | Z44: 40394.09 | AA44: 3615.411 | AD44: 11.17275 | AE44: 33109.91 | AF44: 7284.18 | AG44: 40394.09
A45: Промышленность | T45: 3615.411 | W45: 9.15799 | X45: 33109.91 | Y45: 7284.18 | Z45: 40394.09 | AA45: 3615.411 | AD45: 11.17275 | AE45: 33109.91 | AF45: 7284.18 | AG45: 40394.09
A46: 2ЦК/Ставка за электроэнергию/Менее 670 кВт/СН2/2 зоны | M46: 315758.39 | P46: 8.98302 | Q46: 2836462.6 | R46: 624021.77 | S46: 3460484.3 | AA46: 315758.39 | AD46: 10.95928 | AE46: 2836462.6 | AF46: 624021.77 | AG46: 3460484.3
A47: Городской бюджет | M47: 23520.988 | P47: 9.53927 | Q47: 224373.14 | R47: 49362.1 | S47: 273735.24 | AA47: 23520.988 | AD47: 11.63791 | AE47: 224373.14 | AF47: 49362.1 | AG47: 273735.24
A48: Промышленность | M48: 289925.07 | P48: 8.93875 | Q48: 2591568.9 | R48: 570145.15 | S48: 3161714 | AA48: 289925.07 | AD48: 10.90528 | AE48: 2591568.9 | AF48: 570145.15 | AG48: 3161714
A49: Прочие | M49: 2312.325 | P49: 8.87443 | Q49: 20520.56 | R49: 4514.52 | S49: 25035.08 | AA49: 2312.325 | AD49: 10.8268 | AE49: 20520.56 | AF49: 4514.52 | AG49: 25035.08
A50: 3ЦК/Ставка за мощность/Менее 670 кВт/СН2 | N50: 493.495 | P50: 1151.3034 | Q50: 568162.49 | R50: 124995.75 | S50: 693158.24 | AB50: 493.495 | AD50: 1404.5902 | AE50: 568162.49 | AF50: 124995.75 | AG50: 693158.24
A51: Непромышленные потребители | N51: 63.445 | P51: 1151.3035 | Q51: 73044.45 | R51: 16069.78 | S51: 89114.23 | AB51: 63.445 | AD51: 1404.5903 | AE51: 73044.45 | AF51: 16069.78 | AG51: 89114.23
A52: Окружной бюджет | N52: 365.126 | P52: 1151.3034 | Q52: 420370.82 | R52: 92481.58 | S52: 512852.4 | AB52: 365.126 | AD52: 1404.5902 | AE52: 420370.82 | AF52: 92481.58 | AG52: 512852.4
A53: Промышленность | N53: 64.924 | P53: 1151.3034 | Q53: 74747.22 | R53: 16444.39 | S53: 91191.61 | AB53: 64.924 | AD53: 1404.5901 | AE53: 74747.22 | AF53: 16444.39 | AG53: 91191.61
A54: 3ЦК/Ставка за мощность/От 670 кВт до 10МВт/НН | U54: 37.18 | W54: 1151.3034 | X54: 42805.46 | Y54: 9417.2 | Z54: 52222.66 | AB54: 37.18 | AD54: 1404.5901 | AE54: 42805.46 | AF54: 9417.2 | AG54: 52222.66
A55: Окружной бюджет | U55: 37.18 | W55: 1151.3034 | X55: 42805.46 | Y55: 9417.2 | Z55: 52222.66 | AB55: 37.18 | AD55: 1404.5901 | AE55: 42805.46 | AF55: 9417.2 | AG55: 52222.66
A56: 3ЦК/Ставка за мощность/От 670 кВт до 10МВт/СН1 | G56: 2940.342 | I56: 1151.3034 | J56: 3385225.8 | K56: 744749.69 | L56: 4129975.5 | AB56: 2940.342 | AD56: 1404.5902 | AE56: 3385225.8 | AF56: 744749.69 | AG56: 4129975.5
A57: Предприятия ЖКХ | G57: 2833.371 | I57: 1151.3034 | J57: 3262069.8 | K57: 717655.35 | L57: 3979725.1 | AB57: 2833.371 | AD57: 1404.5902 | AE57: 3262069.8 | AF57: 717655.35 | AG57: 3979725.1
A58: Промышленность | G58: 106.971 | I58: 1151.3034 | J58: 123156.08 | K58: 27094.34 | L58: 150250.42 | AB58: 106.971 | AD58: 1404.5902 | AE58: 123156.08 | AF58: 27094.34 | AG58: 150250.42
A59: 3ЦК/Ставка за мощность/От 670 кВт до 10МВт/СН2 | N59: 1698.19 | P59: 1151.3034 | Q59: 1955132 | R59: 430129.03 | S59: 2385261 | AB59: 1698.19 | AD59: 1404.5902 | AE59: 1955132 | AF59: 430129.03 | AG59: 2385261
A60: Непромышленные потребители | N60: 475.995 | P60: 1151.3034 | Q60: 548014.68 | R60: 120563.23 | S60: 668577.91 | AB60: 475.995 | AD60: 1404.5902 | AE60: 548014.68 | AF60: 120563.23 | AG60: 668577.91
A61: Предприятия ЖКХ | N61: 113.018 | P61: 1151.3034 | Q61: 130118.01 | R61: 28625.96 | S61: 158743.97 | AB61: 113.018 | AD61: 1404.5901 | AE61: 130118.01 | AF61: 28625.96 | AG61: 158743.97
A62: Промышленность | N62: 715.168 | P62: 1151.3034 | Q62: 823375.38 | R62: 181142.58 | S62: 1004518 | AB62: 715.168 | AD62: 1404.5902 | AE62: 823375.38 | AF62: 181142.58 | AG62: 1004518
A63: Промышленные и приравненные к ним потребители | N63: 379.778 | P63: 1151.3034 | Q63: 437239.7 | R63: 96192.74 | S63: 533432.44 | AB63: 379.778 | AD63: 1404.5902 | AE63: 437239.7 | AF63: 96192.74 | AG63: 533432.44
A64: Прочие | N64: 14.231 | P64: 1151.3035 | Q64: 16384.2 | R64: 3604.52 | S64: 19988.72 | AB64: 14.231 | AD64: 1404.59 | AE64: 16384.2 | AF64: 3604.52 | AG64: 19988.72
A65: 3ЦК/Ставка за электроэнергию/Менее 670 кВт/СН2 | M65: 314118.46 | P65: 7.56107 | Q65: 2375070.2 | R65: 522515.83 | S65: 2897586 | AA65: 314118.46 | AD65: 9.2245 | AE65: 2375070.2 | AF65: 522515.83 | AG65: 2897586
A66: Непромышленные потребители | M66: 45764.105 | P66: 7.54645 | Q66: 345356.55 | R66: 75978.65 | S66: 421335.2 | AA66: 45764.105 | AD66: 9.20667 | AE66: 345356.55 | AF66: 75978.65 | AG66: 421335.2
A67: Окружной бюджет | M67: 245082.36 | P67: 7.55465 | Q67: 1851510.9 | R67: 407332.49 | S67: 2258843.4 | AA67: 245082.36 | AD67: 9.21667 | AE67: 1851510.9 | AF67: 407332.49 | AG67: 2258843.4
A68: Промышленность | M68: 23271.995 | P68: 7.65739 | Q68: 178202.71 | R68: 39204.69 | S68: 217407.4 | AA68: 23271.995 | AD68: 9.34202 | AE68: 178202.71 | AF68: 39204.69 | AG68: 217407.4
A69: 3ЦК/Ставка за электроэнергию/От 670 кВт до 10МВт/НН | T69: 22196.99 | W69: 7.3738 | X69: 163676.24 | Y69: 36008.92 | Z69: 199685.16 | AA69: 22196.99 | AD69: 8.99605 | AE69: 163676.24 | AF69: 36008.92 | AG69: 199685.16
A70: Окружной бюджет | T70: 22196.99 | W70: 7.3738 | X70: 163676.24 | Y70: 36008.92 | Z70: 199685.16 | AA70: 22196.99 | AD70: 8.99605 | AE70: 163676.24 | AF70: 36008.92 | AG70: 199685.16
A71: 3ЦК/Ставка за электроэнергию/От 670 кВт до 10МВт/СН1 | E71: 2156736.5 | I71: 6.81591 | J71: 14700112 | K71: 3234024.9 | L71: 17934137 | AA71: 2156736.5 | AD71: 8.3154 | AE71: 14700112 | AF71: 3234024.9 | AG71: 17934137
A72: Предприятия ЖКХ | E72: 2099580 | I72: 6.8141 | J72: 14306757 | K72: 3147486.6 | L72: 17454243 | AA72: 2099580 | AD72: 8.31321 | AE72: 14306757 | AF72: 3147486.6 | AG72: 17454243
A73: Промышленность | E73: 57156.48 | I73: 6.88208 | J73: 393355.52 | K73: 86538.23 | L73: 479893.75 | AA73: 57156.48 | AD73: 8.39614 | AE73: 393355.52 | AF73: 86538.23 | AG73: 479893.75
A74: 3ЦК/Ставка за электроэнергию/От 670 кВт до 10МВт/СН2 | M74: 1029021.1 | P74: 7.14725 | Q74: 7354670.5 | R74: 1618028.3 | S74: 8972698.8 | AA74: 1029021.1 | AD74: 8.71964 | AE74: 7354670.5 | AF74: 1618028.3 | AG74: 8972698.8
A75: Непромышленные потребители | M75: 319779.27 | P75: 7.126 | Q75: 2278747.6 | R75: 501325.01 | S75: 2780072.6 | AA75: 319779.27 | AD75: 8.69372 | AE75: 2278747.6 | AF75: 501325.01 | AG75: 2780072.6
A76: Предприятия ЖКХ | M76: 79583.389 | P76: 7.10987 | Q76: 565827.54 | R76: 124481.98 | S76: 690309.52 | AA76: 79583.389 | AD76: 8.67404 | AE76: 565827.54 | AF76: 124481.98 | AG76: 690309.52
A77: Промышленность | M77: 399843.76 | P77: 7.15336 | Q77: 2860227.1 | R77: 629249.92 | S77: 3489477 | AA77: 399843.76 | AD77: 8.7271 | AE77: 2860227.1 | AF77: 629249.92 | AG77: 3489477
A78: Промышленные и приравненные к ним потребители | M78: 220297.05 | P78: 7.18152 | Q78: 1582068.5 | R78: 348055.31 | S78: 1930123.8 | AA78: 220297.05 | AD78: 8.76146 | AE78: 1582068.5 | AF78: 348055.31 | AG78: 1930123.8
A79: Прочие | M79: 9517.65 | P79: 7.12358 | Q79: 67799.76 | R79: 14916.05 | S79: 82715.81 | AA79: 9517.65 | AD79: 8.69078 | AE79: 67799.76 | AF79: 14916.05 | AG79: 82715.81
A80: 4ЦК/Ставка за мощность/Менее 670 кВт/НН | U80: 1752.041 | W80: 1151.3034 | X80: 2017130.8 | Y80: 443768.76 | Z80: 2460899.6 | AB80: 1752.041 | AD80: 1404.5902 | AE80: 2017130.8 | AF80: 443768.76 | AG80: 2460899.6
A81: Непромышленные потребители | U81: 970.636 | W81: 1151.3034 | X81: 1117496.6 | Y81: 245849.23 | Z81: 1363345.8 | AB81: 970.636 | AD81: 1404.5902 | AE81: 1117496.6 | AF81: 245849.23 | AG81: 1363345.8
A82: Окружной бюджет | U82: 47.443 | W82: 1151.3035 | X82: 54621.29 | Y82: 12016.68 | Z82: 66637.97 | AB82: 47.443 | AD82: 1404.5901 | AE82: 54621.29 | AF82: 12016.68 | AG82: 66637.97
A83: Промышленность | U83: 69.033 | W83: 1151.3034 | X83: 79477.93 | Y83: 17485.15 | Z83: 96963.08 | AB83: 69.033 | AD83: 1404.5903 | AE83: 79477.93 | AF83: 17485.15 | AG83: 96963.08
A84: Промышленные и приравненные к ним потребители | U84: 634.629 | W84: 1151.3034 | X84: 730650.55 | Y84: 160743.11 | Z84: 891393.66 | AB84: 634.629 | AD84: 1404.5902 | AE84: 730650.55 | AF84: 160743.11 | AG84: 891393.66
A85: Прочие | U85: 30.3 | W85: 1151.3033 | X85: 34884.49 | Y85: 7674.59 | Z85: 42559.08 | AB85: 30.3 | AD85: 1404.5901 | AE85: 34884.49 | AF85: 7674.59 | AG85: 42559.08
A86: 4ЦК/Ставка за мощность/Менее 670 кВт/СН2 | N86: 103.917 | P86: 1151.3034 | Q86: 119640 | R86: 26320.81 | S86: 145960.81 | AB86: 103.917 | AD86: 1404.5903 | AE86: 119640 | AF86: 26320.81 | AG86: 145960.81
A87: Непромышленные потребители | N87: 22.531 | P87: 1151.3035 | Q87: 25940.02 | R87: 5706.81 | S87: 31646.83 | AB87: 22.531 | AD87: 1404.5906 | AE87: 25940.02 | AF87: 5706.81 | AG87: 31646.83
A88: Федеральный бюджет | N88: 81.386 | P88: 1151.3034 | Q88: 93699.98 | R88: 20614 | S88: 114313.98 | AB88: 81.386 | AD88: 1404.5902 | AE88: 93699.98 | AF88: 20614 | AG88: 114313.98
A89: 4ЦК/Ставка за мощность/От 670 кВт до 10МВт/НН | U89: 4819.963 | W89: 1151.3034 | X89: 5549239.9 | Y89: 1220832.8 | Z89: 6770072.7 | AB89: 4819.963 | AD89: 1404.5902 | AE89: 5549239.9 | AF89: 1220832.8 | AG89: 6770072.7
A90: Непромышленные потребители | U90: 2573.389 | W90: 1151.3034 | X90: 2962751.6 | Y90: 651805.35 | Z90: 3614556.9 | AB90: 2573.389 | AD90: 1404.5902 | AE90: 2962751.6 | AF90: 651805.35 | AG90: 3614556.9
A91: Промышленность | U91: 1041.628 | W91: 1151.3034 | X91: 1199229.9 | Y91: 263830.58 | Z91: 1463060.5 | AB91: 1041.628 | AD91: 1404.5902 | AE91: 1199229.9 | AF91: 263830.58 | AG91: 1463060.5
A92: Прочие | U92: 1204.946 | W92: 1151.3034 | X92: 1387258.5 | Y92: 305196.86 | Z92: 1692455.3 | AB92: 1204.946 | AD92: 1404.5902 | AE92: 1387258.5 | AF92: 305196.86 | AG92: 1692455.3
A93: 4ЦК/Ставка за мощность/От 670 кВт до 10МВт/СН2 | N93: 236.143 | P93: 1151.3035 | Q93: 271872.25 | R93: 59811.9 | S93: 331684.15 | AB93: 236.143 | AD93: 1404.5902 | AE93: 271872.25 | AF93: 59811.9 | AG93: 331684.15
A94: Прочие | N94: 236.143 | P94: 1151.3035 | Q94: 271872.25 | R94: 59811.9 | S94: 331684.15 | AB94: 236.143 | AD94: 1404.5902 | AE94: 271872.25 | AF94: 59811.9 | AG94: 331684.15
A95: 4ЦК/Ставка за электроэнергию/Менее 670 кВт/НН | T95: 1125246.1 | W95: 3.91765 | X95: 4408318.7 | Y95: 969831.69 | Z95: 5378150.3 | AA95: 1125246.1 | AD95: 4.77953 | AE95: 4408318.7 | AF95: 969831.69 | AG95: 5378150.3
A96: Непромышленные потребители | T96: 635583.72 | W96: 3.90775 | X96: 2483704.1 | Y96: 546415.88 | Z96: 3030120 | AA96: 635583.72 | AD96: 4.76746 | AE96: 2483704.1 | AF96: 546415.88 | AG96: 3030120
A97: Окружной бюджет | T97: 34668.3 | W97: 3.88112 | X97: 134551.69 | Y97: 29601.37 | Z97: 164153.06 | AA97: 34668.3 | AD97: 4.73496 | AE97: 134551.69 | AF97: 29601.37 | AG97: 164153.06
A98: Промышленность | T98: 50419.905 | W98: 3.88872 | X98: 196068.67 | Y98: 43135.38 | Z98: 239204.05 | AA98: 50419.905 | AD98: 4.74424 | AE98: 196068.67 | AF98: 43135.38 | AG98: 239204.05
A99: Промышленные и приравненные к ним потребители | T99: 391973.47 | W99: 3.93785 | X99: 1543533.2 | Y99: 339577.47 | Z99: 1883110.6 | AA99: 391973.47 | AD99: 4.80418 | AE99: 1543533.2 | AF99: 339577.47 | AG99: 1883110.6
A100: Прочие | T100: 12600.746 | W100: 4.00461 | X100: 50461.05 | Y100: 11101.59 | Z100: 61562.64 | AA100: 12600.746 | AD100: 4.88563 | AE100: 50461.05 | AF100: 11101.59 | AG100: 61562.64
A101: 4ЦК/Ставка за электроэнергию/Менее 670 кВт/СН2 | M101: 75454.714 | P101: 3.51749 | Q101: 265410.92 | R101: 58390.61 | S101: 323801.53 | AA101: 75454.714 | AD101: 4.29134 | AE101: 265410.92 | AF101: 58390.61 | AG101: 323801.53
A102: Непромышленные потребители | M102: 15835.274 | P102: 3.53023 | Q102: 55902.17 | R102: 12298.5 | S102: 68200.67 | AA102: 15835.274 | AD102: 4.30688 | AE102: 55902.17 | AF102: 12298.5 | AG102: 68200.67
A103: Федеральный бюджет | M103: 59619.44 | P103: 3.5141 | Q103: 209508.75 | R103: 46092.11 | S103: 255600.86 | AA103: 59619.44 | AD103: 4.28721 | AE103: 209508.75 | AF103: 46092.11 | AG103: 255600.86
A104: 4ЦК/Ставка за электроэнергию/От 670 кВт до 10МВт/НН | T104: 2727548.8 | W104: 3.52519 | X104: 9615122.2 | Y104: 2115327.2 | Z104: 11730450 | AA104: 2727548.8 | AD104: 4.30073 | AE104: 9615122.2 | AF104: 2115327.2 | AG104: 11730450
...

Sheet Услуги1
A2: Отчет о потреблении для управлений
A4: Параметры: | C4: Период отчета: 01.08.2026 - 31.08.2026
A5: Отбор: | C5: Подразделение В группе "ООО "НЭСКО"" И Вид долга Равно "Полезный отпуск" И Вид цены Не в списке "Купля продажа; Нормативные потери; Сверхнормативные потери" И Договор Не в списке "2874; 5920; 5944; 5945; 5946; 5947; 6540-2201; 6609-1902; 8001-2601; 8003-2408;..."
A7: Тариф | E7: Среднее 1 (СН1) | M7: Среднее 2 (СН2) | T7: Низкое (НН) | AA7: Итого
A8: Группа потребления | E8: Количество кВтч | G8: Количество (покупка) кВт | H8: Количество (передача) кВт | I8: По документам | M8: Количество кВтч | N8: Количество (покупка) кВт | O8: Количество (передача) кВт | P8: По документам | T8: Количество кВтч | U8: Количество (покупка) кВт | V8: Количество (передача) кВт | W8: По документам | AA8: Количество кВтч | AB8: Количество (покупка) кВт | AC8: Количество (передача) кВт | AD8: По документам
A9: Тариф.Ценовая категория | I9: Цена | J9: Сумма без НДС | K9: Сумма НДС | L9: Сумма с НДС | P9: Цена | Q9: Сумма без НДС | R9: Сумма НДС | S9: Сумма с НДС | W9: Цена | X9: Сумма без НДС | Y9: Сумма НДС | Z9: Сумма с НДС | AD9: Цена | AE9: Сумма без НДС | AF9: Сумма НДС | AG9: Сумма с НДС
A10: Группа потребления
A11: Диапазон потребления
A12: Тариф
A13: Группа потребления
A14: 1ЦК/Ставка за электроэнергию/Менее 670 кВт/НН | T14: 5104316.2 | W14: -0.15904 | X14: -811788.89 | Y14: -178327.88 | Z14: -990116.77 | AA14: 5104316.2 | AD14: -0.19398 | AE14: -811788.89 | AF14: -178327.88 | AG14: -990116.77
A15: Городское население, проживающее в домах, оборудованных электроплитами и не оборудованных электроотопительными установка | T15: 24948.486 | AA15: 24948.486
A16: Городской бюджет | T16: 977511.14 | W16: -0.07813 | X16: -76377.62 | Y16: -16803.1 | Z16: -93180.72 | AA16: 977511.14 | AD16: -0.09532 | AE16: -76377.62 | AF16: -16803.1 | AG16: -93180.72
A17: ГП и ЭСО | T17: 1499.992 | AA17: 1499.992
A18: Некоммерческие объединения граждан (гаражно-строительные, гаражные кооперативы) | T18: 53 | AA18: 53
A19: Непромышленные потребители | T19: 568296.22 | W19: -0.45974 | X19: -261270.21 | Y19: -57479.45 | Z19: -318749.66 | AA19: 568296.22 | AD19: -0.56089 | AE19: -261270.21 | AF19: -57479.45 | AG19: -318749.66
A20: Окружной бюджет | T20: 492721.81 | AA20: 492721.81
A21: Предприятия ЖКХ | T21: 362331.3 | AA21: 362331.3
A22: Промышленность | T22: 129355.8 | AA22: 129355.8
A23: Промышленные и приравненные к ним потребители | T23: 2108888 | W23: -0.24351 | X23: -513538.68 | Y23: -112712.79 | Z23: -626251.47 | AA23: 2108888 | AD23: -0.29696 | AE23: -513538.68 | AF23: -112712.79 | AG23: -626251.47
A24: Прочие | T24: 264552.45 | W24: 0.32739 | X24: 86612.15 | Y24: 19054.66 | Z24: 105666.81 | AA24: 264552.45 | AD24: 0.39942 | AE24: 86612.15 | AF24: 19054.66 | AG24: 105666.81
A25: Собственные нужды | T25: 23321.86 | W25: -2.02448 | X25: -47214.53 | Y25: -10387.2 | Z25: -57601.73 | AA25: 23321.86 | AD25: -2.46986 | AE25: -47214.53 | AF25: -10387.2 | AG25: -57601.73
A26: Федеральный бюджет | T26: 150836.16 | AA26: 150836.16
A27: 1ЦК/Ставка за электроэнергию/Менее 670 кВт/СН | E27: 128863.25 | AA27: 128863.25
A28: Непромышленные потребители | E28: 26856.11 | AA28: 26856.11
A29: Промышленность | E29: 102007.14 | AA29: 102007.14
A30: 1ЦК/Ставка за электроэнергию/Менее 670 кВт/СН2 | M30: 11089944 | P30: -0.34253 | Q30: -3798649.2 | R30: -835702.84 | S30: -4634352.1 | AA30: 11089944 | AD30: -0.41789 | AE30: -3798649.2 | AF30: -835702.84 | AG30: -4634352.1
A31: Бюджетные организации (содержание осужденных) | M31: 38127.88 | AA31: 38127.88
A32: Городское население, проживающее в домах, оборудованных электроплитами и не оборудованных электроотопительными установка | M32: 486.263 | AA32: 486.263
A33: Городской бюджет | M33: 275717.36 | P33: -0.01427 | Q33: -3934.75 | R33: -865.65 | S33: -4800.4 | AA33: 275717.36 | AD33: -0.01741 | AE33: -3934.75 | AF33: -865.65 | AG33: -4800.4
A34: ГП и ЭСО | M34: 40030.966 | P34: -0.38944 | Q34: -15589.62 | R34: -3429.72 | S34: -19019.34 | AA34: 40030.966 | AD34: -0.47512 | AE34: -15589.62 | AF34: -3429.72 | AG34: -19019.34
A35: Некоммерческие объединения граждан (гаражно-строительные, гаражные кооперативы) | M35: 1463.678 | AA35: 1463.678
A36: Непромышленные потребители | M36: 3729862.9 | P36: -0.31513 | Q36: -1175389.5 | R36: -258585.69 | S36: -1433975.2 | AA36: 3729862.9 | AD36: -0.38446 | AE36: -1175389.5 | AF36: -258585.69 | AG36: -1433975.2
A37: Окружной бюджет | M37: 266761.65 | P37: 0.13817 | Q37: 36857.36 | R37: 8108.62 | S37: 44965.98 | AA37: 266761.65 | AD37: 0.16856 | AE37: 36857.36 | AF37: 8108.62 | AG37: 44965.98
A38: Предприятия ЖКХ | M38: 91687.388 | AA38: 91687.388
A39: Промышленность | M39: 838808.34 | P39: -0.01068 | Q39: -8954.85 | R39: -1970.07 | S39: -10924.92 | AA39: 838808.34 | AD39: -0.01302 | AE39: -8954.85 | AF39: -1970.07 | AG39: -10924.92
A40: Промышленные и приравненные к ним потребители | M40: 5070731.7 | P40: -0.51699 | Q40: -2621534.2 | R40: -576737.52 | S40: -3198271.7 | AA40: 5070731.7 | AD40: -0.63073 | AE40: -2621534.2 | AF40: -576737.52 | AG40: -3198271.7
A41: Прочие | M41: 552009.55 | P41: -0.0002 | Q41: -111.22 | R41: -24.47 | S41: -135.69 | AA41: 552009.55 | AD41: -0.00025 | AE41: -111.22 | AF41: -24.47 | AG41: -135.69
A42: УК, ТСЖ, ЖСК (МКД оборудованные электроплитами) | M42: 13483.204 | P42: -0.7411 | Q42: -9992.46 | R42: -2198.34 | S42: -12190.8 | AA42: 13483.204 | AD42: -0.90415 | AE42: -9992.46 | AF42: -2198.34 | AG42: -12190.8
A43: Федеральный бюджет | M43: 170773.47 | AA43: 170773.47
A44: 2ЦК/Ставка за электроэнергию/Менее 670 кВт/НН/2 зоны | T44: 3615.411 | AA44: 3615.411
A45: Промышленность | T45: 3615.411 | AA45: 3615.411
A46: 2ЦК/Ставка за электроэнергию/Менее 670 кВт/СН2/2 зоны | M46: 315758.39 | AA46: 315758.39
A47: Городской бюджет | M47: 23520.988 | AA47: 23520.988
A48: Промышленность | M48: 289925.07 | AA48: 289925.07
A49: Прочие | M49: 2312.325 | AA49: 2312.325
A50: 3ЦК/Ставка за мощность/Менее 670 кВт/СН2 | N50: 493.495 | AB50: 493.495
A51: Непромышленные потребители | N51: 63.445 | AB51: 63.445
A52: Окружной бюджет | N52: 365.126 | AB52: 365.126
A53: Промышленность | N53: 64.924 | AB53: 64.924
A54: 3ЦК/Ставка за мощность/От 670 кВт до 10МВт/НН | U54: 37.18 | AB54: 37.18
A55: Окружной бюджет | U55: 37.18 | AB55: 37.18
A56: 3ЦК/Ставка за мощность/От 670 кВт до 10МВт/СН1 | G56: 2940.342 | AB56: 2940.342
A57: Предприятия ЖКХ | G57: 2833.371 | AB57: 2833.371
A58: Промышленность | G58: 106.971 | AB58: 106.971
A59: 3ЦК/Ставка за мощность/От 670 кВт до 10МВт/СН2 | N59: 1836.858 | AB59: 1836.858
A60: Непромышленные потребители | N60: 479.828 | AB60: 479.828
A61: Предприятия ЖКХ | N61: 113.018 | AB61: 113.018
A62: Промышленность | N62: 815.266 | AB62: 815.266
A63: Промышленные и приравненные к ним потребители | N63: 414.515 | AB63: 414.515
A64: Прочие | N64: 14.231 | AB64: 14.231
A65: 3ЦК/Ставка за электроэнергию/Менее 670 кВт/СН2 | M65: 314118.46 | AA65: 314118.46
A66: Непромышленные потребители | M66: 45764.105 | AA66: 45764.105
A67: Окружной бюджет | M67: 245082.36 | AA67: 245082.36
A68: Промышленность | M68: 23271.995 | AA68: 23271.995
A69: 3ЦК/Ставка за электроэнергию/От 670 кВт до 10МВт/НН | T69: 22196.99 | AA69: 22196.99
A70: Окружной бюджет | T70: 22196.99 | AA70: 22196.99
A71: 3ЦК/Ставка за электроэнергию/От 670 кВт до 10МВт/СН1 | E71: 2156736.5 | AA71: 2156736.5
A72: Предприятия ЖКХ | E72: 2099580 | AA72: 2099580
A73: Промышленность | E73: 57156.48 | AA73: 57156.48
A74: 3ЦК/Ставка за электроэнергию/От 670 кВт до 10МВт/СН2 | M74: 1029021.1 | AA74: 1029021.1
A75: Непромышленные потребители | M75: 319779.27 | AA75: 319779.27
A76: Предприятия ЖКХ | M76: 79583.389 | AA76: 79583.389
A77: Промышленность | M77: 399843.76 | AA77: 399843.76
A78: Промышленные и приравненные к ним потребители | M78: 220297.05 | AA78: 220297.05
A79: Прочие | M79: 9517.65 | AA79: 9517.65
A80: 4ЦК/Ставка за мощность/Менее 670 кВт/НН | U80: 1739.21 | AB80: 1739.21
A81: Непромышленные потребители | U81: 956.578 | AB81: 956.578
A82: Окружной бюджет | U82: 47.443 | AB82: 47.443
A83: Промышленность | U83: 69.033 | AB83: 69.033
A84: Промышленные и приравненные к ним потребители | U84: 635.856 | AB84: 635.856
A85: Прочие | U85: 30.3 | AB85: 30.3
A86: 4ЦК/Ставка за мощность/Менее 670 кВт/СН2 | N86: 103.917 | AB86: 103.917
A87: Непромышленные потребители | N87: 22.531 | AB87: 22.531
A88: Федеральный бюджет | N88: 81.386 | AB88: 81.386
A89: 4ЦК/Ставка за мощность/От 670 кВт до 10МВт/НН | U89: 4819.963 | AB89: 4819.963
A90: Непромышленные потребители | U90: 2573.389 | AB90: 2573.389
A91: Промышленность | U91: 1041.628 | AB91: 1041.628
A92: Прочие | U92: 1204.946 | AB92: 1204.946
A93: 4ЦК/Ставка за мощность/От 670 кВт до 10МВт/СН2 | N93: 236.143 | AB93: 236.143
A94: Прочие | N94: 236.143 | AB94: 236.143
A95: 4ЦК/Ставка за электроэнергию/Менее 670 кВт/НН | T95: 1116719.8 | AA95: 1116719.8
A96: Непромышленные потребители | T96: 627057.35 | AA96: 627057.35
A97: Окружной бюджет | T97: 34668.3 | AA97: 34668.3
A98: Промышленность | T98: 50419.905 | AA98: 50419.905
A99: Промышленные и приравненные к ним потребители | T99: 391973.47 | AA99: 391973.47
A100: Прочие | T100: 12600.746 | AA100: 12600.746
A101: 4ЦК/Ставка за электроэнергию/Менее 670 кВт/СН2 | M101: 75454.714 | AA101: 75454.714
A102: Непромышленные потребители | M102: 15835.274 | AA102: 15835.274
A103: Федеральный бюджет | M103: 59619.44 | AA103: 59619.44
...

Sheet 46 титульник
E3: обновление данных для проверки отчёта
E4: Cведения о полезном отпуске (продаже) электрической энергии и мощности отдельным категориям потребителей | S4: Форма № 46-ЭЭ (полезный отпуск)
E6: Субъект РФ | H6: Ханты-Мансийский автономный округ | P6: MANDATORY | S6: Приказ Росстата:_x000D_ Об утверждении формы от 24.03.2022 № 141 | V6: region
E8: =HYPERLINK("https://sp.eias.ru/knowledgebase.php?article=124","Как использовать?") -> Как использовать? | H8: Отчётный период | S8: Месячная, годовая
S10: Сроки предоставления: _x000D_ 25 числа после отчётного месяца,_x000D_ 15 февраля - за отчётный год
E11: Год | H11: 2026 | P11: MANDATORY | V11: rptYear
E12: Месяц | H12: Август | P12: MANDATORY | V12: rptMonth
S15: Предоставляют: _x000D_ - юридические лица, кроме субъектов малого предпринимательства - поставщики электрической энергии (мощности) оптового и розничного рынков электроэнергии (мощности);_x000D_ - гарантирующие поставщики электрической энергии (мощности);_x000D_ - покупатели - субъекты оптового рынка электроэнергии (мощности);_x000D_ - энергосбытовые и энергоснабжающие организации;_x000D_ - участники оптового рынка электроэнергии (мощности), в отношении которых не приняты балансовые решения_x000D_ Федеральной антимонопольной службе по установленному адресу
E16: RST_ORG_ID
E18: Наименование ЮЛ / ИП | H18: ООО "Нижневартовская энергосбытовая компания" | P18: MANDATORY | V18: org
E20: ИНН | H20: 8603109926 | P20: MANDATORY | V20: inn
E21: КПП | H21: 860301001 | P21: MANDATORY | V21: kpp
E22: ОГРН | H22: 1038601750472 | P22: MANDATORY | V22: ogrn
E23: Организационно-правовая форма | H23: 1 23 00 | Общества с ограниченной ответственностью | P23: MANDATORY | V23: opf
E25: Вид(-ы) деятельности | H25: ГП | P25: MANDATORY | V25: activity
E27: Тип отчёта | H27: В целом по организации | P27: MANDATORY | V27: rptType
E29: Наименование обособленного подразделения | P29: =IF(H27="По обособленному подразделению","MANDATORY","OPTIONAL") -> OPTIONAL | V29: subsidiary
E33: Код по ОКПО | H33: 13512888 | P33: MANDATORY | S33: ОКПО - Общероссийский Классификатор Предприятий и Организаций | V33: okpo
E35: ОКАТО | H35: 71135000000 | P35: MANDATORY | S35: ОКАТО - Общероссийский Классификатор Административно-Территориальных Образований | V35: okato
E37: Генерирующая компания | H37: Нет | P37: MANDATORY | V37: gen
E39: Гарантирующий поставщик | H39: Да | P39: MANDATORY | V39: gp
E41: Независимый сбыт | H41: Нет | P41: MANDATORY | S41: ="(на территории: "&IF(REGION_NAME="","субъект Российской Федерации не выбран",REGION_NAME)&")" -> (на территории: Ханты-Мансийский автономный округ) | V41: independentSales
E43: Способ приобретения электроэнергии | H43: с ОРЭМ | P43: MANDATORY | V43: eePurchaseMethod
E45: Система налогообложения | H45: ОСН | P45: MANDATORY | S45: ОСН - общая система налогообложения_x000D_ УСН - упрощенная система налогообложения_x000D_ ПСН - патентная система налогообложения_x000D_ НПД - налог на профессиональный доход_x000D_ ЕСХН - единый сельскохозяйственный налог | V45: taxSystem
E60: Контактные данные
E62: Адрес организации | F62: Юридический | H62: 628611 г.Нижневартовск, ул.Ленина,34А | P62: MANDATORY | V62: addressLegal
F63: Почтовый | H63: 628611 г.Нижневартовск, ул.Ленина,34А | P63: MANDATORY | V63: addressPost
E64: Руководитель | F64: ФИО | H64: Эсауленко Валерий Васильевич | P64: MANDATORY | V64: nameCEO
F65: Контактный телефон | H65: (3466) 47-08-50 | P65: MANDATORY | V65: phoneCEO
E66: Главный бухгалтер | F66: ФИО | H66: Ярмоленко Александра Владимировна | P66: MANDATORY | V66: nameAccountant
F67: Контактный телефон | H67: (3466) 49-15-55 | P67: MANDATORY | V67: phoneAccountant
E68: Должностное лицо, ответственное за составление формы | F68: ФИО | H68: Разяпов Руслан Глимханович | P68: MANDATORY | V68: nameReporting
F69: Должность | H69: Начальник ПАО | P69: MANDATORY | V69: positionReporting
F70: Контактный телефон | H70: (3466) 45-41-43 | P70: MANDATORY | V70: phoneReporting
F71: e-mail | H71: razyapov@gesnv.ru | P71: MANDATORY | V71: emailReporting
E75: Дата последнего обновления реестра организаций: 24.02.2026, 15:30:58
E78: Если срок представления отчёта за период истёк, необходимо указать URL-ссылку на пояснительную записку (документ) | S78: URL-ссылку на пояснительную записку (документ) необходимо указывать только в случае, если срок представления отчёта за период истёк
E80: Образец пояснительной записки (документа) можно скачать по ссылке | H80: =HYPERLINK("https://eias.ru/files/46ee.stx.eias.justification.rtf","Загрузить") -> Загрузить
H85: ="Статистика предоставления отчётов за "&IF(YEAR="","(год не выбран)",YEAR&" год") -> Статистика предоставления отчётов за 2026 год
E86: Январь | F86: Дата отчёта | H86: 25.02.2026 15:12:36
F87: Статус отчёта | H87: Принят
E88: Февраль | F88: Дата отчёта | H88: 23.03.2026 08:39:14
F89: Статус отчёта | H89: Принят
E90: Март | F90: Дата отчёта | H90: 21.04.2026 13:00:58
F91: Статус отчёта | H91: Принят
E92: Апрель | F92: Дата отчёта | H92: 25.05.2026 14:26:09
F93: Статус отчёта | H93: Принят
E94: Май | F94: Дата отчёта | H94: 25.06.2026 13:55:52
F95: Статус отчёта | H95: Принят
E96: Июнь | F96: Дата отчёта
F97: Статус отчёта
E98: Июль | F98: Дата отчёта
F99: Статус отчёта
E100: Август | F100: Дата отчёта
F101: Статус отчёта
E102: Сентябрь | F102: Дата отчёта
F103: Статус отчёта
E104: Октябрь | F104: Дата отчёта
F105: Статус отчёта
E106: Ноябрь | F106: Дата отчёта
F107: Статус отчёта
E108: Декабрь | F108: Дата отчёта
F109: Статус отчёта

Sheet 1
F1: 1PC | G1: 1PC | H1: 1PC | I1: 1PC | J1: 1PC | K1: 1PC | L1: 1PC | M1: 1PC | N1: 1PC | O1: 1PC | P1: 1PC | Q1: 1PC | R1: 1PC | S1: 1PC | T1: 2PC | U1: 2PC | V1: 2PC | W1: 2PC | X1: 2PC | Y1: 2PC | Z1: 2PC | AA1: 2PC | AB1: 2PC | AC1: 2PC | AD1: 2PC | AE1: 2PC | AF1: 2PC | AG1: 2PC | AH1: 35PC | AI1: 35PC | AJ1: 35PC | AK1: 35PC | AL1: 35PC | AM1: 35PC | AN1: 35PC | AO1: 35PC | AP1: 35PC | AQ1: 35PC | AR1: 35PC | AS1: 35PC | AT1: 35PC | AU1: 35PC | AV1: 35PC | AW1: 35PC | AX1: 35PC | AY1: 35PC | AZ1: 35PC | BA1: 35PC | BB1: 35PC | BC1: 35PC | BD1: 35PC | BE1: 35PC | BF1: 35PC | BG1: 35PC | BH1: 35PC | BI1: 35PC | BJ1: 46PC | BK1: 46PC | BL1: 46PC | BM1: 46PC | BN1: 46PC | BO1: 46PC | BP1: 46PC | BQ1: 46PC | BR1: 46PC | BS1: 46PC | BT1: 46PC | BU1: 46PC | BV1: 46PC | BW1: 46PC | BX1: 46PC | BY1: 46PC | BZ1: 46PC | CA1: 46PC | CB1: 46PC | CC1: 46PC | CD1: 46PC | CE1: 46PC | CF1: 46PC | CG1: 46PC | CH1: 46PC | CI1: 46PC | CJ1: 46PC | CK1: 46PC | CL1: 46PC | CM1: 46PC | CN1: 46PC | CO1: 46PC | CP1: 46PC | CQ1: 46PC | CR1: 46PC | CS1: 46PC | CT1: 46PC | CU1: 46PC | CV1: 46PC | CW1: 46PC | CX1: 46PC | CY1: 46PC
F2: TTL | G2: HV | H2: AV1 | I2: AV2 | J2: LV | K2: FSK | L2: GV | M2: TTL | N2: HV | O2: AV1 | P2: AV2 | Q2: LV | R2: FSK | S2: GV | T2: TTL | U2: HV | V2: AV1 | W2: AV2 | X2: LV | Y2: FSK | Z2: GV | AA2: TTL | AB2: HV | AC2: AV1 | AD2: AV2 | AE2: LV | AF2: FSK | AG2: GV | AH2: TTL | AI2: HV | AJ2: AV1 | AK2: AV2 | AL2: LV | AM2: FSK | AN2: GV | AO2: TTL | AP2: HV | AQ2: AV1 | AR2: AV2 | AS2: LV | AT2: FSK | AU2: GV | AV2: TTL | AW2: HV | AX2: AV1 | AY2: AV2 | AZ2: LV | BA2: FSK | BB2: GV | BC2: TTL | BD2: HV | BE2: AV1 | BF2: AV2 | BG2: LV | BH2: FSK | BI2: GV | BJ2: TTL | BK2: HV | BL2: AV1 | BM2: AV2 | BN2: LV | BO2: FSK | BP2: GV | BQ2: TTL | BR2: HV | BS2: AV1 | BT2: AV2 | BU2: LV | BV2: FSK | BW2: GV | BX2: TTL | BY2: HV | BZ2: AV1 | CA2: AV2 | CB2: LV | CC2: FSK | CD2: GV | CE2: TTL | CF2: HV | CG2: AV1 | CH2: AV2 | CI2: LV | CJ2: FSK | CK2: GV | CL2: TTL | CM2: HV | CN2: AV1 | CO2: AV2 | CP2: LV | CQ2: FSK | CR2: GV | CS2: TTL | CT2: HV | CU2: AV1 | CV2: AV2 | CW2: LV | CX2: FSK | CY2: GV
F3: enrVlm1pcTtl | G3: enrVlm1pcHv | H3: enrVlm1pcAv1 | I3: enrVlm1pcAv2 | J3: enrVlm1pcLv | K3: enrVlm1pcFsk | L3: enrVlm1pcGv | M3: enrCost1pcTtl | N3: enrCost1pcHv | O3: enrCost1pcAv1 | P3: enrCost1pcAv2 | Q3: enrCost1pcLv | R3: enrCost1pcFsk | S3: enrCost1pcGv | T3: enrVlm2pcTtl | U3: enrVlm2pcHv | V3: enrVlm2pcAv1 | W3: enrVlm2pcAv2 | X3: enrVlm2pcLv | Y3: enrVlm2pcFsk | Z3: enrVlm2pcGv | AA3: enrCost2pcTtl | AB3: enrCost2pcHv | AC3: enrCost2pcAv1 | AD3: enrCost2pcAv2 | AE3: enrCost2pcLv | AF3: enrCost2pcFsk | AG3: enrCost2pcGv | AH3: enrVlm35pcTtl | AI3: enrVlm35pcHv | AJ3: enrVlm35pcAv1 | AK3: enrVlm35pcAv2 | AL3: enrVlm35pcLv | AM3: enrVlm35pcFsk | AN3: enrVlm35pcGv | AO3: enrCost35pcTtl | AP3: enrCost35pcHv | AQ3: enrCost35pcAv1 | AR3: enrCost35pcAv2 | AS3: enrCost35pcLv | AT3: enrCost35pcFsk | AU3: enrCost35pcGv | AV3: pwrVlm35pcTtl | AW3: pwrVlm35pcHv | AX3: pwrVlm35pcAv1 | AY3: pwrVlm35pcAv2 | AZ3: pwrVlm35pcLv | BA3: pwrVlm35pcFsk | BB3: pwrVlm35pcGv | BC3: pwrCost35pcTtl | BD3: pwrCost35pcHv | BE3: pwrCost35pcAv1 | BF3: pwrCost35pcAv2 | BG3: pwrCost35pcLv | BH3: pwrCost35pcFsk | BI3: pwrCost35pcGv | BJ3: enrVlm46pcTtl | BK3: enrVlm46pcHv | BL3: enrVlm46pcAv1 | BM3: enrVlm46pcAv2 | BN3: enrVlm46pcLv | BO3: enrVlm46pcFsk | BP3: enrVlm46pcGv | BQ3: enrCost46pcTtl | BR3: enrCost46pcHv | BS3: enrCost46pcAv1 | BT3: enrCost46pcAv2 | BU3: enrCost46pcLv | BV3: enrCost46pcFsk | BW3: enrCost46pcGv | BX3: pwrVlm46pcTtl | BY3: pwrVlm46pcHv | BZ3: pwrVlm46pcAv1 | CA3: pwrVlm46pcAv2 | CB3: pwrVlm46pcLv | CC3: pwrVlm46pcFsk | CD3: pwrVlm46pcGv | CE3: pwrCost46pcTtl | CF3: pwrCost46pcHv | CG3: pwrCost46pcAv1 | CH3: pwrCost46pcAv2 | CI3: pwrCost46pcLv | CJ3: pwrCost46pcFsk | CK3: pwrCost46pcGv | CL3: pwrTrVlm46pcTtl | CM3: pwrTrVlm46pcHv | CN3: pwrTrVlm46pcAv1 | CO3: pwrTrVlm46pcAv2 | CP3: pwrTrVlm46pcLv | CQ3: pwrTrVlm46pcFsk | CR3: pwrTrVlm46pcGv | CS3: pwrTrCost46pcTtl | CT3: pwrTrCost46pcHv | CU3: pwrTrCost46pcAv1 | CV3: pwrTrCost46pcAv2 | CW3: pwrTrCost46pcLv | CX3: pwrTrCost46pcFsk | CY3: pwrTrCost46pcGv
D8: Раздел I. Полезный отпуск электроэнергии и мощности, реализуемой по нерегулируемым ценам в ценовых зонах оптового рынка и по регулируемым ценам (тарифа) в неценовых зонах ОРЭ
D9: А. Полезный отпуск электроэнергии и мощности, реализуемой по нерегулируемым (в ценовых зонах ОРЭ) и по регулируемым (в неценовых зонах ОРЭ) ценам по договорам энергоснабжения
D10: ООО "Нижневартовская энергосбытовая компания" | CY10: Коды по ОКЕИ: 1000 киловатт-часов – 245, мегаватт – 215, тысяча рублей – 384
D11: * Постановление Правительства Российской Федерации от 26 ноября 2021 г. №2062 | M11: без НДС | AA11: без НДС | AO11: без НДС | BC11: без НДС | BQ11: без НДС | CE11: без НДС | CS11: без НДС
D12: Потребители | E12: Код строки | F12: 1 ценовая категория | T12: 2 ценовая категория | AH12: 3 и 5 ценовые категории | AV12: 3 и 5 ценовые категории | BJ12: 4 и 6 ценовые категории | BX12: 4 и 6 ценовые категории | CL12: 4 и 6 ценовые категории
F13: Объём электрической энергии (мощности) потребителей за отчётный месяц (год) | M13: Стоимость электрической энергии (мощности) потребителей за отчётный месяц (год) | T13: Объём электрической энергии (мощности) потребителей за отчётный месяц (год) | AA13: Стоимость электрической энергии (мощности) потребителей за отчётный месяц (год) | AH13: Объём электрической энергии потребителей за отчётный месяц (год) | AO13: Стоимость электрической энергии потребителей за отчётный месяц (год) | AV13: Объём электрической мощности за отчётный месяц (год) | BC13: Стоимость электрической мощности за отчётный месяц (год) | BJ13: Объём электрической энергии потребителей за отчётный месяц (год) | BQ13: Стоимость электрической энергии потребителей за отчётный месяц (год) | BX13: Объём электрической мощности за отчётный месяц (год) | CE13: Стоимость электрической мощности за отчётный месяц (год) | CL13: Объём мощности услуг по передаче электроэнергии потребителей за отчётный месяц (год) | CS13: Стоимость мощности услуг по передаче электроэнергии потребителей за отчётный месяц (год)
F14: всего | G14: в том числе: | M14: всего | N14: в том числе: | T14: всего | U14: в том числе: | AA14: всего | AB14: в том числе: | AH14: всего | AI14: в том числе: | AO14: всего | AP14: в том числе: | AV14: всего | AW14: в том числе: | BC14: всего | BD14: в том числе: | BJ14: всего | BK14: в том числе: | BQ14: всего | BR14: в том числе: | BX14: всего | BY14: в том числе: | CE14: всего | CF14: в том числе: | CL14: всего | CM14: в том числе: | CS14: всего | CT14: в том числе:
G15: ВН | H15: СН1 | I15: СН2 | J15: НН | K15: ФСК | L15: ГН | N15: ВН | O15: СН1 | P15: СН2 | Q15: НН | R15: ФСК | S15: ГН | U15: ВН | V15: СН1 | W15: СН2 | X15: НН | Y15: ФСК | Z15: ГН | AB15: ВН | AC15: СН1 | AD15: СН2 | AE15: НН | AF15: ФСК | AG15: ГН | AI15: ВН | AJ15: СН1 | AK15: СН2 | AL15: НН | AM15: ФСК | AN15: ГН | AP15: ВН | AQ15: СН1 | AR15: СН2 | AS15: НН | AT15: ФСК | AU15: ГН | AW15: ВН | AX15: СН1 | AY15: СН2 | AZ15: НН | BA15: ФСК | BB15: ГН | BD15: ВН | BE15: СН1 | BF15: СН2 | BG15: НН | BH15: ФСК | BI15: ГН | BK15: ВН | BL15: СН1 | BM15: СН2 | BN15: НН | BO15: ФСК | BP15: ГН | BR15: ВН | BS15: СН1 | BT15: СН2 | BU15: НН | BV15: ФСК | BW15: ГН | BY15: ВН | BZ15: СН1 | CA15: СН2 | CB15: НН | CC15: ФСК | CD15: ГН | CF15: ВН | CG15: СН1 | CH15: СН2 | CI15: НН | CJ15: ФСК | CK15: ГН | CM15: ВН | CN15: СН1 | CO15: СН2 | CP15: НН | CQ15: ФСК | CR15: ГН | CT15: ВН | CU15: СН1 | CV15: СН2 | CW15: НН | CX15: ФСК | CY15: ГН
F16: тыс.кВтч | G16: тыс.кВтч | H16: тыс.кВтч | I16: тыс.кВтч | J16: тыс.кВтч | K16: тыс.кВтч | L16: тыс.кВтч | M16: тыс.руб. | N16: тыс.руб. | O16: тыс.руб. | P16: тыс.руб. | Q16: тыс.руб. | R16: тыс.руб. | S16: тыс.руб. | T16: тыс.кВтч | U16: тыс.кВтч | V16: тыс.кВтч | W16: тыс.кВтч | X16: тыс.кВтч | Y16: тыс.кВтч | Z16: тыс.кВтч | AA16: тыс.руб. | AB16: тыс.руб. | AC16: тыс.руб. | AD16: тыс.руб. | AE16: тыс.руб. | AF16: тыс.руб. | AG16: тыс.руб. | AH16: тыс.кВтч | AI16: тыс.кВтч | AJ16: тыс.кВтч | AK16: тыс.кВтч | AL16: тыс.кВтч | AM16: тыс.кВтч | AN16: тыс.кВтч | AO16: тыс.руб. | AP16: тыс.руб. | AQ16: тыс.руб. | AR16: тыс.руб. | AS16: тыс.руб. | AT16: тыс.руб. | AU16: тыс.руб. | AV16: МВт | AW16: МВт | AX16: МВт | AY16: МВт | AZ16: МВт | BA16: МВт | BB16: МВт | BC16: тыс.руб. | BD16: тыс.руб. | BE16: тыс.руб. | BF16: тыс.руб. | BG16: тыс.руб. | BH16: тыс.руб. | BI16: тыс.руб. | BJ16: тыс.кВтч | BK16: тыс.кВтч | BL16: тыс.кВтч | BM16: тыс.кВтч | BN16: тыс.кВтч | BO16: тыс.кВтч | BP16: тыс.кВтч | BQ16: тыс.руб. | BR16: тыс.руб. | BS16: тыс.руб. | BT16: тыс.руб. | BU16: тыс.руб. | BV16: тыс.руб. | BW16: тыс.руб. | BX16: МВт | BY16: МВт | BZ16: МВт | CA16: МВт | CB16: МВт | CC16: МВт | CD16: МВт | CE16: тыс.руб. | CF16: тыс.руб. | CG16: тыс.руб. | CH16: тыс.руб. | CI16: тыс.руб. | CJ16: тыс.руб. | CK16: тыс.руб. | CL16: МВт | CM16: МВт | CN16: МВт | CO16: МВт | CP16: МВт | CQ16: МВт | CR16: МВт | CS16: тыс.руб. | CT16: тыс.руб. | CU16: тыс.руб. | CV16: тыс.руб. | CW16: тыс.руб. | CX16: тыс.руб. | CY16: тыс.руб.
D17: 1 | E17: 2 | F17: 3 | G17: 4 | H17: 5 | I17: 6 | J17: 7 | K17: 8 | L17: 9 | M17: 10 | N17: 11 | O17: 12 | P17: 13 | Q17: 14 | R17: 15 | S17: 16 | T17: 17 | U17: 18 | V17: 19 | W17: 20 | X17: 21 | Y17: 22 | Z17: 23 | AA17: 24 | AB17: 25 | AC17: 26 | AD17: 27 | AE17: 28 | AF17: 29 | AG17: 30 | AH17: 31 | AI17: 32 | AJ17: 33 | AK17: 34 | AL17: 35 | AM17: 36 | AN17: 37 | AO17: 38 | AP17: 39 | AQ17: 40 | AR17: 41 | AS17: 42 | AT17: 43 | AU17: 44 | AV17: 45 | AW17: 46 | AX17: 47 | AY17: 48 | AZ17: 49 | BA17: 50 | BB17: 51 | BC17: 52 | BD17: 53 | BE17: 54 | BF17: 55 | BG17: 56 | BH17: 57 | BI17: 58 | BJ17: 59 | BK17: 60 | BL17: 61 | BM17: 62 | BN17: 63 | BO17: 64 | BP17: 65 | BQ17: 66 | BR17: 67 | BS17: 68 | BT17: 69 | BU17: 70 | BV17: 71 | BW17: 72 | BX17: 73 | BY17: 74 | BZ17: 75 | CA17: 76 | CB17: 77 | CC17: 78 | CD17: 79 | CE17: 80 | CF17: 81 | CG17: 82 | CH17: 83 | CI17: 84 | CJ17: 85 | CK17: 86 | CL17: 87 | CM17: 88 | CN17: 89 | CO17: 90 | CP17: 91 | CQ17: 92 | CR17: 93 | CS17: 94 | CT17: 95 | CU17: 96 | CV17: 97 | CW17: 98 | CX17: 99 | CY17: 100
D18: Поставка электрической энергии гарантирующим поставщиком потребителям (покупателям), функционирующим в зоне деятельности данного ГП | E18: 100 | F18: =SUM(G18:L18) -> 12516.071 | G18: =SUM(G19,G37,G55) -> 0 | H18: =SUM(H19,H37,H55) -> 128.86325 | I18: =SUM(I19,I37,I55) -> 7297.9414 | J18: =SUM(J19,J37,J55) -> 5089.2661 | K18: =SUM(K19,K37,K55) -> 0 | L18: =SUM(L19,L37,L55) -> 0 | M18: =SUM(N18:S18) -> 112557.43 | N18: =SUM(N19,N37,N55) -> 0 | O18: =SUM(O19,O37,O55) -> 1109.6711 | P18: =SUM(P19,P37,P55) -> 64938.261 | Q18: =SUM(Q19,Q37,Q55) -> 46509.498 | R18: =SUM(R19,R37,R55) -> 0 | S18: =SUM(S19,S37,S55) -> 0 | T18: =SUM(U18:Z18) -> 319.3738 | U18: =SUM(U19,U37,U55) -> 0 | V18: =SUM(V19,V37,V55) -> 0 | W18: =SUM(W19,W37,W55) -> 315.75838 | X18: =SUM(X19,X37,X55) -> 3.615411 | Y18: =SUM(Y19,Y37,Y55) -> 0 | Z18: =SUM(Z19,Z37,Z55) -> 0 | AA18: =SUM(AB18:AG18) -> 2869.5725 | AB18: =SUM(AB19,AB37,AB55) -> 0 | AC18: =SUM(AC19,AC37,AC55) -> 0 | AD18: =SUM(AD19,AD37,AD55) -> 2836.4626 | AE18: =SUM(AE19,AE37,AE55) -> 33.10991 | AF18: =SUM(AF19,AF37,AF55) -> 0 | AG18: =SUM(AG19,AG37,AG55) -> 0 | AH18: =SUM(AI18:AN18) -> 3522.0731 | AI18: =SUM(AI19,AI37,AI55) -> 0 | AJ18: =SUM(AJ19,AJ37,AJ55) -> 2156.7365 | AK18: =SUM(AK19,AK37,AK55) -> 1343.1396 | AL18: =SUM(AL19,AL37,AL55) -> 22.19699 | AM18: =SUM(AM19,AM37,AM55) -> 0 | AN18: =SUM(AN19,AN37,AN55) -> 0 | AO18: =SUM(AP18:AU18) -> 24593.529 | AP18: =SUM(AP19,AP37,AP55) -> 0 | AQ18: =SUM(AQ19,AQ37,AQ55) -> 14700.112 | AR18: =SUM(AR19,AR37,AR55) -> 9729.7407 | AS18: =SUM(AS19,AS37,AS55) -> 163.67624 | AT18: =SUM(AT19,AT37,AT55) -> 0 | AU18: =SUM(AU19,AU37,AU55) -> 0 | AV18: =SUM(AW18:BB18) -> 5.169207 | AW18: =SUM(AW19,AW37,AW55) -> 0 | AX18: =SUM(AX19,AX37,AX55) -> 2.940342 | AY18: =SUM(AY19,AY37,AY55) -> 2.191685 | AZ18: =SUM(AZ19,AZ37,AZ55) -> 0.03718 | BA18: =SUM(BA19,BA37,BA55) -> 0 | BB18: =SUM(BB19,BB37,BB55) -> 0 | BC18: =SUM(BD18:BI18) -> 5951.3257 | BD18: =SUM(BD19,BD37,BD55) -> 0 | BE18: =SUM(BE19,BE37,BE55) -> 3385.2258 | BF18: =SUM(BF19,BF37,BF55) -> 2523.2945 | BG18: =SUM(BG19,BG37,BG55) -> 42.80546 | BH18: =SUM(BH19,BH37,BH55) -> 0 | BI18: =SUM(BI19,BI37,BI55) -> 0 | BJ18: =SUM(BK18:BP18) -> 4061.4463 | BK18: =SUM(BK19,BK37,BK55) -> 0 | BL18: =SUM(BL19,BL37,BL55) -> 0 | BM18: =SUM(BM19,BM37,BM55) -> 217.17771 | BN18: =SUM(BN19,BN37,BN55) -> 3844.2685 | BO18: =SUM(BO19,BO37,BO55) -> 0 | BP18: =SUM(BP19,BP37,BP55) -> 0 | BQ18: =SUM(BR18:BW18) -> 14701.4 | BR18: =SUM(BR19,BR37,BR55) -> 0 | BS18: =SUM(BS19,BS37,BS55) -> 0 | BT18: =SUM(BT19,BT37,BT55) -> 705.60098 | BU18: =SUM(BU19,BU37,BU55) -> 13995.799 | BV18: =SUM(BV19,BV37,BV55) -> 0 | BW18: =SUM(BW19,BW37,BW55) -> 0 | BX18: =SUM(BY18:CD18) -> 6.898006 | BY18: =SUM(BY19,BY37,BY55) -> 0 | BZ18: =SUM(BZ19,BZ37,BZ55) -> 0 | CA18: =SUM(CA19,CA37,CA55) -> 0.34006 | CB18: =SUM(CB19,CB37,CB55) -> 6.557946 | CC18: =SUM(CC19,CC37,CC55) -> 0 | CD18: =SUM(CD19,CD37,CD55) -> 0 | CE18: =SUM(CF18:CK18) -> 7941.698 | CF18: =SUM(CF19,CF37,CF55) -> 0 | CG18: =SUM(CG19,CG37,CG55) -> 0 | CH18: =SUM(CH19,CH37,CH55) -> 391.51225 | CI18: =SUM(CI19,CI37,CI55) -> 7550.1857 | CJ18: =SUM(CJ19,CJ37,CJ55) -> 0 | CK18: =SUM(CK19,CK37,CK55) -> 0 | CL18: =SUM(CM18:CR18) -> 7.489472 | CM18: =SUM(CM19,CM37,CM55) -> 0 | CN18: =SUM(CN19,CN37,CN55) -> 0 | CO18: =SUM(CO19,CO37,CO55) -> 0.376606 | CP18: =SUM(CP19,CP37,CP55) -> 7.112866 | CQ18: =SUM(CQ19,CQ37,CQ55) -> 0 | CR18: =SUM(CR19,CR37,CR55) -> 0 | CS18: =SUM(CT18:CY18) -> 8350.5455 | CT18: =SUM(CT19,CT37,CT55) -> 0 | CU18: =SUM(CU19,CU37,CU55) -> 0 | CV18: =SUM(CV19,CV37,CV55) -> 1054.1739 | CW18: =SUM(CW19,CW37,CW55) -> 7296.3716 | CX18: =SUM(CX19,CX37,CX55) -> 0 | CY18: =SUM(CY19,CY37,CY55) -> 0
D19: Потребители с максимальной мощностью принадлежащих им энергопринимающих устройств не менее 10 МВт | E19: 200 | F19: =SUM(G19:L19) -> 0 | G19: =SUM(G20,G30:G36) -> 0 | H19: =SUM(H20,H30:H36) -> 0 | I19: =SUM(I20,I30:I36) -> 0 | J19: =SUM(J20,J30:J36) -> 0 | K19: =SUM(K20,K30:K36) -> 0 | L19: =SUM(L20,L30:L36) -> 0 | M19: =SUM(N19:S19) -> 0 | N19: =SUM(N20,N30:N36) -> 0 | O19: =SUM(O20,O30:O36) -> 0 | P19: =SUM(P20,P30:P36) -> 0 | Q19: =SUM(Q20,Q30:Q36) -> 0 | R19: =SUM(R20,R30:R36) -> 0 | S19: =SUM(S20,S30:S36) -> 0 | T19: =SUM(U19:Z19) -> 0 | U19: =SUM(U20,U30:U36) -> 0 | V19: =SUM(V20,V30:V36) -> 0 | W19: =SUM(W20,W30:W36) -> 0 | X19: =SUM(X20,X30:X36) -> 0 | Y19: =SUM(Y20,Y30:Y36) -> 0 | Z19: =SUM(Z20,Z30:Z36) -> 0 | AA19: =SUM(AB19:AG19) -> 0 | AB19: =SUM(AB20,AB30:AB36) -> 0 | AC19: =SUM(AC20,AC30:AC36) -> 0 | AD19: =SUM(AD20,AD30:AD36) -> 0 | AE19: =SUM(AE20,AE30:AE36) -> 0 | AF19: =SUM(AF20,AF30:AF36) -> 0 | AG19: =SUM(AG20,AG30:AG36) -> 0 | AH19: =SUM(AI19:AN19) -> 0 | AI19: =SUM(AI20,AI30:AI36) -> 0 | AJ19: =SUM(AJ20,AJ30:AJ36) -> 0 | AK19: =SUM(AK20,AK30:AK36) -> 0 | AL19: =SUM(AL20,AL30:AL36) -> 0 | AM19: =SUM(AM20,AM30:AM36) -> 0 | AN19: =SUM(AN20,AN30:AN36) -> 0 | AO19: =SUM(AP19:AU19) -> 0 | AP19: =SUM(AP20,AP30:AP36) -> 0 | AQ19: =SUM(AQ20,AQ30:AQ36) -> 0 | AR19: =SUM(AR20,AR30:AR36) -> 0 | AS19: =SUM(AS20,AS30:AS36) -> 0 | AT19: =SUM(AT20,AT30:AT36) -> 0 | AU19: =SUM(AU20,AU30:AU36) -> 0 | AV19: =SUM(AW19:BB19) -> 0 | AW19: =SUM(AW20,AW30:AW36) -> 0 | AX19: =SUM(AX20,AX30:AX36) -> 0 | AY19: =SUM(AY20,AY30:AY36) -> 0 | AZ19: =SUM(AZ20,AZ30:AZ36) -> 0 | BA19: =SUM(BA20,BA30:BA36) -> 0 | BB19: =SUM(BB20,BB30:BB36) -> 0 | BC19: =SUM(BD19:BI19) -> 0 | BD19: =SUM(BD20,BD30:BD36) -> 0 | BE19: =SUM(BE20,BE30:BE36) -> 0 | BF19: =SUM(BF20,BF30:BF36) -> 0 | BG19: =SUM(BG20,BG30:BG36) -> 0 | BH19: =SUM(BH20,BH30:BH36) -> 0 | BI19: =SUM(BI20,BI30:BI36) -> 0 | BJ19: =SUM(BK19:BP19) -> 0 | BK19: =SUM(BK20,BK30:BK36) -> 0 | BL19: =SUM(BL20,BL30:BL36) -> 0 | BM19: =SUM(BM20,BM30:BM36) -> 0 | BN19: =SUM(BN20,BN30:BN36) -> 0 | BO19: =SUM(BO20,BO30:BO36) -> 0 | BP19: =SUM(BP20,BP30:BP36) -> 0 | BQ19: =SUM(BR19:BW19) -> 0 | BR19: =SUM(BR20,BR30:BR36) -> 0 | BS19: =SUM(BS20,BS30:BS36) -> 0 | BT19: =SUM(BT20,BT30:BT36) -> 0 | BU19: =SUM(BU20,BU30:BU36) -> 0 | BV19: =SUM(BV20,BV30:BV36) -> 0 | BW19: =SUM(BW20,BW30:BW36) -> 0 | BX19: =SUM(BY19:CD19) -> 0 | BY19: =SUM(BY20,BY30:BY36) -> 0 | BZ19: =SUM(BZ20,BZ30:BZ36) -> 0 | CA19: =SUM(CA20,CA30:CA36) -> 0 | CB19: =SUM(CB20,CB30:CB36) -> 0 | CC19: =SUM(CC20,CC30:CC36) -> 0 | CD19: =SUM(CD20,CD30:CD36) -> 0 | CE19: =SUM(CF19:CK19) -> 0 | CF19: =SUM(CF20,CF30:CF36) -> 0 | CG19: =SUM(CG20,CG30:CG36) -> 0 | CH19: =SUM(CH20,CH30:CH36) -> 0 | CI19: =SUM(CI20,CI30:CI36) -> 0 | CJ19: =SUM(CJ20,CJ30:CJ36) -> 0 | CK19: =SUM(CK20,CK30:CK36) -> 0 | CL19: =SUM(CM19:CR19) -> 0 | CM19: =SUM(CM20,CM30:CM36) -> 0 | CN19: =SUM(CN20,CN30:CN36) -> 0 | CO19: =SUM(CO20,CO30:CO36) -> 0 | CP19: =SUM(CP20,CP30:CP36) -> 0 | CQ19: =SUM(CQ20,CQ30:CQ36) -> 0 | CR19: =SUM(CR20,CR30:CR36) -> 0 | CS19: =SUM(CT19:CY19) -> 0 | CT19: =SUM(CT20,CT30:CT36) -> 0 | CU19: =SUM(CU20,CU30:CU36) -> 0 | CV19: =SUM(CV20,CV30:CV36) -> 0 | CW19: =SUM(CW20,CW30:CW36) -> 0 | CX19: =SUM(CX20,CX30:CX36) -> 0 | CY19: =SUM(CY20,CY30:CY36) -> 0
D20: Потребители электрической энергии (мощности) на территории Дальневосточного федерального округа, в отношении которых осуществляется доведение цен (тарифов) на электрическую энергию (мощность) до базовых уровней цен (тарифов) на электрическую энергию (мощность) | E20: 210 | F20: =SUM(G20:L20) -> 0 | G20: =SUM(G21:G29) -> 0 | H20: =SUM(H21:H29) -> 0 | I20: =SUM(I21:I29) -> 0 | J20: =SUM(J21:J29) -> 0 | K20: =SUM(K21:K29) -> 0 | L20: =SUM(L21:L29) -> 0 | M20: =SUM(N20:S20) -> 0 | N20: =SUM(N21:N29) -> 0 | O20: =SUM(O21:O29) -> 0 | P20: =SUM(P21:P29) -> 0 | Q20: =SUM(Q21:Q29) -> 0 | R20: =SUM(R21:R29) -> 0 | S20: =SUM(S21:S29) -> 0 | T20: =SUM(U20:Z20) -> 0 | U20: =SUM(U21:U29) -> 0 | V20: =SUM(V21:V29) -> 0 | W20: =SUM(W21:W29) -> 0 | X20: =SUM(X21:X29) -> 0 | Y20: =SUM(Y21:Y29) -> 0 | Z20: =SUM(Z21:Z29) -> 0 | AA20: =SUM(AB20:AG20) -> 0 | AB20: =SUM(AB21:AB29) -> 0 | AC20: =SUM(AC21:AC29) -> 0 | AD20: =SUM(AD21:AD29) -> 0 | AE20: =SUM(AE21:AE29) -> 0 | AF20: =SUM(AF21:AF29) -> 0 | AG20: =SUM(AG21:AG29) -> 0 | AH20: =SUM(AI20:AN20) -> 0 | AI20: =SUM(AI21:AI29) -> 0 | AJ20: =SUM(AJ21:AJ29) -> 0 | AK20: =SUM(AK21:AK29) -> 0 | AL20: =SUM(AL21:AL29) -> 0 | AM20: =SUM(AM21:AM29) -> 0 | AN20: =SUM(AN21:AN29) -> 0 | AO20: =SUM(AP20:AU20) -> 0 | AP20: =SUM(AP21:AP29) -> 0 | AQ20: =SUM(AQ21:AQ29) -> 0 | AR20: =SUM(AR21:AR29) -> 0 | AS20: =SUM(AS21:AS29) -> 0 | AT20: =SUM(AT21:AT29) -> 0 | AU20: =SUM(AU21:AU29) -> 0 | AV20: =SUM(AW20:BB20) -> 0 | AW20: =SUM(AW21:AW29) -> 0 | AX20: =SUM(AX21:AX29) -> 0 | AY20: =SUM(AY21:AY29) -> 0 | AZ20: =SUM(AZ21:AZ29) -> 0 | BA20: =SUM(BA21:BA29) -> 0 | BB20: =SUM(BB21:BB29) -> 0 | BC20: =SUM(BD20:BI20) -> 0 | BD20: =SUM(BD21:BD29) -> 0 | BE20: =SUM(BE21:BE29) -> 0 | BF20: =SUM(BF21:BF29) -> 0 | BG20: =SUM(BG21:BG29) -> 0 | BH20: =SUM(BH21:BH29) -> 0 | BI20: =SUM(BI21:BI29) -> 0 | BJ20: =SUM(BK20:BP20) -> 0 | BK20: =SUM(BK21:BK29) -> 0 | BL20: =SUM(BL21:BL29) -> 0 | BM20: =SUM(BM21:BM29) -> 0 | BN20: =SUM(BN21:BN29) -> 0 | BO20: =SUM(BO21:BO29) -> 0 | BP20: =SUM(BP21:BP29) -> 0 | BQ20: =SUM(BR20:BW20) -> 0 | BR20: =SUM(BR21:BR29) -> 0 | BS20: =SUM(BS21:BS29) -> 0 | BT20: =SUM(BT21:BT29) -> 0 | BU20: =SUM(BU21:BU29) -> 0 | BV20: =SUM(BV21:BV29) -> 0 | BW20: =SUM(BW21:BW29) -> 0 | BX20: =SUM(BY20:CD20) -> 0 | BY20: =SUM(BY21:BY29) -> 0 | BZ20: =SUM(BZ21:BZ29) -> 0 | CA20: =SUM(CA21:CA29) -> 0 | CB20: =SUM(CB21:CB29) -> 0 | CC20: =SUM(CC21:CC29) -> 0 | CD20: =SUM(CD21:CD29) -> 0 | CE20: =SUM(CF20:CK20) -> 0 | CF20: =SUM(CF21:CF29) -> 0 | CG20: =SUM(CG21:CG29) -> 0 | CH20: =SUM(CH21:CH29) -> 0 | CI20: =SUM(CI21:CI29) -> 0 | CJ20: =SUM(CJ21:CJ29) -> 0 | CK20: =SUM(CK21:CK29) -> 0 | CL20: =SUM(CM20:CR20) -> 0 | CM20: =SUM(CM21:CM29) -> 0 | CN20: =SUM(CN21:CN29) -> 0 | CO20: =SUM(CO21:CO29) -> 0 | CP20: =SUM(CP21:CP29) -> 0 | CQ20: =SUM(CQ21:CQ29) -> 0 | CR20: =SUM(CR21:CR29) -> 0 | CS20: =SUM(CT20:CY20) -> 0 | CT20: =SUM(CT21:CT29) -> 0 | CU20: =SUM(CU21:CU29) -> 0 | CV20: =SUM(CV21:CV29) -> 0 | CW20: =SUM(CW21:CW29) -> 0 | CX20: =SUM(CX21:CX29) -> 0 | CY20: =SUM(CY21:CY29) -> 0
D21: Потребители, указанные в пункте 1 критериев, утверждённых Постановлением * | E21: 211 | F21: =SUM(G21:L21) -> 0 | M21: =SUM(N21:S21) -> 0 | T21: =SUM(U21:Z21) -> 0 | AA21: =SUM(AB21:AG21) -> 0 | AH21: =SUM(AI21:AN21) -> 0 | AO21: =SUM(AP21:AU21) -> 0 | AV21: =SUM(AW21:BB21) -> 0 | BC21: =SUM(BD21:BI21) -> 0 | BJ21: =SUM(BK21:BP21) -> 0 | BQ21: =SUM(BR21:BW21) -> 0 | BX21: =SUM(BY21:CD21) -> 0 | CE21: =SUM(CF21:CK21) -> 0 | CL21: =SUM(CM21:CR21) -> 0 | CS21: =SUM(CT21:CY21) -> 0
D22: Потребители, указанные в пункте 2 критериев, утверждённых Постановлением * | E22: 212 | F22: =SUM(G22:L22) -> 0 | M22: =SUM(N22:S22) -> 0 | T22: =SUM(U22:Z22) -> 0 | AA22: =SUM(AB22:AG22) -> 0 | AH22: =SUM(AI22:AN22) -> 0 | AO22: =SUM(AP22:AU22) -> 0 | AV22: =SUM(AW22:BB22) -> 0 | BC22: =SUM(BD22:BI22) -> 0 | BJ22: =SUM(BK22:BP22) -> 0 | BQ22: =SUM(BR22:BW22) -> 0 | BX22: =SUM(BY22:CD22) -> 0 | CE22: =SUM(CF22:CK22) -> 0 | CL22: =SUM(CM22:CR22) -> 0 | CS22: =SUM(CT22:CY22) -> 0
D23: Потребители, указанные в пункте 3 критериев, утверждённых Постановлением * | E23: 213 | F23: =SUM(G23:L23) -> 0 | M23: =SUM(N23:S23) -> 0 | T23: =SUM(U23:Z23) -> 0 | AA23: =SUM(AB23:AG23) -> 0 | AH23: =SUM(AI23:AN23) -> 0 | AO23: =SUM(AP23:AU23) -> 0 | AV23: =SUM(AW23:BB23) -> 0 | BC23: =SUM(BD23:BI23) -> 0 | BJ23: =SUM(BK23:BP23) -> 0 | BQ23: =SUM(BR23:BW23) -> 0 | BX23: =SUM(BY23:CD23) -> 0 | CE23: =SUM(CF23:CK23) -> 0 | CL23: =SUM(CM23:CR23) -> 0 | CS23: =SUM(CT23:CY23) -> 0
D24: Потребители, указанные в пункте 4 критериев, утверждённых Постановлением * | E24: 214 | F24: =SUM(G24:L24) -> 0 | M24: =SUM(N24:S24) -> 0 | T24: =SUM(U24:Z24) -> 0 | AA24: =SUM(AB24:AG24) -> 0 | AH24: =SUM(AI24:AN24) -> 0 | AO24: =SUM(AP24:AU24) -> 0 | AV24: =SUM(AW24:BB24) -> 0 | BC24: =SUM(BD24:BI24) -> 0 | BJ24: =SUM(BK24:BP24) -> 0 | BQ24: =SUM(BR24:BW24) -> 0 | BX24: =SUM(BY24:CD24) -> 0 | CE24: =SUM(CF24:CK24) -> 0 | CL24: =SUM(CM24:CR24) -> 0 | CS24: =SUM(CT24:CY24) -> 0
D25: Потребители, указанные в пункте 5 критериев, утверждённых Постановлением * | E25: 215 | F25: =SUM(G25:L25) -> 0 | M25: =SUM(N25:S25) -> 0 | T25: =SUM(U25:Z25) -> 0 | AA25: =SUM(AB25:AG25) -> 0 | AH25: =SUM(AI25:AN25) -> 0 | AO25: =SUM(AP25:AU25) -> 0 | AV25: =SUM(AW25:BB25) -> 0 | BC25: =SUM(BD25:BI25) -> 0 | BJ25: =SUM(BK25:BP25) -> 0 | BQ25: =SUM(BR25:BW25) -> 0 | BX25: =SUM(BY25:CD25) -> 0 | CE25: =SUM(CF25:CK25) -> 0 | CL25: =SUM(CM25:CR25) -> 0 | CS25: =SUM(CT25:CY25) -> 0
D26: Потребители, указанные в пункте 6 критериев, утверждённых Постановлением * | E26: 216 | F26: =SUM(G26:L26) -> 0 | M26: =SUM(N26:S26) -> 0 | T26: =SUM(U26:Z26) -> 0 | AA26: =SUM(AB26:AG26) -> 0 | AH26: =SUM(AI26:AN26) -> 0 | AO26: =SUM(AP26:AU26) -> 0 | AV26: =SUM(AW26:BB26) -> 0 | BC26: =SUM(BD26:BI26) -> 0 | BJ26: =SUM(BK26:BP26) -> 0 | BQ26: =SUM(BR26:BW26) -> 0 | BX26: =SUM(BY26:CD26) -> 0 | CE26: =SUM(CF26:CK26) -> 0 | CL26: =SUM(CM26:CR26) -> 0 | CS26: =SUM(CT26:CY26) -> 0
D27: Потребители, указанные в пункте 7 критериев, утверждённых Постановлением * | E27: 217 | F27: =SUM(G27:L27) -> 0 | M27: =SUM(N27:S27) -> 0 | T27: =SUM(U27:Z27) -> 0 | AA27: =SUM(AB27:AG27) -> 0 | AH27: =SUM(AI27:AN27) -> 0 | AO27: =SUM(AP27:AU27) -> 0 | AV27: =SUM(AW27:BB27) -> 0 | BC27: =SUM(BD27:BI27) -> 0 | BJ27: =SUM(BK27:BP27) -> 0 | BQ27: =SUM(BR27:BW27) -> 0 | BX27: =SUM(BY27:CD27) -> 0 | CE27: =SUM(CF27:CK27) -> 0 | CL27: =SUM(CM27:CR27) -> 0 | CS27: =SUM(CT27:CY27) -> 0
D28: Потребители, указанные в пункте 8 критериев, утверждённых Постановлением * | E28: 218 | F28: =SUM(G28:L28) -> 0 | M28: =SUM(N28:S28) -> 0 | T28: =SUM(U28:Z28) -> 0 | AA28: =SUM(AB28:AG28) -> 0 | AH28: =SUM(AI28:AN28) -> 0 | AO28: =SUM(AP28:AU28) -> 0 | AV28: =SUM(AW28:BB28) -> 0 | BC28: =SUM(BD28:BI28) -> 0 | BJ28: =SUM(BK28:BP28) -> 0 | BQ28: =SUM(BR28:BW28) -> 0 | BX28: =SUM(BY28:CD28) -> 0 | CE28: =SUM(CF28:CK28) -> 0 | CL28: =SUM(CM28:CR28) -> 0 | CS28: =SUM(CT28:CY28) -> 0
D29: Потребители, указанные в пункте 9 критериев, утверждённых Постановлением * | E29: 219 | F29: =SUM(G29:L29) -> 0 | M29: =SUM(N29:S29) -> 0 | T29: =SUM(U29:Z29) -> 0 | AA29: =SUM(AB29:AG29) -> 0 | AH29: =SUM(AI29:AN29) -> 0 | AO29: =SUM(AP29:AU29) -> 0 | AV29: =SUM(AW29:BB29) -> 0 | BC29: =SUM(BD29:BI29) -> 0 | BJ29: =SUM(BK29:BP29) -> 0 | BQ29: =SUM(BR29:BW29) -> 0 | BX29: =SUM(BY29:CD29) -> 0 | CE29: =SUM(CF29:CK29) -> 0 | CL29: =SUM(CM29:CR29) -> 0 | CS29: =SUM(CT29:CY29) -> 0
D30: Промышленные и приравненные к ним потребители | E30: 220 | F30: =SUM(G30:L30) -> 0 | M30: =SUM(N30:S30) -> 0 | T30: =SUM(U30:Z30) -> 0 | AA30: =SUM(AB30:AG30) -> 0 | AH30: =SUM(AI30:AN30) -> 0 | AO30: =SUM(AP30:AU30) -> 0 | AV30: =SUM(AW30:BB30) -> 0 | BC30: =SUM(BD30:BI30) -> 0 | BJ30: =SUM(BK30:BP30) -> 0 | BQ30: =SUM(BR30:BW30) -> 0 | BX30: =SUM(BY30:CD30) -> 0 | CE30: =SUM(CF30:CK30) -> 0 | CL30: =SUM(CM30:CR30) -> 0 | CS30: =SUM(CT30:CY30) -> 0
D31: Электрифицированный железнодорожный транспорт | E31: 230 | F31: =SUM(G31:L31) -> 0 | M31: =SUM(N31:S31) -> 0 | T31: =SUM(U31:Z31) -> 0 | AA31: =SUM(AB31:AG31) -> 0 | AH31: =SUM(AI31:AN31) -> 0 | AO31: =SUM(AP31:AU31) -> 0 | AV31: =SUM(AW31:BB31) -> 0 | BC31: =SUM(BD31:BI31) -> 0 | BJ31: =SUM(BK31:BP31) -> 0 | BQ31: =SUM(BR31:BW31) -> 0 | BX31: =SUM(BY31:CD31) -> 0 | CE31: =SUM(CF31:CK31) -> 0 | CL31: =SUM(CM31:CR31) -> 0 | CS31: =SUM(CT31:CY31) -> 0
D32: Электрифицированный городской транспорт | E32: 240 | F32: =SUM(G32:L32) -> 0 | M32: =SUM(N32:S32) -> 0 | T32: =SUM(U32:Z32) -> 0 | AA32: =SUM(AB32:AG32) -> 0 | AH32: =SUM(AI32:AN32) -> 0 | AO32: =SUM(AP32:AU32) -> 0 | AV32: =SUM(AW32:BB32) -> 0 | BC32: =SUM(BD32:BI32) -> 0 | BJ32: =SUM(BK32:BP32) -> 0 | BQ32: =SUM(BR32:BW32) -> 0 | BX32: =SUM(BY32:CD32) -> 0 | CE32: =SUM(CF32:CK32) -> 0 | CL32: =SUM(CM32:CR32) -> 0 | CS32: =SUM(CT32:CY32) -> 0
... D36: Иные потребители (покупатели) | E36: 280 | F36: =SUM(G36:L36) -> 0 | M36: =SUM(N36:S36) -> 0 | T36: =SUM(U36:Z36) -> 0 | AA36: =SUM(AB36:AG36) -> 0 | AH36: =SUM(AI36:AN36) -> 0 | AO36: =SUM(AP36:AU36) -> 0 | AV36: =SUM(AW36:BB36) -> 0 | BC36: =SUM(BD36:BI36) -> 0 | BJ36: =SUM(BK36:BP36) -> 0 | BQ36: =SUM(BR36:BW36) -> 0 | BX36: =SUM(BY36:CD36) -> 0 | CE36: =SUM(CF36:CK36) -> 0 | CL36: =SUM(CM36:CR36) -> 0 | CS36: =SUM(CT36:CY36) -> 0
D37: Потребители с максимальной мощностью принадлежащих им энергопринимающих устройств от 670 кВт до 10 МВт | E37: 300 | F37: =SUM(G37:L37) -> 0 | G37: =SUM(G38,G48:G54) -> 0 | H37: =SUM(H38,H48:H54) -> 0 | I37: =SUM(I38,I48:I54) -> 0 | J37: =SUM(J38,J48:J54) -> 0 | K37: =SUM(K38,K48:K54) -> 0 | L37: =SUM(L38,L48:L54) -> 0 | M37: =SUM(N37:S37) -> 0 | N37: =SUM(N38,N48:N54) -> 0 | O37: =SUM(O38,O48:O54) -> 0 | P37: =SUM(P38,P48:P54) -> 0 | Q37: =SUM(Q38,Q48:Q54) -> 0 | R37: =SUM(R38,R48:R54) -> 0 | S37: =SUM(S38,S48:S54) -> 0 | T37: =SUM(U37:Z37) -> 0 | U37: =SUM(U38,U48:U54) -> 0 | V37: =SUM(V38,V48:V54) -> 0 | W37: =SUM(W38,W48:W54) -> 0 | X37: =SUM(X38,X48:X54) -> 0 | Y37: =SUM(Y38,Y48:Y54) -> 0 | Z37: =SUM(Z38,Z48:Z54) -> 0 | AA37: =SUM(AB37:AG37) -> 0 | AB37: =SUM(AB38,AB48:AB54) -> 0 | AC37: =SUM(AC38,AC48:AC54) -> 0 | AD37: =SUM(AD38,AD48:AD54) -> 0 | AE37: =SUM(AE38,AE48:AE54) -> 0 | AF37: =SUM(AF38,AF48:AF54) -> 0 | AG37: =SUM(AG38,AG48:AG54) -> 0 | AH37: =SUM(AI37:AN37) -> 3207.9546 | AI37: =SUM(AI38,AI48:AI54) -> 0 | AJ37: =SUM(AJ38,AJ48:AJ54) -> 2156.7365 | AK37: =SUM(AK38,AK48:AK54) -> 1029.0211 | AL37: =SUM(AL38,AL48:AL54) -> 22.19699 | AM37: =SUM(AM38,AM48:AM54) -> 0 | AN37: =SUM(AN38,AN48:AN54) -> 0 | AO37: =SUM(AP37:AU37) -> 22218.459 | AP37: =SUM(AP38,AP48:AP54) -> 0 | AQ37: =SUM(AQ38,AQ48:AQ54) -> 14700.112 | AR37: =SUM(AR38,AR48:AR54) -> 7354.6705 | AS37: =SUM(AS38,AS48:AS54) -> 163.67624 | AT37: =SUM(AT38,AT48:AT54) -> 0 | AU37: =SUM(AU38,AU48:AU54) -> 0 | AV37: =SUM(AW37:BB37) -> 4.675712 | AW37: =SUM(AW38,AW48:AW54) -> 0 | AX37: =SUM(AX38,AX48:AX54) -> 2.940342 | AY37: =SUM(AY38,AY48:AY54) -> 1.69819 | AZ37: =SUM(AZ38,AZ48:AZ54) -> 0.03718 | BA37: =SUM(BA38,BA48:BA54) -> 0 | BB37: =SUM(BB38,BB48:BB54) -> 0 | BC37: =SUM(BD37:BI37) -> 5383.1633 | BD37: =SUM(BD38,BD48:BD54) -> 0 | BE37: =SUM(BE38,BE48:BE54) -> 3385.2258 | BF37: =SUM(BF38,BF48:BF54) -> 1955.132 | BG37: =SUM(BG38,BG48:BG54) -> 42.80546 | BH37: =SUM(BH38,BH48:BH54) -> 0 | BI37: =SUM(BI38,BI48:BI54) -> 0 | BJ37: =SUM(BK37:BP37) -> 2869.2718 | BK37: =SUM(BK38,BK48:BK54) -> 0 | BL37: =SUM(BL38,BL48:BL54) -> 0 | BM37: =SUM(BM38,BM48:BM54) -> 141.723 | BN37: =SUM(BN38,BN48:BN54) -> 2727.5488 | BO37: =SUM(BO38,BO48:BO54) -> 0 | BP37: =SUM(BP38,BP48:BP54) -> 0 | BQ37: =SUM(BR37:BW37) -> 10055.312 | BR37: =SUM(BR38,BR48:BR54) -> 0 | BS37: =SUM(BS38,BS48:BS54) -> 0 | BT37: =SUM(BT38,BT48:BT54) -> 440.19006 | BU37: =SUM(BU38,BU48:BU54) -> 9615.1223 | BV37: =SUM(BV38,BV48:BV54) -> 0 | BW37: =SUM(BW38,BW48:BW54) -> 0 | BX37: =SUM(BY37:CD37) -> 5.056106 | BY37: =SUM(BY38,BY48:BY54) -> 0 | BZ37: =SUM(BZ38,BZ48:BZ54) -> 0 | CA37: =SUM(CA38,CA48:CA54) -> 0.236143 | CB37: =SUM(CB38,CB48:CB54) -> 4.819963 | CC37: =SUM(CC38,CC48:CC54) -> 0 | CD37: =SUM(CD38,CD48:CD54) -> 0 | CE37: =SUM(CF37:CK37) -> 5821.1122 | CF37: =SUM(CF38,CF48:CF54) -> 0 | CG37: =SUM(CG38,CG48:CG54) -> 0 | CH37: =SUM(CH38,CH48:CH54) -> 271.87225 | CI37: =SUM(CI38,CI48:CI54) -> 5549.2399 | CJ37: =SUM(CJ38,CJ48:CJ54) -> 0 | CK37: =SUM(CK38,CK48:CK54) -> 0 | CL37: =SUM(CM37:CR37) -> 5.353108 | CM37: =SUM(CM38,CM48:CM54) -> 0 | CN37: =SUM(CN38,CN48:CN54) -> 0 | CO37: =SUM(CO38,CO48:CO54) -> 0.269589 | CP37: =SUM(CP38,CP48:CP54) -> 5.083519 | CQ37: =SUM(CQ38,CQ48:CQ54) -> 0 | CR37: =SUM(CR38,CR48:CR54) -> 0 | CS37: =SUM(CT37:CY37) -> 5969.2873 | CT37: =SUM(CT38,CT48:CT54) -> 0 | CU37: =SUM(CU38,CU48:CU54) -> 0 | CV37: =SUM(CV38,CV48:CV54) -> 754.61807 | CW37: =SUM(CW38,CW48:CW54) -> 5214.6693 | CX37: =SUM(CX38,CX48:CX54) -> 0 | CY37: =SUM(CY38,CY48:CY54) -> 0
D38: Потребители электрической энергии (мощности) на территории Дальневосточного федерального округа, в отношении которых осуществляется доведение цен (тарифов) на электрическую энергию (мощность) до базовых уровней цен (тарифов) на электрическую энергию (мощность) | E38: 310 | F38: =SUM(G38:L38) -> 0 | G38: =SUM(G39:G47) -> 0 | H38: =SUM(H39:H47) -> 0 | I38: =SUM(I39:I47) -> 0 | J38: =SUM(J39:J47) -> 0 | K38: =SUM(K39:K47) -> 0 | L38: =SUM(L39:L47) -> 0 | M38: =SUM(N38:S38) -> 0 | N38: =SUM(N39:N47) -> 0 | O38: =SUM(O39:O47) -> 0 | P38: =SUM(P39:P47) -> 0 | Q38: =SUM(Q39:Q47) -> 0 | R38: =SUM(R39:R47) -> 0 | S38: =SUM(S39:S47) -> 0 | T38: =SUM(U38:Z38) -> 0 | U38: =SUM(U39:U47) -> 0 | V38: =SUM(V39:V47) -> 0 | W38: =SUM(W39:W47) -> 0 | X38: =SUM(X39:X47) -> 0 | Y38: =SUM(Y39:Y47) -> 0 | Z38: =SUM(Z39:Z47) -> 0 | AA38: =SUM(AB38:AG38) -> 0 | AB38: =SUM(AB39:AB47) -> 0 | AC38: =SUM(AC39:AC47) -> 0 | AD38: =SUM(AD39:AD47) -> 0 | AE38: =SUM(AE39:AE47) -> 0 | AF38: =SUM(AF39:AF47) -> 0 | AG38: =SUM(AG39:AG47) -> 0 | AH38: =SUM(AI38:AN38) -> 0 | AI38: =SUM(AI39:AI47) -> 0 | AJ38: =SUM(AJ39:AJ47) -> 0 | AK38: =SUM(AK39:AK47) -> 0 | AL38: =SUM(AL39:AL47) -> 0 | AM38: =SUM(AM39:AM47) -> 0 | AN38: =SUM(AN39:AN47) -> 0 | AO38: =SUM(AP38:AU38) -> 0 | AP38: =SUM(AP39:AP47) -> 0 | AQ38: =SUM(AQ39:AQ47) -> 0 | AR38: =SUM(AR39:AR47) -> 0 | AS38: =SUM(AS39:AS47) -> 0 | AT38: =SUM(AT39:AT47) -> 0 | AU38: =SUM(AU39:AU47) -> 0 | AV38: =SUM(AW38:BB38) -> 0 | AW38: =SUM(AW39:AW47) -> 0 | AX38: =SUM(AX39:AX47) -> 0 | AY38: =SUM(AY39:AY47) -> 0 | AZ38: =SUM(AZ39:AZ47) -> 0 | BA38: =SUM(BA39:BA47) -> 0 | BB38: =SUM(BB39:BB47) -> 0 | BC38: =SUM(BD38:BI38) -> 0 | BD38: =SUM(BD39:BD47) -> 0 | BE38: =SUM(BE39:BE47) -> 0 | BF38: =SUM(BF39:BF47) -> 0 | BG38: =SUM(BG39:BG47) -> 0 | BH38: =SUM(BH39:BH47) -> 0 | BI38: =SUM(BI39:BI47) -> 0 | BJ38: =SUM(BK38:BP38) -> 0 | BK38: =SUM(BK39:BK47) -> 0 | BL38: =SUM(BL39:BL47) -> 0 | BM38: =SUM(BM39:BM47) -> 0 | BN38: =SUM(BN39:BN47) -> 0 | BO38: =SUM(BO39:BO47) -> 0 | BP38: =SUM(BP39:BP47) -> 0 | BQ38: =SUM(BR38:BW38) -> 0 | BR38: =SUM(BR39:BR47) -> 0 | BS38: =SUM(BS39:BS47) -> 0 | BT38: =SUM(BT39:BT47) -> 0 | BU38: =SUM(BU39:BU47) -> 0 | BV38: =SUM(BV39:BV47) -> 0 | BW38: =SUM(BW39:BW47) -> 0 | BX38: =SUM(BY38:CD38) -> 0 | BY38: =SUM(BY39:BY47) -> 0 | BZ38: =SUM(BZ39:BZ47) -> 0 | CA38: =SUM(CA39:CA47) -> 0 | CB38: =SUM(CB39:CB47) -> 0 | CC38: =SUM(CC39:CC47) -> 0 | CD38: =SUM(CD39:CD47) -> 0 | CE38: =SUM(CF38:CK38) -> 0 | CF38: =SUM(CF39:CF47) -> 0 | CG38: =SUM(CG39:CG47) -> 0 | CH38: =SUM(CH39:CH47) -> 0 | CI38: =SUM(CI39:CI47) -> 0 | CJ38: =SUM(CJ39:CJ47) -> 0 | CK38: =SUM(CK39:CK47) -> 0 | CL38: =SUM(CM38:CR38) -> 0 | CM38: =SUM(CM39:CM47) -> 0 | CN38: =SUM(CN39:CN47) -> 0 | CO38: =SUM(CO39:CO47) -> 0 | CP38: =SUM(CP39:CP47) -> 0 | CQ38: =SUM(CQ39:CQ47) -> 0 | CR38: =SUM(CR39:CR47) -> 0 | CS38: =SUM(CT38:CY38) -> 0 | CT38: =SUM(CT39:CT47) -> 0 | CU38: =SUM(CU39:CU47) -> 0 | CV38: =SUM(CV39:CV47) -> 0 | CW38: =SUM(CW39:CW47) -> 0 | CX38: =SUM(CX39:CX47) -> 0 | CY38: =SUM(CY39:CY47) -> 0
D39: Потребители, указанные в пункте 1 критериев, утверждённых Постановлением * | E39: 311 | F39: =SUM(G39:L39) -> 0 | M39: =SUM(N39:S39) -> 0 | T39: =SUM(U39:Z39) -> 0 | AA39: =SUM(AB39:AG39) -> 0 | AH39: =SUM(AI39:AN39) -> 0 | AO39: =SUM(AP39:AU39) -> 0 | AV39: =SUM(AW39:BB39) -> 0 | BC39: =SUM(BD39:BI39) -> 0 | BJ39: =SUM(BK39:BP39) -> 0 | BQ39: =SUM(BR39:BW39) -> 0 | BX39: =SUM(BY39:CD39) -> 0 | CE39: =SUM(CF39:CK39) -> 0 | CL39: =SUM(CM39:CR39) -> 0 | CS39: =SUM(CT39:CY39) -> 0
D40: Потребители, указанные в пункте 2 критериев, утверждённых Постановлением * | E40: 312 | F40: =SUM(G40:L40) -> 0 | M40: =SUM(N40:S40) -> 0 | T40: =SUM(U40:Z40) -> 0 | AA40: =SUM(AB40:AG40) -> 0 | AH40: =SUM(AI40:AN40) -> 0 | AO40: =SUM(AP40:AU40) -> 0 | AV40: =SUM(AW40:BB40) -> 0 | BC40: =SUM(BD40:BI40) -> 0 | BJ40: =SUM(BK40:BP40) -> 0 | BQ40: =SUM(BR40:BW40) -> 0 | BX40: =SUM(BY40:CD40) -> 0 | CE40: =SUM(CF40:CK40) -> 0 | CL40: =SUM(CM40:CR40) -> 0 | CS40: =SUM(CT40:CY40) -> 0
D41: Потребители, указанные в пункте 3 критериев, утверждённых Постановлением * | E41: 313 | F41: =SUM(G41:L41) -> 0 | M41: =SUM(N41:S41) -> 0 | T41: =SUM(U41:Z41) -> 0 | AA41: =SUM(AB41:AG41) -> 0 | AH41: =SUM(AI41:AN41) -> 0 | AO41: =SUM(AP41:AU41) -> 0 | AV41: =SUM(AW41:BB41) -> 0 | BC41: =SUM(BD41:BI41) -> 0 | BJ41: =SUM(BK41:BP41) -> 0 | BQ41: =SUM(BR41:BW41) -> 0 | BX41: =SUM(BY41:CD41) -> 0 | CE41: =SUM(CF41:CK41) -> 0 | CL41: =SUM(CM41:CR41) -> 0 | CS41: =SUM(CT41:CY41) -> 0
D42: Потребители, указанные в пункте 4 критериев, утверждённых Постановлением * | E42: 314 | F42: =SUM(G42:L42) -> 0 | M42: =SUM(N42:S42) -> 0 | T42: =SUM(U42:Z42) -> 0 | AA42: =SUM(AB42:AG42) -> 0 | AH42: =SUM(AI42:AN42) -> 0 | AO42: =SUM(AP42:AU42) -> 0 | AV42: =SUM(AW42:BB42) -> 0 | BC42: =SUM(BD42:BI42) -> 0 | BJ42: =SUM(BK42:BP42) -> 0 | BQ42: =SUM(BR42:BW42) -> 0 | BX42: =SUM(BY42:CD42) -> 0 | CE42: =SUM(CF42:CK42) -> 0 | CL42: =SUM(CM42:CR42) -> 0 | CS42: =SUM(CT42:CY42) -> 0
D43: Потребители, указанные в пункте 5 критериев, утверждённых Постановлением * | E43: 315 | F43: =SUM(G43:L43) -> 0 | M43: =SUM(N43:S43) -> 0 | T43: =SUM(U43:Z43) -> 0 | AA43: =SUM(AB43:AG43) -> 0 | AH43: =SUM(AI43:AN43) -> 0 | AO43: =SUM(AP43:AU43) -> 0 | AV43: =SUM(AW43:BB43) -> 0 | BC43: =SUM(BD43:BI43) -> 0 | BJ43: =SUM(BK43:BP43) -> 0 | BQ43: =SUM(BR43:BW43) -> 0 | BX43: =SUM(BY43:CD43) -> 0 | CE43: =SUM(CF43:CK43) -> 0 | CL43: =SUM(CM43:CR43) -> 0 | CS43: =SUM(CT43:CY43) -> 0
D44: Потребители, указанные в пункте 6 критериев, утверждённых Постановлением * | E44: 316 | F44: =SUM(G44:L44) -> 0 | M44: =SUM(N44:S44) -> 0 | T44: =SUM(U44:Z44) -> 0 | AA44: =SUM(AB44:AG44) -> 0 | AH44: =SUM(AI44:AN44) -> 0 | AO44: =SUM(AP44:AU44) -> 0 | AV44: =SUM(AW44:BB44) -> 0 | BC44: =SUM(BD44:BI44) -> 0 | BJ44: =SUM(BK44:BP44) -> 0 | BQ44: =SUM(BR44:BW44) -> 0 | BX44: =SUM(BY44:CD44) -> 0 | CE44: =SUM(CF44:CK44) -> 0 | CL44: =SUM(CM44:CR44) -> 0 | CS44: =SUM(CT44:CY44) -> 0
D45: Потребители, указанные в пункте 7 критериев, утверждённых Постановлением * | E45: 317 | F45: =SUM(G45:L45) -> 0 | M45: =SUM(N45:S45) -> 0 | T45: =SUM(U45:Z45) -> 0 | AA45: =SUM(AB45:AG45) -> 0 | AH45: =SUM(AI45:AN45) -> 0 | AO45: =SUM(AP45:AU45) -> 0 | AV45: =SUM(AW45:BB45) -> 0 | BC45: =SUM(BD45:BI45) -> 0 | BJ45: =SUM(BK45:BP45) -> 0 | BQ45: =SUM(BR45:BW45) -> 0 | BX45: =SUM(BY45:CD45) -> 0 | CE45: =SUM(CF45:CK45) -> 0 | CL45: =SUM(CM45:CR45) -> 0 | CS45: =SUM(CT45:CY45) -> 0
D46: Потребители, указанные в пункте 8 критериев, утверждённых Постановлением * | E46: 318 | F46: =SUM(G46:L46) -> 0 | M46: =SUM(N46:S46) -> 0 | T46: =SUM(U46:Z46) -> 0 | AA46: =SUM(AB46:AG46) -> 0 | AH46: =SUM(AI46:AN46) -> 0 | AO46: =SUM(AP46:AU46) -> 0 | AV46: =SUM(AW46:BB46) -> 0 | BC46: =SUM(BD46:BI46) -> 0 | BJ46: =SUM(BK46:BP46) -> 0 | BQ46: =SUM(BR46:BW46) -> 0 | BX46: =SUM(BY46:CD46) -> 0 | CE46: =SUM(CF46:CK46) -> 0 | CL46: =SUM(CM46:CR46) -> 0 | CS46: =SUM(CT46:CY46) -> 0
D47: Потребители, указанные в пункте 9 критериев, утверждённых Постановлением * | E47: 319 | F47: =SUM(G47:L47) -> 0 | M47: =SUM(N47:S47) -> 0 | T47: =SUM(U47:Z47) -> 0 | AA47: =SUM(AB47:AG47) -> 0 | AH47: =SUM(AI47:AN47) -> 0 | AO47: =SUM(AP47:AU47) -> 0 | AV47: =SUM(AW47:BB47) -> 0 | BC47: =SUM(BD47:BI47) -> 0 | BJ47: =SUM(BK47:BP47) -> 0 | BQ47: =SUM(BR47:BW47) -> 0 | BX47: =SUM(BY47:CD47) -> 0 | CE47: =SUM(CF47:CK47) -> 0 | CL47: =SUM(CM47:CR47) -> 0 | CS47: =SUM(CT47:CY47) -> 0
D48: Промышленные и приравненные к ним потребители | E48: 320 | F48: =SUM(G48:L48) -> 0 | M48: =SUM(N48:S48) -> 0 | T48: =SUM(U48:Z48) -> 0 | AA48: =SUM(AB48:AG48) -> 0 | AH48: =SUM(AI48:AN48) -> 677.2973 | AJ48: 57.15648 | AK48: 620.14082 | AO48: =SUM(AP48:AU48) -> 4835.6511 | AQ48: 393.35552 | AR48: 4442.2956 | AV48: =SUM(AW48:BB48) -> 1.201917 | AX48: 0.106971 | AY48: 1.094946 | BC48: =SUM(BD48:BI48) -> 1383.7712 | BE48: 123.15608 | BF48: 1260.6151 | BJ48: =SUM(BK48:BP48) -> 600.59945 | BN48: 600.59945 | BQ48: =SUM(BR48:BW48) -> 2113.9471 | BU48: 2113.9471 | BX48: =SUM(BY48:CD48) -> 1.041628 | CB48: 1.041628 | CE48: =SUM(CF48:CK48) -> 1199.2299 | CI48: 1199.2299 | CL48: =SUM(CM48:CR48) -> 1.066752 | CP48: 1.066752 | CS48: =SUM(CT48:CY48) -> 1094.2732 | CW48: 1094.2732
D49: Электрифицированный железнодорожный транспорт | E49: 330 | F49: =SUM(G49:L49) -> 0 | M49: =SUM(N49:S49) -> 0 | T49: =SUM(U49:Z49) -> 0 | AA49: =SUM(AB49:AG49) -> 0 | AH49: =SUM(AI49:AN49) -> 0 | AO49: =SUM(AP49:AU49) -> 0 | AV49: =SUM(AW49:BB49) -> 0 | BC49: =SUM(BD49:BI49) -> 0 | BJ49: =SUM(BK49:BP49) -> 0 | BQ49: =SUM(BR49:BW49) -> 0 | BX49: =SUM(BY49:CD49) -> 0 | CE49: =SUM(CF49:CK49) -> 0 | CL49: =SUM(CM49:CR49) -> 0 | CS49: =SUM(CT49:CY49) -> 0
D50: Электрифицированный городской транспорт | E50: 340 | F50: =SUM(G50:L50) -> 0 | M50: =SUM(N50:S50) -> 0 | T50: =SUM(U50:Z50) -> 0 | AA50: =SUM(AB50:AG50) -> 0 | AH50: =SUM(AI50:AN50) -> 0 | AO50: =SUM(AP50:AU50) -> 0 | AV50: =SUM(AW50:BB50) -> 0 | BC50: =SUM(BD50:BI50) -> 0 | BJ50: =SUM(BK50:BP50) -> 0 | BQ50: =SUM(BR50:BW50) -> 0 | BX50: =SUM(BY50:CD50) -> 0 | CE50: =SUM(CF50:CK50) -> 0 | CL50: =SUM(CM50:CR50) -> 0 | CS50: =SUM(CT50:CY50) -> 0
D51: Непромышленные потребители | E51: 350 | F51: =SUM(G51:L51) -> 0 | M51: =SUM(N51:S51) -> 0 | T51: =SUM(U51:Z51) -> 0 | AA51: =SUM(AB51:AG51) -> 0 | AH51: =SUM(AI51:AN51) -> 2508.4603 | AJ51: 2099.58 | AK51: 408.88031 | AO51: =SUM(AP51:AU51) -> 17219.132 | AQ51: 14306.757 | AR51: 2912.3749 | AV51: =SUM(AW51:BB51) -> 3.436615 | AX51: 2.833371 | AY51: 0.603244 | BC51: =SUM(BD51:BI51) -> 3956.5866 | BE51: 3262.0698 | BF51: 694.51689 | BJ51: =SUM(BK51:BP51) -> 2268.6723 | BM51: 141.723 | BN51: 2126.9493 | BQ51: =SUM(BR51:BW51) -> 7941.3652 | BT51: 440.19006 | BU51: 7501.1751 | BX51: =SUM(BY51:CD51) -> 4.014478 | CA51: 0.236143 | CB51: 3.778335 | CE51: =SUM(CF51:CK51) -> 4621.8823 | CH51: 271.87225 | CI51: 4350.01 | CL51: =SUM(CM51:CR51) -> 4.286356 | CO51: 0.269589 | CP51: 4.016767 | CS51: =SUM(CT51:CY51) -> 4875.0141 | CV51: 754.61807 | CW51: 4120.396
D52: Сельскохозяйственные товаропроизводители | E52: 360 | F52: =SUM(G52:L52) -> 0 | M52: =SUM(N52:S52) -> 0 | T52: =SUM(U52:Z52) -> 0 | AA52: =SUM(AB52:AG52) -> 0 | AH52: =SUM(AI52:AN52) -> 0 | AO52: =SUM(AP52:AU52) -> 0 | AV52: =SUM(AW52:BB52) -> 0 | BC52: =SUM(BD52:BI52) -> 0 | BJ52: =SUM(BK52:BP52) -> 0 | BQ52: =SUM(BR52:BW52) -> 0 | BX52: =SUM(BY52:CD52) -> 0 | CE52: =SUM(CF52:CK52) -> 0 | CL52: =SUM(CM52:CR52) -> 0 | CS52: =SUM(CT52:CY52) -> 0
D53: Бюджетные потребители | E53: 370 | F53: =SUM(G53:L53) -> 0 | M53: =SUM(N53:S53) -> 0 | T53: =SUM(U53:Z53) -> 0 | AA53: =SUM(AB53:AG53) -> 0 | AH53: =SUM(AI53:AN53) -> 22.19699 | AL53: 22.19699 | AO53: =SUM(AP53:AU53) -> 163.67624 | AS53: 163.67624 | AV53: =SUM(AW53:BB53) -> 0.03718 | AZ53: 0.03718 | BC53: =SUM(BD53:BI53) -> 42.80546 | BG53: 42.80546 | BJ53: =SUM(BK53:BP53) -> 0 | BQ53: =SUM(BR53:BW53) -> 0 | BX53: =SUM(BY53:CD53) -> 0 | CE53: =SUM(CF53:CK53) -> 0 | CL53: =SUM(CM53:CR53) -> 0 | CS53: =SUM(CT53:CY53) -> 0
D54: Иные потребители (покупатели) | E54: 380 | F54: =SUM(G54:L54) -> 0 | M54: =SUM(N54:S54) -> 0 | T54: =SUM(U54:Z54) -> 0 | AA54: =SUM(AB54:AG54) -> 0 | AH54: =SUM(AI54:AN54) -> 0 | AO54: =SUM(AP54:AU54) -> 0 | AV54: =SUM(AW54:BB54) -> 0 | BC54: =SUM(BD54:BI54) -> 0 | BJ54: =SUM(BK54:BP54) -> 0 | BQ54: =SUM(BR54:BW54) -> 0 | BX54: =SUM(BY54:CD54) -> 0 | CE54: =SUM(CF54:CK54) -> 0 | CL54: =SUM(CM54:CR54) -> 0 | CS54: =SUM(CT54:CY54) -> 0
D55: Потребители с максимальной мощностью принадлежащих им энергопринимающих устройств менее 670 кВт | E55: 400 | F55: =SUM(G55:L55) -> 12516.071 | G55: =SUM(G56,G66:G72) -> 0 | H55: =SUM(H56,H66:H72) -> 128.86325 | I55: =SUM(I56,I66:I72) -> 7297.9414 | J55: =SUM(J56,J66:J72) -> 5089.2661 | K55: =SUM(K56,K66:K72) -> 0 | L55: =SUM(L56,L66:L72) -> 0 | M55: =SUM(N55:S55) -> 112557.43 | N55: =SUM(N56,N66:N72) -> 0 | O55: =SUM(O56,O66:O72) -> 1109.6711 | P55: =SUM(P56,P66:P72) -> 64938.261 | Q55: =SUM(Q56,Q66:Q72) -> 46509.498 | R55: =SUM(R56,R66:R72) -> 0 | S55: =SUM(S56,S66:S72) -> 0 | T55: =SUM(U55:Z55) -> 319.3738 | U55: =SUM(U56,U66:U72) -> 0 | V55: =SUM(V56,V66:V72) -> 0 | W55: =SUM(W56,W66:W72) -> 315.75838 | X55: =SUM(X56,X66:X72) -> 3.615411 | Y55: =SUM(Y56,Y66:Y72) -> 0 | Z55: =SUM(Z56,Z66:Z72) -> 0 | AA55: =SUM(AB55:AG55) -> 2869.5725 | AB55: =SUM(AB56,AB66:AB72) -> 0 | AC55: =SUM(AC56,AC66:AC72) -> 0 | AD55: =SUM(AD56,AD66:AD72) -> 2836.4626 | AE55: =SUM(AE56,AE66:AE72) -> 33.10991 | AF55: =SUM(AF56,AF66:AF72) -> 0 | AG55: =SUM(AG56,AG66:AG72) -> 0 | AH55: =SUM(AI55:AN55) -> 314.11846 | AI55: =SUM(AI56,AI66:AI72) -> 0 | AJ55: =SUM(AJ56,AJ66:AJ72) -> 0 | AK55: =SUM(AK56,AK66:AK72) -> 314.11846 | AL55: =SUM(AL56,AL66:AL72) -> 0 | AM55: =SUM(AM56,AM66:AM72) -> 0 | AN55: =SUM(AN56,AN66:AN72) -> 0 | AO55: =SUM(AP55:AU55) -> 2375.0702 | AP55: =SUM(AP56,AP66:AP72) -> 0 | AQ55: =SUM(AQ56,AQ66:AQ72) -> 0 | AR55: =SUM(AR56,AR66:AR72) -> 2375.0702 | AS55: =SUM(AS56,AS66:AS72) -> 0 | AT55: =SUM(AT56,AT66:AT72) -> 0 | AU55: =SUM(AU56,AU66:AU72) -> 0 | AV55: =SUM(AW55:BB55) -> 0.493495 | AW55: =SUM(AW56,AW66:AW72) -> 0 | AX55: =SUM(AX56,AX66:AX72) -> 0 | AY55: =SUM(AY56,AY66:AY72) -> 0.493495 | AZ55: =SUM(AZ56,AZ66:AZ72) -> 0 | BA55: =SUM(BA56,BA66:BA72) -> 0 | BB55: =SUM(BB56,BB66:BB72) -> 0 | BC55: =SUM(BD55:BI55) -> 568.16249 | BD55: =SUM(BD56,BD66:BD72) -> 0 | BE55: =SUM(BE56,BE66:BE72) -> 0 | BF55: =SUM(BF56,BF66:BF72) -> 568.16249 | BG55: =SUM(BG56,BG66:BG72) -> 0 | BH55: =SUM(BH56,BH66:BH72) -> 0 | BI55: =SUM(BI56,BI66:BI72) -> 0 | BJ55: =SUM(BK55:BP55) -> 1192.1745 | BK55: =SUM(BK56,BK66:BK72) -> 0 | BL55: =SUM(BL56,BL66:BL72) -> 0 | BM55: =SUM(BM56,BM66:BM72) -> 75.454714 | BN55: =SUM(BN56,BN66:BN72) -> 1116.7198 | BO55: =SUM(BO56,BO66:BO72) -> 0 | BP55: =SUM(BP56,BP66:BP72) -> 0 | BQ55: =SUM(BR55:BW55) -> 4646.0873 | BR55: =SUM(BR56,BR66:BR72) -> 0 | BS55: =SUM(BS56,BS66:BS72) -> 0 | BT55: =SUM(BT56,BT66:BT72) -> 265.41092 | BU55: =SUM(BU56,BU66:BU72) -> 4380.6764 | BV55: =SUM(BV56,BV66:BV72) -> 0 | BW55: =SUM(BW56,BW66:BW72) -> 0 | BX55: =SUM(BY55:CD55) -> 1.8419 | BY55: =SUM(BY56,BY66:BY72) -> 0 | BZ55: =SUM(BZ56,BZ66:BZ72) -> 0 | CA55: =SUM(CA56,CA66:CA72) -> 0.103917 | CB55: =SUM(CB56,CB66:CB72) -> 1.737983 | CC55: =SUM(CC56,CC66:CC72) -> 0 | CD55: =SUM(CD56,CD66:CD72) -> 0 | CE55: =SUM(CF55:CK55) -> 2120.5858 | CF55: =SUM(CF56,CF66:CF72) -> 0 | CG55: =SUM(CG56,CG66:CG72) -> 0 | CH55: =SUM(CH56,CH66:CH72) -> 119.64 | CI55: =SUM(CI56,CI66:CI72) -> 2000.9458 | CJ55: =SUM(CJ56,CJ66:CJ72) -> 0 | CK55: =SUM(CK56,CK66:CK72) -> 0 | CL55: =SUM(CM55:CR55) -> 2.136364 | CM55: =SUM(CM56,CM66:CM72) -> 0 | CN55: =SUM(CN56,CN66:CN72) -> 0 | CO55: =SUM(CO56,CO66:CO72) -> 0.107017 | CP55: =SUM(CP56,CP66:CP72) -> 2.029347 | CQ55: =SUM(CQ56,CQ66:CQ72) -> 0 | CR55: =SUM(CR56,CR66:CR72) -> 0 | CS55: =SUM(CT55:CY55) -> 2381.2582 | CT55: =SUM(CT56,CT66:CT72) -> 0 | CU55: =SUM(CU56,CU66:CU72) -> 0 | CV55: =SUM(CV56,CV66:CV72) -> 299.55585 | CW55: =SUM(CW56,CW66:CW72) -> 2081.7023 | CX55: =SUM(CX56,CX66:CX72) -> 0 | CY55: =SUM(CY56,CY66:CY72) -> 0
D56: Потребители электрической энергии (мощности) на территории Дальневосточного федерального округа, в отношении которых осуществляется доведение цен (тарифов) на электрическую энергию (мощность) до базовых уровней цен (тарифов) на электрическую энергию (мощность) | E56: 410 | F56: =SUM(G56:L56) -> 0 | G56: =SUM(G57:G65) -> 0 | H56: =SUM(H57:H65) -> 0 | I56: =SUM(I57:I65) -> 0 | J56: =SUM(J57:J65) -> 0 | K56: =SUM(K57:K65) -> 0 | L56: =SUM(L57:L65) -> 0 | M56: =SUM(N56:S56) -> 0 | N56: =SUM(N57:N65) -> 0 | O56: =SUM(O57:O65) -> 0 | P56: =SUM(P57:P65) -> 0 | Q56: =SUM(Q57:Q65) -> 0 | R56: =SUM(R57:R65) -> 0 | S56: =SUM(S57:S65) -> 0 | T56: =SUM(U56:Z56) -> 0 | U56: =SUM(U57:U65) -> 0 | V56: =SUM(V57:V65) -> 0 | W56: =SUM(W57:W65) -> 0 | X56: =SUM(X57:X65) -> 0 | Y56: =SUM(Y57:Y65) -> 0 | Z56: =SUM(Z57:Z65) -> 0 | AA56: =SUM(AB56:AG56) -> 0 | AB56: =SUM(AB57:AB65) -> 0 | AC56: =SUM(AC57:AC65) -> 0 | AD56: =SUM(AD57:AD65) -> 0 | AE56: =SUM(AE57:AE65) -> 0 | AF56: =SUM(AF57:AF65) -> 0 | AG56: =SUM(AG57:AG65) -> 0 | AH56: =SUM(AI56:AN56) -> 0 | AI56: =SUM(AI57:AI65) -> 0 | AJ56: =SUM(AJ57:AJ65) -> 0 | AK56: =SUM(AK57:AK65) -> 0 | AL56: =SUM(AL57:AL65) -> 0 | AM56: =SUM(AM57:AM65) -> 0 | AN56: =SUM(AN57:AN65) -> 0 | AO56: =SUM(AP56:AU56) -> 0 | AP56: =SUM(AP57:AP65) -> 0 | AQ56: =SUM(AQ57:AQ65) -> 0 | AR56: =SUM(AR57:AR65) -> 0 | AS56: =SUM(AS57:AS65) -> 0 | AT56: =SUM(AT57:AT65) -> 0 | AU56: =SUM(AU57:AU65) -> 0 | AV56: =SUM(AW56:BB56) -> 0 | AW56: =SUM(AW57:AW65) -> 0 | AX56: =SUM(AX57:AX65) -> 0 | AY56: =SUM(AY57:AY65) -> 0 | AZ56: =SUM(AZ57:AZ65) -> 0 | BA56: =SUM(BA57:BA65) -> 0 | BB56: =SUM(BB57:BB65) -> 0 | BC56: =SUM(BD56:BI56) -> 0 | BD56: =SUM(BD57:BD65) -> 0 | BE56: =SUM(BE57:BE65) -> 0 | BF56: =SUM(BF57:BF65) -> 0 | BG56: =SUM(BG57:BG65) -> 0 | BH56: =SUM(BH57:BH65) -> 0 | BI56: =SUM(BI57:BI65) -> 0 | BJ56: =SUM(BK56:BP56) -> 0 | BK56: =SUM(BK57:BK65) -> 0 | BL56: =SUM(BL57:BL65) -> 0 | BM56: =SUM(BM57:BM65) -> 0 | BN56: =SUM(BN57:BN65) -> 0 | BO56: =SUM(BO57:BO65) -> 0 | BP56: =SUM(BP57:BP65) -> 0 | BQ56: =SUM(BR56:BW56) -> 0 | BR56: =SUM(BR57:BR65) -> 0 | BS56: =SUM(BS57:BS65) -> 0 | BT56: =SUM(BT57:BT65) -> 0 | BU56: =SUM(BU57:BU65) -> 0 | BV56: =SUM(BV57:BV65) -> 0 | BW56: =SUM(BW57:BW65) -> 0 | BX56: =SUM(BY56:CD56) -> 0 | BY56: =SUM(BY57:BY65) -> 0 | BZ56: =SUM(BZ57:BZ65) -> 0 | CA56: =SUM(CA57:CA65) -> 0 | CB56: =SUM(CB57:CB65) -> 0 | CC56: =SUM(CC57:CC65) -> 0 | CD56: =SUM(CD57:CD65) -> 0 | CE56: =SUM(CF56:CK56) -> 0 | CF56: =SUM(CF57:CF65) -> 0 | CG56: =SUM(CG57:CG65) -> 0 | CH56: =SUM(CH57:CH65) -> 0 | CI56: =SUM(CI57:CI65) -> 0 | CJ56: =SUM(CJ57:CJ65) -> 0 | CK56: =SUM(CK57:CK65) -> 0 | CL56: =SUM(CM56:CR56) -> 0 | CM56: =SUM(CM57:CM65) -> 0 | CN56: =SUM(CN57:CN65) -> 0 | CO56: =SUM(CO57:CO65) -> 0 | CP56: =SUM(CP57:CP65) -> 0 | CQ56: =SUM(CQ57:CQ65) -> 0 | CR56: =SUM(CR57:CR65) -> 0 | CS56: =SUM(CT56:CY56) -> 0 | CT56: =SUM(CT57:CT65) -> 0 | CU56: =SUM(CU57:CU65) -> 0 | CV56: =SUM(CV57:CV65) -> 0 | CW56: =SUM(CW57:CW65) -> 0 | CX56: =SUM(CX57:CX65) -> 0 | CY56: =SUM(CY57:CY65) -> 0
D57: Потребители, указанные в пункте 1 критериев, утверждённых Постановлением * | E57: 411 | F57: =SUM(G57:L57) -> 0 | M57: =SUM(N57:S57) -> 0 | T57: =SUM(U57:Z57) -> 0 | AA57: =SUM(AB57:AG57) -> 0 | AH57: =SUM(AI57:AN57) -> 0 | AO57: =SUM(AP57:AU57) -> 0 | AV57: =SUM(AW57:BB57) -> 0 | BC57: =SUM(BD57:BI57) -> 0 | BJ57: =SUM(BK57:BP57) -> 0 | BQ57: =SUM(BR57:BW57) -> 0 | BX57: =SUM(BY57:CD57) -> 0 | CE57: =SUM(CF57:CK57) -> 0 | CL57: =SUM(CM57:CR57) -> 0 | CS57: =SUM(CT57:CY57) -> 0
D58: Потребители, указанные в пункте 2 критериев, утверждённых Постановлением * | E58: 412 | F58: =SUM(G58:L58) -> 0 | M58: =SUM(N58:S58) -> 0 | T58: =SUM(U58:Z58) -> 0 | AA58: =SUM(AB58:AG58) -> 0 | AH58: =SUM(AI58:AN58) -> 0 | AO58: =SUM(AP58:AU58) -> 0 | AV58: =SUM(AW58:BB58) -> 0 | BC58: =SUM(BD58:BI58) -> 0 | BJ58: =SUM(BK58:BP58) -> 0 | BQ58: =SUM(BR58:BW58) -> 0 | BX58: =SUM(BY58:CD58) -> 0 | CE58: =SUM(CF58:CK58) -> 0 | CL58: =SUM(CM58:CR58) -> 0 | CS58: =SUM(CT58:CY58) -> 0
D59: Потребители, указанные в пункте 3 критериев, утверждённых Постановлением * | E59: 413 | F59: =SUM(G59:L59) -> 0 | M59: =SUM(N59:S59) -> 0 | T59: =SUM(U59:Z59) -> 0 | AA59: =SUM(AB59:AG59) -> 0 | AH59: =SUM(AI59:AN59) -> 0 | AO59: =SUM(AP59:AU59) -> 0 | AV59: =SUM(AW59:BB59) -> 0 | BC59: =SUM(BD59:BI59) -> 0 | BJ59: =SUM(BK59:BP59) -> 0 | BQ59: =SUM(BR59:BW59) -> 0 | BX59: =SUM(BY59:CD59) -> 0 | CE59: =SUM(CF59:CK59) -> 0 | CL59: =SUM(CM59:CR59) -> 0 | CS59: =SUM(CT59:CY59) -> 0
D60: Потребители, указанные в пункте 4 критериев, утверждённых Постановлением * | E60: 414 | F60: =SUM(G60:L60) -> 0 | M60: =SUM(N60:S60) -> 0 | T60: =SUM(U60:Z60) -> 0 | AA60: =SUM(AB60:AG60) -> 0 | AH60: =SUM(AI60:AN60) -> 0 | AO60: =SUM(AP60:AU60) -> 0 | AV60: =SUM(AW60:BB60) -> 0 | BC60: =SUM(BD60:BI60) -> 0 | BJ60: =SUM(BK60:BP60) -> 0 | BQ60: =SUM(BR60:BW60) -> 0 | BX60: =SUM(BY60:CD60) -> 0 | CE60: =SUM(CF60:CK60) -> 0 | CL60: =SUM(CM60:CR60) -> 0 | CS60: =SUM(CT60:CY60) -> 0
D61: Потребители, указанные в пункте 5 критериев, утверждённых Постановлением * | E61: 415 | F61: =SUM(G61:L61) -> 0 | M61: =SUM(N61:S61) -> 0 | T61: =SUM(U61:Z61) -> 0 | AA61: =SUM(AB61:AG61) -> 0 | AH61: =SUM(AI61:AN61) -> 0 | AO61: =SUM(AP61:AU61) -> 0 | AV61: =SUM(AW61:BB61) -> 0 | BC61: =SUM(BD61:BI61) -> 0 | BJ61: =SUM(BK61:BP61) -> 0 | BQ61: =SUM(BR61:BW61) -> 0 | BX61: =SUM(BY61:CD61) -> 0 | CE61: =SUM(CF61:CK61) -> 0 | CL61: =SUM(CM61:CR61) -> 0 | CS61: =SUM(CT61:CY61) -> 0
D62: Потребители, указанные в пункте 6 критериев, утверждённых Постановлением * | E62: 416 | F62: =SUM(G62:L62) -> 0 | M62: =SUM(N62:S62) -> 0 | T62: =SUM(U62:Z62) -> 0 | AA62: =SUM(AB62:AG62) -> 0 | AH62: =SUM(AI62:AN62) -> 0 | AO62: =SUM(AP62:AU62) -> 0 | AV62: =SUM(AW62:BB62) -> 0 | BC62: =SUM(BD62:BI62) -> 0 | BJ62: =SUM(BK62:BP62) -> 0 | BQ62: =SUM(BR62:BW62) -> 0 | BX62: =SUM(BY62:CD62) -> 0 | CE62: =SUM(CF62:CK62) -> 0 | CL62: =SUM(CM62:CR62) -> 0 | CS62: =SUM(CT62:CY62) -> 0
D63: Потребители, указанные в пункте 7 критериев, утверждённых Постановлением * | E63: 417 | F63: =SUM(G63:L63) -> 0 | M63: =SUM(N63:S63) -> 0 | T63: =SUM(U63:Z63) -> 0 | AA63: =SUM(AB63:AG63) -> 0 | AH63: =SUM(AI63:AN63) -> 0 | AO63: =SUM(AP63:AU63) -> 0 | AV63: =SUM(AW63:BB63) -> 0 | BC63: =SUM(BD63:BI63) -> 0 | BJ63: =SUM(BK63:BP63) -> 0 | BQ63: =SUM(BR63:BW63) -> 0 | BX63: =SUM(BY63:CD63) -> 0 | CE63: =SUM(CF63:CK63) -> 0 | CL63: =SUM(CM63:CR63) -> 0 | CS63: =SUM(CT63:CY63) -> 0
D64: Потребители, указанные в пункте 8 критериев, утверждённых Постановлением * | E64: 418 | F64: =SUM(G64:L64) -> 0 | M64: =SUM(N64:S64) -> 0 | T64: =SUM(U64:Z64) -> 0 | AA64: =SUM(AB64:AG64) -> 0 | AH64: =SUM(AI64:AN64) -> 0 | AO64: =SUM(AP64:AU64) -> 0 | AV64: =SUM(AW64:BB64) -> 0 | BC64: =SUM(BD64:BI64) -> 0 | BJ64: =SUM(BK64:BP64) -> 0 | BQ64: =SUM(BR64:BW64) -> 0 | BX64: =SUM(BY64:CD64) -> 0 | CE64: =SUM(CF64:CK64) -> 0 | CL64: =SUM(CM64:CR64) -> 0 | CS64: =SUM(CT64:CY64) -> 0
D65: Потребители, указанные в пункте 9 критериев, утверждённых Постановлением * | E65: 419 | F65: =SUM(G65:L65) -> 0 | M65: =SUM(N65:S65) -> 0 | T65: =SUM(U65:Z65) -> 0 | AA65: =SUM(AB65:AG65) -> 0 | AH65: =SUM(AI65:AN65) -> 0 | AO65: =SUM(AP65:AU65) -> 0 | AV65: =SUM(AW65:BB65) -> 0 | BC65: =SUM(BD65:BI65) -> 0 | BJ65: =SUM(BK65:BP65) -> 0 | BQ65: =SUM(BR65:BW65) -> 0 | BX65: =SUM(BY65:CD65) -> 0 | CE65: =SUM(CF65:CK65) -> 0 | CL65: =SUM(CM65:CR65) -> 0 | CS65: =SUM(CT65:CY65) -> 0
D66: Промышленные и приравненные к ним потребители | E66: 420 | F66: =SUM(G66:L66) -> 4555.9412 | H66: 102.00714 | I66: 2210.6786 | J66: 2243.2555 | M66: =SUM(N66:S66) -> 41048.631 | O66: 878.40693 | P66: 19670.114 | Q66: 20500.11 | T66: =SUM(U66:Z66) -> 293.54048 | W66: 289.92507 | X66: 3.615411 | AA66: =SUM(AB66:AG66) -> 2624.6788 | AD66: 2591.5689 | AE66: 33.10991 | AH66: =SUM(AI66:AN66) -> 23.271995 | AK66: 23.271995 | AO66: =SUM(AP66:AU66) -> 178.20271 | AR66: 178.20271 | AV66: =SUM(AW66:BB66) -> 0.064924 | AY66: 0.064924 | BC66: =SUM(BD66:BI66) -> 74.74722 | BF66: 74.74722 | BJ66: =SUM(BK66:BP66) -> 442.39338 | BN66: 442.39338 | BQ66: =SUM(BR66:BW66) -> 1739.6018 | BU66: 1739.6018 | BX66: =SUM(BY66:CD66) -> 0.703662 | CB66: 0.703662 | CE66: =SUM(CF66:CK66) -> 810.12848 | CI66: 810.12848 | CL66: =SUM(CM66:CR66) -> 0.811742 | CP66: 0.811742 | CS66: =SUM(CT66:CY66) -> 832.68423 | CW66: 832.68423
D67: Электрифицированный железнодорожный транспорт | E67: 430 | F67: =SUM(G67:L67) -> 0 | M67: =SUM(N67:S67) -> 0 | T67: =SUM(U67:Z67) -> 0 | AA67: =SUM(AB67:AG67) -> 0 | AH67: =SUM(AI67:AN67) -> 0 | AO67: =SUM(AP67:AU67) -> 0 | AV67: =SUM(AW67:BB67) -> 0 | BC67: =SUM(BD67:BI67) -> 0 | BJ67: =SUM(BK67:BP67) -> 0 | BQ67: =SUM(BR67:BW67) -> 0 | BX67: =SUM(BY67:CD67) -> 0 | CE67: =SUM(CF67:CK67) -> 0 | CL67: =SUM(CM67:CR67) -> 0 | CS67: =SUM(CT67:CY67) -> 0
D68: Электрифицированный городской транспорт | E68: 440 | F68: =SUM(G68:L68) -> 0 | M68: =SUM(N68:S68) -> 0 | T68: =SUM(U68:Z68) -> 0 | AA68: =SUM(AB68:AG68) -> 0 | AH68: =SUM(AI68:AN68) -> 0 | AO68: =SUM(AP68:AU68) -> 0 | AV68: =SUM(AW68:BB68) -> 0 | BC68: =SUM(BD68:BI68) -> 0 | BJ68: =SUM(BK68:BP68) -> 0 | BQ68: =SUM(BR68:BW68) -> 0 | BX68: =SUM(BY68:CD68) -> 0 | CE68: =SUM(CF68:CK68) -> 0 | CL68: =SUM(CM68:CR68) -> 0 | CS68: =SUM(CT68:CY68) -> 0
D69: Непромышленные потребители | E69: 450 | F69: =SUM(G69:L69) -> 5625.3698 | H69: 26.85611 | I69: 4373.5722 | J69: 1224.9415 | M69: =SUM(N69:S69) -> 50336.586 | O69: 231.26414 | P69: 38914.451 | Q69: 11190.871 | T69: =SUM(U69:Z69) -> 2.312325 | W69: 2.312325 | AA69: =SUM(AB69:AG69) -> 20.52056 | AD69: 20.52056 | AH69: =SUM(AI69:AN69) -> 45.764105 | AK69: 45.764105 | AO69: =SUM(AP69:AU69) -> 345.35655 | AR69: 345.35655 | AV69: =SUM(AW69:BB69) -> 0.063445 | AY69: 0.063445 | BC69: =SUM(BD69:BI69) -> 73.04445 | BF69: 73.04445 | BJ69: =SUM(BK69:BP69) -> 655.49337 | BM69: 15.835274 | BN69: 639.6581 | BQ69: =SUM(BR69:BW69) -> 2562.4251 | BT69: 55.90217 | BU69: 2506.5229 | BX69: =SUM(BY69:CD69) -> 1.009409 | CA69: 0.022531 | CB69: 0.986878 | CE69: =SUM(CF69:CK69) -> 1162.1361 | CH69: 25.94002 | CI69: 1136.196 | CL69: =SUM(CM69:CR69) -> 1.188969 | CO69: 0.024234 | CP69: 1.164735 | CS69: =SUM(CT69:CY69) -> 1262.6185 | CV69: 67.83442 | CW69: 1194.7841
D70: Сельскохозяйственные товаропроизводители | E70: 460 | F70: =SUM(G70:L70) -> 0 | M70: =SUM(N70:S70) -> 0 | T70: =SUM(U70:Z70) -> 0 | AA70: =SUM(AB70:AG70) -> 0 | AH70: =SUM(AI70:AN70) -> 0 | AO70: =SUM(AP70:AU70) -> 0 | AV70: =SUM(AW70:BB70) -> 0 | BC70: =SUM(BD70:BI70) -> 0 | BJ70: =SUM(BK70:BP70) -> 0 | BQ70: =SUM(BR70:BW70) -> 0 | BX70: =SUM(BY70:CD70) -> 0 | CE70: =SUM(CF70:CK70) -> 0 | CL70: =SUM(CM70:CR70) -> 0 | CS70: =SUM(CT70:CY70) -> 0
D71: Бюджетные потребители | E71: 470 | F71: =SUM(G71:L71) -> 2334.7597 | I71: 713.69063 | J71: 1621.0691 | M71: =SUM(N71:S71) -> 21172.213 | P71: 6353.6965 | Q71: 14818.517 | T71: =SUM(U71:Z71) -> 23.520988 | W71: 23.520988 | AA71: =SUM(AB71:AG71) -> 224.37314 | AD71: 224.37314 | AH71: =SUM(AI71:AN71) -> 245.08236 | AK71: 245.08236 | AO71: =SUM(AP71:AU71) -> 1851.5109 | AR71: 1851.5109 | AV71: =SUM(AW71:BB71) -> 0.365126 | AY71: 0.365126 | BC71: =SUM(BD71:BI71) -> 420.37082 | BF71: 420.37082 | BJ71: =SUM(BK71:BP71) -> 94.28774 | BM71: 59.61944 | BN71: 34.6683 | BQ71: =SUM(BR71:BW71) -> 344.06044 | BT71: 209.50875 | BU71: 134.55169 | BX71: =SUM(BY71:CD71) -> 0.128829 | CA71: 0.081386 | CB71: 0.047443 | CE71: =SUM(CF71:CK71) -> 148.32127 | CH71: 93.69998 | CI71: 54.62129 | CL71: =SUM(CM71:CR71) -> 0.135653 | CO71: 0.082783 | CP71: 0.05287 | CS71: =SUM(CT71:CY71) -> 285.95543 | CV71: 231.72143 | CW71: 54.234
D72: Иные потребители (покупатели) | E72: 480 | F72: =SUM(G72:L72) -> 0 | M72: =SUM(N72:S72) -> 0 | T72: =SUM(U72:Z72) -> 0 | AA72: =SUM(AB72:AG72) -> 0 | AH72: =SUM(AI72:AN72) -> 0 | AO72: =SUM(AP72:AU72) -> 0 | AV72: =SUM(AW72:BB72) -> 0 | BC72: =SUM(BD72:BI72) -> 0 | BJ72: =SUM(BK72:BP72) -> 0 | BQ72: =SUM(BR72:BW72) -> 0 | BX72: =SUM(BY72:CD72) -> 0 | CE72: =SUM(CF72:CK72) -> 0 | CL72: =SUM(CM72:CR72) -> 0 | CS72: =SUM(CT72:CY72) -> 0
D73: Поставка электрической энергии гарантирующим поставщиком потребителям (покупателям), функционирующим вне зоны деятельности данного ГП, а также поставка электрической энергии независимыми энергосбытовыми, энергоснабжающими организациями потребителям | E73: 500 | F73: =SUM(G73:L73) -> 0 | G73: =SUM(G74,G84:G90) -> 0 | H73: =SUM(H74,H84:H90) -> 0 | I73: =SUM(I74,I84:I90) -> 0 | J73: =SUM(J74,J84:J90) -> 0 | K73: =SUM(K74,K84:K90) -> 0 | L73: =SUM(L74,L84:L90) -> 0 | M73: =SUM(N73:S73) -> 0 | N73: =SUM(N74,N84:N90) -> 0 | O73: =SUM(O74,O84:O90) -> 0 | P73: =SUM(P74,P84:P90) -> 0 | Q73: =SUM(Q74,Q84:Q90) -> 0 | R73: =SUM(R74,R84:R90) -> 0 | S73: =SUM(S74,S84:S90) -> 0 | T73: =SUM(U73:Z73) -> 0 | U73: =SUM(U74,U84:U90) -> 0 | V73: =SUM(V74,V84:V90) -> 0 | W73: =SUM(W74,W84:W90) -> 0 | X73: =SUM(X74,X84:X90) -> 0 | Y73: =SUM(Y74,Y84:Y90) -> 0 | Z73: =SUM(Z74,Z84:Z90) -> 0 | AA73: =SUM(AB73:AG73) -> 0 | AB73: =SUM(AB74,AB84:AB90) -> 0 | AC73: =SUM(AC74,AC84:AC90) -> 0 | AD73: =SUM(AD74,AD84:AD90) -> 0 | AE73: =SUM(AE74,AE84:AE90) -> 0 | AF73: =SUM(AF74,AF84:AF90) -> 0 | AG73: =SUM(AG74,AG84:AG90) -> 0 | AH73: =SUM(AI73:AN73) -> 0 | AI73: =SUM(AI74,AI84:AI90) -> 0 | AJ73: =SUM(AJ74,AJ84:AJ90) -> 0 | AK73: =SUM(AK74,AK84:AK90) -> 0 | AL73: =SUM(AL74,AL84:AL90) -> 0 | AM73: =SUM(AM74,AM84:AM90) -> 0 | AN73: =SUM(AN74,AN84:AN90) -> 0 | AO73: =SUM(AP73:AU73) -> 0 | AP73: =SUM(AP74,AP84:AP90) -> 0 | AQ73: =SUM(AQ74,AQ84:AQ90) -> 0 | AR73: =SUM(AR74,AR84:AR90) -> 0 | AS73: =SUM(AS74,AS84:AS90) -> 0 | AT73: =SUM(AT74,AT84:AT90) -> 0 | AU73: =SUM(AU74,AU84:AU90) -> 0 | AV73: =SUM(AW73:BB73) -> 0 | AW73: =SUM(AW74,AW84:AW90) -> 0 | AX73: =SUM(AX74,AX84:AX90) -> 0 | AY73: =SUM(AY74,AY84:AY90) -> 0 | AZ73: =SUM(AZ74,AZ84:AZ90) -> 0 | BA73: =SUM(BA74,BA84:BA90) -> 0 | BB73: =SUM(BB74,BB84:BB90) -> 0 | BC73: =SUM(BD73:BI73) -> 0 | BD73: =SUM(BD74,BD84:BD90) -> 0 | BE73: =SUM(BE74,BE84:BE90) -> 0 | BF73: =SUM(BF74,BF84:BF90) -> 0 | BG73: =SUM(BG74,BG84:BG90) -> 0 | BH73: =SUM(BH74,BH84:BH90) -> 0 | BI73: =SUM(BI74,BI84:BI90) -> 0 | BJ73: =SUM(BK73:BP73) -> 0 | BK73: =SUM(BK74,BK84:BK90) -> 0 | BL73: =SUM(BL74,BL84:BL90) -> 0 | BM73: =SUM(BM74,BM84:BM90) -> 0 | BN73: =SUM(BN74,BN84:BN90) -> 0 | BO73: =SUM(BO74,BO84:BO90) -> 0 | BP73: =SUM(BP74,BP84:BP90) -> 0 | BQ73: =SUM(BR73:BW73) -> 0 | BR73: =SUM(BR74,BR84:BR90) -> 0 | BS73: =SUM(BS74,BS84:BS90) -> 0 | BT73: =SUM(BT74,BT84:BT90) -> 0 | BU73: =SUM(BU74,BU84:BU90) -> 0 | BV73: =SUM(BV74,BV84:BV90) -> 0 | BW73: =SUM(BW74,BW84:BW90) -> 0 | BX73: =SUM(BY73:CD73) -> 0 | BY73: =SUM(BY74,BY84:BY90) -> 0 | BZ73: =SUM(BZ74,BZ84:BZ90) -> 0 | CA73: =SUM(CA74,CA84:CA90) -> 0 | CB73: =SUM(CB74,CB84:CB90) -> 0 | CC73: =SUM(CC74,CC84:CC90) -> 0 | CD73: =SUM(CD74,CD84:CD90) -> 0 | CE73: =SUM(CF73:CK73) -> 0 | CF73: =SUM(CF74,CF84:CF90) -> 0 | CG73: =SUM(CG74,CG84:CG90) -> 0 | CH73: =SUM(CH74,CH84:CH90) -> 0 | CI73: =SUM(CI74,CI84:CI90) -> 0 | CJ73: =SUM(CJ74,CJ84:CJ90) -> 0 | CK73: =SUM(CK74,CK84:CK90) -> 0 | CL73: =SUM(CM73:CR73) -> 0 | CM73: =SUM(CM74,CM84:CM90) -> 0 | CN73: =SUM(CN74,CN84:CN90) -> 0 | CO73: =SUM(CO74,CO84:CO90) -> 0 | CP73: =SUM(CP74,CP84:CP90) -> 0 | CQ73: =SUM(CQ74,CQ84:CQ90) -> 0 | CR73: =SUM(CR74,CR84:CR90) -> 0 | CS73: =SUM(CT73:CY73) -> 0 | CT73: =SUM(CT74,CT84:CT90) -> 0 | CU73: =SUM(CU74,CU84:CU90) -> 0 | CV73: =SUM(CV74,CV84:CV90) -> 0 | CW73: =SUM(CW74,CW84:CW90) -> 0 | CX73: =SUM(CX74,CX84:CX90) -> 0 | CY73: =SUM(CY74,CY84:CY90) -> 0
D74: Потребители электрической энергии (мощности) на территории Дальневосточного федерального округа, в отношении которых осуществляется доведение цен (тарифов) на электрическую энергию (мощность) до базовых уровней цен (тарифов) на электрическую энергию (мощность) | E74: 510 | F74: =SUM(G74:L74) -> 0 | G74: =SUM(G75:G83) -> 0 | H74: =SUM(H75:H83) -> 0 | I74: =SUM(I75:I83) -> 0 | J74: =SUM(J75:J83) -> 0 | K74: =SUM(K75:K83) -> 0 | L74: =SUM(L75:L83) -> 0 | M74: =SUM(N74:S74) -> 0 | N74: =SUM(N75:N83) -> 0 | O74: =SUM(O75:O83) -> 0 | P74: =SUM(P75:P83) -> 0 | Q74: =SUM(Q75:Q83) -> 0 | R74: =SUM(R75:R83) -> 0 | S74: =SUM(S75:S83) -> 0 | T74: =SUM(U74:Z74) -> 0 | U74: =SUM(U75:U83) -> 0 | V74: =SUM(V75:V83) -> 0 | W74: =SUM(W75:W83) -> 0 | X74: =SUM(X75:X83) -> 0 | Y74: =SUM(Y75:Y83) -> 0 | Z74: =SUM(Z75:Z83) -> 0 | AA74: =SUM(AB74:AG74) -> 0 | AB74: =SUM(AB75:AB83) -> 0 | AC74: =SUM(AC75:AC83) -> 0 | AD74: =SUM(AD75:AD83) -> 0 | AE74: =SUM(AE75:AE83) -> 0 | AF74: =SUM(AF75:AF83) -> 0 | AG74: =SUM(AG75:AG83) -> 0 | AH74: =SUM(AI74:AN74) -> 0 | AI74: =SUM(AI75:AI83) -> 0 | AJ74: =SUM(AJ75:AJ83) -> 0 | AK74: =SUM(AK75:AK83) -> 0 | AL74: =SUM(AL75:AL83) -> 0 | AM74: =SUM(AM75:AM83) -> 0 | AN74: =SUM(AN75:AN83) -> 0 | AO74: =SUM(AP74:AU74) -> 0 | AP74: =SUM(AP75:AP83) -> 0 | AQ74: =SUM(AQ75:AQ83) -> 0 | AR74: =SUM(AR75:AR83) -> 0 | AS74: =SUM(AS75:AS83) -> 0 | AT74: =SUM(AT75:AT83) -> 0 | AU74: =SUM(AU75:AU83) -> 0 | AV74: =SUM(AW74:BB74) -> 0 | AW74: =SUM(AW75:AW83) -> 0 | AX74: =SUM(AX75:AX83) -> 0 | AY74: =SUM(AY75:AY83) -> 0 | AZ74: =SUM(AZ75:AZ83) -> 0 | BA74: =SUM(BA75:BA83) -> 0 | BB74: =SUM(BB75:BB83) -> 0 | BC74: =SUM(BD74:BI74) -> 0 | BD74: =SUM(BD75:BD83) -> 0 | BE74: =SUM(BE75:BE83) -> 0 | BF74: =SUM(BF75:BF83) -> 0 | BG74: =SUM(BG75:BG83) -> 0 | BH74: =SUM(BH75:BH83) -> 0 | BI74: =SUM(BI75:BI83) -> 0 | BJ74: =SUM(BK74:BP74) -> 0 | BK74: =SUM(BK75:BK83) -> 0 | BL74: =SUM(BL75:BL83) -> 0 | BM74: =SUM(BM75:BM83) -> 0 | BN74: =SUM(BN75:BN83) -> 0 | BO74: =SUM(BO75:BO83) -> 0 | BP74: =SUM(BP75:BP83) -> 0 | BQ74: =SUM(BR74:BW74) -> 0 | BR74: =SUM(BR75:BR83) -> 0 | BS74: =SUM(BS75:BS83) -> 0 | BT74: =SUM(BT75:BT83) -> 0 | BU74: =SUM(BU75:BU83) -> 0 | BV74: =SUM(BV75:BV83) -> 0 | BW74: =SUM(BW75:BW83) -> 0 | BX74: =SUM(BY74:CD74) -> 0 | BY74: =SUM(BY75:BY83) -> 0 | BZ74: =SUM(BZ75:BZ83) -> 0 | CA74: =SUM(CA75:CA83) -> 0 | CB74: =SUM(CB75:CB83) -> 0 | CC74: =SUM(CC75:CC83) -> 0 | CD74: =SUM(CD75:CD83) -> 0 | CE74: =SUM(CF74:CK74) -> 0 | CF74: =SUM(CF75:CF83) -> 0 | CG74: =SUM(CG75:CG83) -> 0 | CH74: =SUM(CH75:CH83) -> 0 | CI74: =SUM(CI75:CI83) -> 0 | CJ74: =SUM(CJ75:CJ83) -> 0 | CK74: =SUM(CK75:CK83) -> 0 | CL74: =SUM(CM74:CR74) -> 0 | CM74: =SUM(CM75:CM83) -> 0 | CN74: =SUM(CN75:CN83) -> 0 | CO74: =SUM(CO75:CO83) -> 0 | CP74: =SUM(CP75:CP83) -> 0 | CQ74: =SUM(CQ75:CQ83) -> 0 | CR74: =SUM(CR75:CR83) -> 0 | CS74: =SUM(CT74:CY74) -> 0 | CT74: =SUM(CT75:CT83) -> 0 | CU74: =SUM(CU75:CU83) -> 0 | CV74: =SUM(CV75:CV83) -> 0 | CW74: =SUM(CW75:CW83) -> 0 | CX74: =SUM(CX75:CX83) -> 0 | CY74: =SUM(CY75:CY83) -> 0
D75: Потребители, указанные в пункте 1 критериев, утверждённых Постановлением * | E75: 511 | F75: =SUM(G75:L75) -> 0 | M75: =SUM(N75:S75) -> 0 | T75: =SUM(U75:Z75) -> 0 | AA75: =SUM(AB75:AG75) -> 0 | AH75: =SUM(AI75:AN75) -> 0 | AO75: =SUM(AP75:AU75) -> 0 | AV75: =SUM(AW75:BB75) -> 0 | BC75: =SUM(BD75:BI75) -> 0 | BJ75: =SUM(BK75:BP75) -> 0 | BQ75: =SUM(BR75:BW75) -> 0 | BX75: =SUM(BY75:CD75) -> 0 | CE75: =SUM(CF75:CK75) -> 0 | CL75: =SUM(CM75:CR75) -> 0 | CS75: =SUM(CT75:CY75) -> 0
D76: Потребители, указанные в пункте 2 критериев, утверждённых Постановлением * | E76: 512 | F76: =SUM(G76:L76) -> 0 | M76: =SUM(N76:S76) -> 0 | T76: =SUM(U76:Z76) -> 0 | AA76: =SUM(AB76:AG76) -> 0 | AH76: =SUM(AI76:AN76) -> 0 | AO76: =SUM(AP76:AU76) -> 0 | AV76: =SUM(AW76:BB76) -> 0 | BC76: =SUM(BD76:BI76) -> 0 | BJ76: =SUM(BK76:BP76) -> 0 | BQ76: =SUM(BR76:BW76) -> 0 | BX76: =SUM(BY76:CD76) -> 0 | CE76: =SUM(CF76:CK76) -> 0 | CL76: =SUM(CM76:CR76) -> 0 | CS76: =SUM(CT76:CY76) -> 0
D77: Потребители, указанные в пункте 3 критериев, утверждённых Постановлением * | E77: 513 | F77: =SUM(G77:L77) -> 0 | M77: =SUM(N77:S77) -> 0 | T77: =SUM(U77:Z77) -> 0 | AA77: =SUM(AB77:AG77) -> 0 | AH77: =SUM(AI77:AN77) -> 0 | AO77: =SUM(AP77:AU77) -> 0 | AV77: =SUM(AW77:BB77) -> 0 | BC77: =SUM(BD77:BI77) -> 0 | BJ77: =SUM(BK77:BP77) -> 0 | BQ77: =SUM(BR77:BW77) -> 0 | BX77: =SUM(BY77:CD77) -> 0 | CE77: =SUM(CF77:CK77) -> 0 | CL77: =SUM(CM77:CR77) -> 0 | CS77: =SUM(CT77:CY77) -> 0
D78: Потребители, указанные в пункте 4 критериев, утверждённых Постановлением * | E78: 514 | F78: =SUM(G78:L78) -> 0 | M78: =SUM(N78:S78) -> 0 | T78: =SUM(U78:Z78) -> 0 | AA78: =SUM(AB78:AG78) -> 0 | AH78: =SUM(AI78:AN78) -> 0 | AO78: =SUM(AP78:AU78) -> 0 | AV78: =SUM(AW78:BB78) -> 0 | BC78: =SUM(BD78:BI78) -> 0 | BJ78: =SUM(BK78:BP78) -> 0 | BQ78: =SUM(BR78:BW78) -> 0 | BX78: =SUM(BY78:CD78) -> 0 | CE78: =SUM(CF78:CK78) -> 0 | CL78: =SUM(CM78:CR78) -> 0 | CS78: =SUM(CT78:CY78) -> 0
D79: Потребители, указанные в пункте 5 критериев, утверждённых Постановлением * | E79: 515 | F79: =SUM(G79:L79) -> 0 | M79: =SUM(N79:S79) -> 0 | T79: =SUM(U79:Z79) -> 0 | AA79: =SUM(AB79:AG79) -> 0 | AH79: =SUM(AI79:AN79) -> 0 | AO79: =SUM(AP79:AU79) -> 0 | AV79: =SUM(AW79:BB79) -> 0 | BC79: =SUM(BD79:BI79) -> 0 | BJ79: =SUM(BK79:BP79) -> 0 | BQ79: =SUM(BR79:BW79) -> 0 | BX79: =SUM(BY79:CD79) -> 0 | CE79: =SUM(CF79:CK79) -> 0 | CL79: =SUM(CM79:CR79) -> 0 | CS79: =SUM(CT79:CY79) -> 0
D80: Потребители, указанные в пункте 6 критериев, утверждённых Постановлением * | E80: 516 | F80: =SUM(G80:L80) -> 0 | M80: =SUM(N80:S80) -> 0 | T80: =SUM(U80:Z80) -> 0 | AA80: =SUM(AB80:AG80) -> 0 | AH80: =SUM(AI80:AN80) -> 0 | AO80: =SUM(AP80:AU80) -> 0 | AV80: =SUM(AW80:BB80) -> 0 | BC80: =SUM(BD80:BI80) -> 0 | BJ80: =SUM(BK80:BP80) -> 0 | BQ80: =SUM(BR80:BW80) -> 0 | BX80: =SUM(BY80:CD80) -> 0 | CE80: =SUM(CF80:CK80) -> 0 | CL80: =SUM(CM80:CR80) -> 0 | CS80: =SUM(CT80:CY80) -> 0
D81: Потребители, указанные в пункте 7 критериев, утверждённых Постановлением * | E81: 517 | F81: =SUM(G81:L81) -> 0 | M81: =SUM(N81:S81) -> 0 | T81: =SUM(U81:Z81) -> 0 | AA81: =SUM(AB81:AG81) -> 0 | AH81: =SUM(AI81:AN81) -> 0 | AO81: =SUM(AP81:AU81) -> 0 | AV81: =SUM(AW81:BB81) -> 0 | BC81: =SUM(BD81:BI81) -> 0 | BJ81: =SUM(BK81:BP81) -> 0 | BQ81: =SUM(BR81:BW81) -> 0 | BX81: =SUM(BY81:CD81) -> 0 | CE81: =SUM(CF81:CK81) -> 0 | CL81: =SUM(CM81:CR81) -> 0 | CS81: =SUM(CT81:CY81) -> 0
D82: Потребители, указанные в пункте 8 критериев, утверждённых Постановлением * | E82: 518 | F82: =SUM(G82:L82) -> 0 | M82: =SUM(N82:S82) -> 0 | T82: =SUM(U82:Z82) -> 0 | AA82: =SUM(AB82:AG82) -> 0 | AH82: =SUM(AI82:AN82) -> 0 | AO82: =SUM(AP82:AU82) -> 0 | AV82: =SUM(AW82:BB82) -> 0 | BC82: =SUM(BD82:BI82) -> 0 | BJ82: =SUM(BK82:BP82) -> 0 | BQ82: =SUM(BR82:BW82) -> 0 | BX82: =SUM(BY82:CD82) -> 0 | CE82: =SUM(CF82:CK82) -> 0 | CL82: =SUM(CM82:CR82) -> 0 | CS82: =SUM(CT82:CY82) -> 0
D83: Потребители, указанные в пункте 9 критериев, утверждённых Постановлением * | E83: 519 | F83: =SUM(G83:L83) -> 0 | M83: =SUM(N83:S83) -> 0 | T83: =SUM(U83:Z83) -> 0 | AA83: =SUM(AB83:AG83) -> 0 | AH83: =SUM(AI83:AN83) -> 0 | AO83: =SUM(AP83:AU83) -> 0 | AV83: =SUM(AW83:BB83) -> 0 | BC83: =SUM(BD83:BI83) -> 0 | BJ83: =SUM(BK83:BP83) -> 0 | BQ83: =SUM(BR83:BW83) -> 0 | BX83: =SUM(BY83:CD83) -> 0 | CE83: =SUM(CF83:CK83) -> 0 | CL83: =SUM(CM83:CR83) -> 0 | CS83: =SUM(CT83:CY83) -> 0
D84: Промышленные и приравненные к ним потребители | E84: 520 | F84: =SUM(G84:L84) -> 0 | M84: =SUM(N84:S84) -> 0 | T84: =SUM(U84:Z84) -> 0 | AA84: =SUM(AB84:AG84) -> 0 | AH84: =SUM(AI84:AN84) -> 0 | AO84: =SUM(AP84:AU84) -> 0 | AV84: =SUM(AW84:BB84) -> 0 | BC84: =SUM(BD84:BI84) -> 0 | BJ84: =SUM(BK84:BP84) -> 0 | BQ84: =SUM(BR84:BW84) -> 0 | BX84: =SUM(BY84:CD84) -> 0 | CE84: =SUM(CF84:CK84) -> 0 | CL84: =SUM(CM84:CR84) -> 0 | CS84: =SUM(CT84:CY84) -> 0
D85: Электрифицированный железнодорожный транспорт | E85: 530 | F85: =SUM(G85:L85) -> 0 | M85: =SUM(N85:S85) -> 0 | T85: =SUM(U85:Z85) -> 0 | AA85: =SUM(AB85:AG85) -> 0 | AH85: =SUM(AI85:AN85) -> 0 | AO85: =SUM(AP85:AU85) -> 0 | AV85: =SUM(AW85:BB85) -> 0 | BC85: =SUM(BD85:BI85) -> 0 | BJ85: =SUM(BK85:BP85) -> 0 | BQ85: =SUM(BR85:BW85) -> 0 | BX85: =SUM(BY85:CD85) -> 0 | CE85: =SUM(CF85:CK85) -> 0 | CL85: =SUM(CM85:CR85) -> 0 | CS85: =SUM(CT85:CY85) -> 0
D86: Электрифицированный городской транспорт | E86: 540 | F86: =SUM(G86:L86) -> 0 | M86: =SUM(N86:S86) -> 0 | T86: =SUM(U86:Z86) -> 0 | AA86: =SUM(AB86:AG86) -> 0 | AH86: =SUM(AI86:AN86) -> 0 | AO86: =SUM(AP86:AU86) -> 0 | AV86: =SUM(AW86:BB86) -> 0 | BC86: =SUM(BD86:BI86) -> 0 | BJ86: =SUM(BK86:BP86) -> 0 | BQ86: =SUM(BR86:BW86) -> 0 | BX86: =SUM(BY86:CD86) -> 0 | CE86: =SUM(CF86:CK86) -> 0 | CL86: =SUM(CM86:CR86) -> 0 | CS86: =SUM(CT86:CY86) -> 0
... D90: Иные потребители (покупатели) | E90: 580 | F90: =SUM(G90:L90) -> 0 | M90: =SUM(N90:S90) -> 0 | T90: =SUM(U90:Z90) -> 0 | AA90: =SUM(AB90:AG90) -> 0 | AH90: =SUM(AI90:AN90) -> 0 | AO90: =SUM(AP90:AU90) -> 0 | AV90: =SUM(AW90:BB90) -> 0 | BC90: =SUM(BD90:BI90) -> 0 | BJ90: =SUM(BK90:BP90) -> 0 | BQ90: =SUM(BR90:BW90) -> 0 | BX90: =SUM(BY90:CD90) -> 0 | CE90: =SUM(CF90:CK90) -> 0 | CL90: =SUM(CM90:CR90) -> 0 | CS90: =SUM(CT90:CY90) -> 0
D94: Полезный отпуск - всего | E94: 700 | F94: =SUM(G94:L94) -> 12516.071 | G94: =SUM(G18,G73) -> 0 | H94: =SUM(H18,H73) -> 128.86325 | I94: =SUM(I18,I73) -> 7297.9414 | J94: =SUM(J18,J73) -> 5089.2661 | K94: =SUM(K18,K73) -> 0 | L94: =SUM(L18,L73) -> 0 | M94: =SUM(N94:S94) -> 112557.43 | N94: =SUM(N18,N73) -> 0 | O94: =SUM(O18,O73) -> 1109.6711 | P94: =SUM(P18,P73) -> 64938.261 | Q94: =SUM(Q18,Q73) -> 46509.498 | R94: =SUM(R18,R73) -> 0 | S94: =SUM(S18,S73) -> 0 | T94: =SUM(U94:Z94) -> 319.3738 | U94: =SUM(U18,U73) -> 0 | V94: =SUM(V18,V73) -> 0 | W94: =SUM(W18,W73) -> 315.75838 | X94: =SUM(X18,X73) -> 3.615411 | Y94: =SUM(Y18,Y73) -> 0 | Z94: =SUM(Z18,Z73) -> 0 | AA94: =SUM(AB94:AG94) -> 2869.5725 | AB94: =SUM(AB18,AB73) -> 0 | AC94: =SUM(AC18,AC73) -> 0 | AD94: =SUM(AD18,AD73) -> 2836.4626 | AE94: =SUM(AE18,AE73) -> 33.10991 | AF94: =SUM(AF18,AF73) -> 0 | AG94: =SUM(AG18,AG73) -> 0 | AH94: =SUM(AI94:AN94) -> 3522.0731 | AI94: =SUM(AI18,AI73) -> 0 | AJ94: =SUM(AJ18,AJ73) -> 2156.7365 | AK94: =SUM(AK18,AK73) -> 1343.1396 | AL94: =SUM(AL18,AL73) -> 22.19699 | AM94: =SUM(AM18,AM73) -> 0 | AN94: =SUM(AN18,AN73) -> 0 | AO94: =SUM(AP94:AU94) -> 24593.529 | AP94: =SUM(AP18,AP73) -> 0 | AQ94: =SUM(AQ18,AQ73) -> 14700.112 | AR94: =SUM(AR18,AR73) -> 9729.7407 | AS94: =SUM(AS18,AS73) -> 163.67624 | AT94: =SUM(AT18,AT73) -> 0 | AU94: =SUM(AU18,AU73) -> 0 | AV94: =SUM(AW94:BB94) -> 5.169207 | AW94: =SUM(AW18,AW73) -> 0 | AX94: =SUM(AX18,AX73) -> 2.940342 | AY94: =SUM(AY18,AY73) -> 2.191685 | AZ94: =SUM(AZ18,AZ73) -> 0.03718 | BA94: =SUM(BA18,BA73) -> 0 | BB94: =SUM(BB18,BB73) -> 0 | BC94: =SUM(BD94:BI94) -> 5951.3257 | BD94: =SUM(BD18,BD73) -> 0 | BE94: =SUM(BE18,BE73) -> 3385.2258 | BF94: =SUM(BF18,BF73) -> 2523.2945 | BG94: =SUM(BG18,BG73) -> 42.80546 | BH94: =SUM(BH18,BH73) -> 0 | BI94: =SUM(BI18,BI73) -> 0 | BJ94: =SUM(BK94:BP94) -> 4061.4463 | BK94: =SUM(BK18,BK73) -> 0 | BL94: =SUM(BL18,BL73) -> 0 | BM94: =SUM(BM18,BM73) -> 217.17771 | BN94: =SUM(BN18,BN73) -> 3844.2685 | BO94: =SUM(BO18,BO73) -> 0 | BP94: =SUM(BP18,BP73) -> 0 | BQ94: =SUM(BR94:BW94) -> 14701.4 | BR94: =SUM(BR18,BR73) -> 0 | BS94: =SUM(BS18,BS73) -> 0 | BT94: =SUM(BT18,BT73) -> 705.60098 | BU94: =SUM(BU18,BU73) -> 13995.799 | BV94: =SUM(BV18,BV73) -> 0 | BW94: =SUM(BW18,BW73) -> 0 | BX94: =SUM(BY94:CD94) -> 6.898006 | BY94: =SUM(BY18,BY73) -> 0 | BZ94: =SUM(BZ18,BZ73) -> 0 | CA94: =SUM(CA18,CA73) -> 0.34006 | CB94: =SUM(CB18,CB73) -> 6.557946 | CC94: =SUM(CC18,CC73) -> 0 | CD94: =SUM(CD18,CD73) -> 0 | CE94: =SUM(CF94:CK94) -> 7941.698 | CF94: =SUM(CF18,CF73) -> 0 | CG94: =SUM(CG18,CG73) -> 0 | CH94: =SUM(CH18,CH73) -> 391.51225 | CI94: =SUM(CI18,CI73) -> 7550.1857 | CJ94: =SUM(CJ18,CJ73) -> 0 | CK94: =SUM(CK18,CK73) -> 0 | CL94: =SUM(CM94:CR94) -> 7.489472 | CM94: =SUM(CM18,CM73) -> 0 | CN94: =SUM(CN18,CN73) -> 0 | CO94: =SUM(CO18,CO73) -> 0.376606 | CP94: =SUM(CP18,CP73) -> 7.112866 | CQ94: =SUM(CQ18,CQ73) -> 0 | CR94: =SUM(CR18,CR73) -> 0 | CS94: =SUM(CT94:CY94) -> 8350.5455 | CT94: =SUM(CT18,CT73) -> 0 | CU94: =SUM(CU18,CU73) -> 0 | CV94: =SUM(CV18,CV73) -> 1054.1739 | CW94: =SUM(CW18,CW73) -> 7296.3716 | CX94: =SUM(CX18,CX73) -> 0 | CY94: =SUM(CY18,CY73) -> 0

Sheet 2
F1: 1PC | G1: 1PC | H1: 2PC | I1: 2PC | J1: 34PC | K1: 34PC | L1: 34PC | M1: 34PC | N1: 56PC | O1: 56PC | P1: 56PC | Q1: 56PC
F3: enrVlm1pc | G3: enrCost1pc | H3: enrVlm2pc | I3: enrCost2pc | J3: enrVlm34pc | K3: enrCost34pc | L3: pwrVlm34pc | M3: pwrCost34pc | N3: enrVlm56pc | O3: enrCost56pc | P3: pwrVlm56pc | Q3: pwrCost56pc
D8: Раздел I. Полезный отпуск электроэнергии и мощности, реализуемой по нерегулируемым ценам
D9: Б. Полезный отпуск электроэнергии и мощности, реализуемой по нерегулируемым (в ценовых зонах ОРЭ) и по регулируемым (в неценовых зонах ОРЭ) ценам по договорам купли-продажи
D10: ООО "Нижневартовская энергосбытовая компания" | Q10: Коды по ОКЕИ: 1000 киловатт-часов – 245, мегаватт – 215, тысяча рублей – 384
D11: * Постановление Правительства Российской Федерации от 26 ноября 2021 г. №2062 | G11: без НДС | I11: без НДС | K11: без НДС | M11: без НДС | O11: без НДС | Q11: без НДС
D12: Потребители | E12: Код строки | F12: 1 ценовая категория | H12: 2 ценовая категория | J12: 3 и 4 ценовые категории | L12: 3 и 4 ценовые категории | N12: 5 и 6 ценовые категории | P12: 5 и 6 ценовые категории
F13: Объём электрической энергии (мощности) потребителей за отчётный месяц (год) | G13: Стоимость электрической энергии (мощности) потребителей за отчётный месяц (год) | H13: Объём электрической энергии (мощности) потребителей за отчётный месяц (год) | I13: Стоимость электрической энергии (мощности) потребителей за отчётный месяц (год) | J13: Объём электрической энергии потребителей за отчётный месяц (год) | K13: Стоимость электрической энергии потребителей за отчётный месяц (год) | L13: Объём электрической мощности за отчётный месяц (год) | M13: Стоимость электрической мощности за отчётный месяц (год) | N13: Объём электрической энергии потребителей за отчётный месяц (год) | O13: Стоимость электрической энергии потребителей за отчётный месяц (год) | P13: Объём электрической мощности за отчётный месяц (год) | Q13: Стоимость электрической мощности за отчётный месяц (год)
F16: тыс.кВтч | G16: тыс.руб. | H16: тыс.кВтч | I16: тыс.руб. | J16: тыс.кВтч | K16: тыс.руб. | L16: МВт | M16: тыс.руб. | N16: тыс.кВтч | O16: тыс.руб. | P16: МВт | Q16: тыс.руб.
D17: 1 | E17: 2 | F17: 3 | G17: 4 | H17: 5 | I17: 6 | J17: 7 | K17: 8 | L17: 9 | M17: 10 | N17: 11 | O17: 12 | P17: 13 | Q17: 14
D18: Поставка электрической энергии гарантирующим поставщиком потребителям (покупателям), функционирующим в зоне деятельности данного ГП | E18: 100 | F18: =SUM(F19,F37,F55) -> 131.06511 | G18: =SUM(G19,G37,G55) -> 595.23612 | H18: =SUM(H19,H37,H55) -> 0 | I18: =SUM(I19,I37,I55) -> 0 | J18: =SUM(J19,J37,J55) -> 8.52637 | K18: =SUM(K19,K37,K55) -> 27.64225 | L18: =SUM(L19,L37,L55) -> 0.014058 | M18: =SUM(M19,M37,M55) -> 16.18502 | ... Q18: =SUM(Q19,Q37,Q55) -> 0
D19: Потребители с максимальной мощностью принадлежащих им энергопринимающих устройств не менее 10 МВт | E19: 200 | F19: =SUM(F20,F30:F36) -> 0 | G19: =SUM(G20,G30:G36) -> 0 | H19: =SUM(H20,H30:H36) -> 0 | I19: =SUM(I20,I30:I36) -> 0 | J19: =SUM(J20,J30:J36) -> 0 | K19: =SUM(K20,K30:K36) -> 0 | L19: =SUM(L20,L30:L36) -> 0 | M19: =SUM(M20,M30:M36) -> 0 | ... Q19: =SUM(Q20,Q30:Q36) -> 0
D20: Потребители электрической энергии (мощности) на территории Дальневосточного федерального округа, в отношении которых осуществляется доведение цен (тарифов) на электрическую энергию (мощность) до базовых уровней цен (тарифов) на электрическую энергию (мощность) | E20: 210 | F20: =SUM(F21:F29) -> 0 | G20: =SUM(G21:G29) -> 0 | H20: =SUM(H21:H29) -> 0 | I20: =SUM(I21:I29) -> 0 | J20: =SUM(J21:J29) -> 0 | K20: =SUM(K21:K29) -> 0 | L20: =SUM(L21:L29) -> 0 | M20: =SUM(M21:M29) -> 0 | ... Q20: =SUM(Q21:Q29) -> 0
D21: Потребители, указанные в пункте 1 критериев, утверждённых Постановлением * | E21: 211
D22: Потребители, указанные в пункте 2 критериев, утверждённых Постановлением * | E22: 212
D23: Потребители, указанные в пункте 3 критериев, утверждённых Постановлением * | E23: 213
D24: Потребители, указанные в пункте 4 критериев, утверждённых Постановлением * | E24: 214
D25: Потребители, указанные в пункте 5 критериев, утверждённых Постановлением * | E25: 215
D26: Потребители, указанные в пункте 6 критериев, утверждённых Постановлением * | E26: 216
D27: Потребители, указанные в пункте 7 критериев, утверждённых Постановлением * | E27: 217
D28: Потребители, указанные в пункте 8 критериев, утверждённых Постановлением * | E28: 218
D29: Потребители, указанные в пункте 9 критериев, утверждённых Постановлением * | E29: 219
D30: Промышленные и приравненные к ним потребители | E30: 220
D31: Электрифицированный железнодорожный транспорт | E31: 230
D32: Электрифицированный городской транспорт | E32: 240
... D36: Иные потребители (покупатели) | E36: 280
D37: Потребители с максимальной мощностью принадлежащих им энергопринимающих устройств от 670 кВт до 10 МВт | E37: 300 | F37: =SUM(F38,F48:F54) -> 0 | G37: =SUM(G38,G48:G54) -> 0 | H37: =SUM(H38,H48:H54) -> 0 | I37: =SUM(I38,I48:I54) -> 0 | J37: =SUM(J38,J48:J54) -> 0 | K37: =SUM(K38,K48:K54) -> 0 | L37: =SUM(L38,L48:L54) -> 0 | M37: =SUM(M38,M48:M54) -> 0 | ... Q37: =SUM(Q38,Q48:Q54) -> 0
D38: Потребители электрической энергии (мощности) на территории Дальневосточного федерального округа, в отношении которых осуществляется доведение цен (тарифов) на электрическую энергию (мощность) до базовых уровней цен (тарифов) на электрическую энергию (мощность) | E38: 310 | F38: =SUM(F39:F47) -> 0 | G38: =SUM(G39:G47) -> 0 | H38: =SUM(H39:H47) -> 0 | I38: =SUM(I39:I47) -> 0 | J38: =SUM(J39:J47) -> 0 | K38: =SUM(K39:K47) -> 0 | L38: =SUM(L39:L47) -> 0 | M38: =SUM(M39:M47) -> 0 | ... Q38: =SUM(Q39:Q47) -> 0
D39: Потребители, указанные в пункте 1 критериев, утверждённых Постановлением * | E39: 311
D40: Потребители, указанные в пункте 2 критериев, утверждённых Постановлением * | E40: 312
D41: Потребители, указанные в пункте 3 критериев, утверждённых Постановлением * | E41: 313
D42: Потребители, указанные в пункте 4 критериев, утверждённых Постановлением * | E42: 314
D43: Потребители, указанные в пункте 5 критериев, утверждённых Постановлением * | E43: 315
D44: Потребители, указанные в пункте 6 критериев, утверждённых Постановлением * | E44: 316
D45: Потребители, указанные в пункте 7 критериев, утверждённых Постановлением * | E45: 317
D46: Потребители, указанные в пункте 8 критериев, утверждённых Постановлением * | E46: 318
D47: Потребители, указанные в пункте 9 критериев, утверждённых Постановлением * | E47: 319
D48: Промышленные и приравненные к ним потребители | E48: 320
D49: Электрифицированный железнодорожный транспорт | E49: 330
D50: Электрифицированный городской транспорт | E50: 340
... D54: Иные потребители (покупатели) | E54: 380
D55: Потребители с максимальной мощностью принадлежащих им энергопринимающих устройств менее 670 кВт | E55: 400 | F55: =SUM(F56,F66:F72) -> 131.06511 | G55: =SUM(G56,G66:G72) -> 595.23612 | H55: =SUM(H56,H66:H72) -> 0 | I55: =SUM(I56,I66:I72) -> 0 | J55: =SUM(J56,J66:J72) -> 8.52637 | K55: =SUM(K56,K66:K72) -> 27.64225 | L55: =SUM(L56,L66:L72) -> 0.014058 | M55: =SUM(M56,M66:M72) -> 16.18502 | ... Q55: =SUM(Q56,Q66:Q72) -> 0
D56: Потребители электрической энергии (мощности) на территории Дальневосточного федерального округа, в отношении которых осуществляется доведение цен (тарифов) на электрическую энергию (мощность) до базовых уровней цен (тарифов) на электрическую энергию (мощность) | E56: 410 | F56: =SUM(F57:F65) -> 0 | G56: =SUM(G57:G65) -> 0 | H56: =SUM(H57:H65) -> 0 | I56: =SUM(I57:I65) -> 0 | J56: =SUM(J57:J65) -> 0 | K56: =SUM(K57:K65) -> 0 | L56: =SUM(L57:L65) -> 0 | M56: =SUM(M57:M65) -> 0 | ... Q56: =SUM(Q57:Q65) -> 0
D57: Потребители, указанные в пункте 1 критериев, утверждённых Постановлением * | E57: 411
D58: Потребители, указанные в пункте 2 критериев, утверждённых Постановлением * | E58: 412
D59: Потребители, указанные в пункте 3 критериев, утверждённых Постановлением * | E59: 413
D60: Потребители, указанные в пункте 4 критериев, утверждённых Постановлением * | E60: 414
D61: Потребители, указанные в пункте 5 критериев, утверждённых Постановлением * | E61: 415
D62: Потребители, указанные в пункте 6 критериев, утверждённых Постановлением * | E62: 416
D63: Потребители, указанные в пункте 7 критериев, утверждённых Постановлением * | E63: 417
D64: Потребители, указанные в пункте 8 критериев, утверждённых Постановлением * | E64: 418
D65: Потребители, указанные в пункте 9 критериев, утверждённых Постановлением * | E65: 419
D66: Промышленные и приравненные к ним потребители | E66: 420
D67: Электрифицированный железнодорожный транспорт | E67: 430
D68: Электрифицированный городской транспорт | E68: 440
D69: Непромышленные потребители | E69: 450 | F69: 131.06511 | G69: 595.23612 | J69: 8.52637 | K69: 27.64225 | L69: 0.014058 | M69: 16.18502
D70: Сельскохозяйственные товаропроизводители | E70: 460
D71: Бюджетные потребители | E71: 470
D72: Иные потребители (покупатели) | E72: 480
D73: Поставка электрической энергии гарантирующим поставщиком потребителям (покупателям), функционирующим вне зоны деятельности данного ГП, а также поставка электрической энергии независимыми энергосбытовыми, энергоснабжающими организациями потребителям | E73: 500 | F73: =SUM(F74,F84:F90) -> 0 | G73: =SUM(G74,G84:G90) -> 0 | H73: =SUM(H74,H84:H90) -> 0 | I73: =SUM(I74,I84:I90) -> 0 | J73: =SUM(J74,J84:J90) -> 0 | K73: =SUM(K74,K84:K90) -> 0 | L73: =SUM(L74,L84:L90) -> 0 | M73: =SUM(M74,M84:M90) -> 0 | ... Q73: =SUM(Q74,Q84:Q90) -> 0
D74: Потребители электрической энергии (мощности) на территории Дальневосточного федерального округа, в отношении которых осуществляется доведение цен (тарифов) на электрическую энергию (мощность) до базовых уровней цен (тарифов) на электрическую энергию (мощность) | E74: 510 | F74: =SUM(F75:F83) -> 0 | G74: =SUM(G75:G83) -> 0 | H74: =SUM(H75:H83) -> 0 | I74: =SUM(I75:I83) -> 0 | J74: =SUM(J75:J83) -> 0 | K74: =SUM(K75:K83) -> 0 | L74: =SUM(L75:L83) -> 0 | M74: =SUM(M75:M83) -> 0 | ... Q74: =SUM(Q75:Q83) -> 0
D75: Потребители, указанные в пункте 1 критериев, утверждённых Постановлением * | E75: 511
D76: Потребители, указанные в пункте 2 критериев, утверждённых Постановлением * | E76: 512
D77: Потребители, указанные в пункте 3 критериев, утверждённых Постановлением * | E77: 513
D78: Потребители, указанные в пункте 4 критериев, утверждённых Постановлением * | E78: 514
D79: Потребители, указанные в пункте 5 критериев, утверждённых Постановлением * | E79: 515
D80: Потребители, указанные в пункте 6 критериев, утверждённых Постановлением * | E80: 516
D81: Потребители, указанные в пункте 7 критериев, утверждённых Постановлением * | E81: 517
D82: Потребители, указанные в пункте 8 критериев, утверждённых Постановлением * | E82: 518
D83: Потребители, указанные в пункте 9 критериев, утверждённых Постановлением * | E83: 519
D84: Промышленные и приравненные к ним потребители | E84: 520
D85: Электрифицированный железнодорожный транспорт | E85: 530
D86: Электрифицированный городской транспорт | E86: 540
... D90: Иные потребители (покупатели) | E90: 580
D91: Поставка электрической энергии сетевым организациям для целей компенсации потерь электрической энергии (мощности) | E91: 700 | F91: =SUM(F92:F93) -> 5823.7222 | G91: =SUM(G92:G93) -> 23900.062 | H91: =SUM(H92:H93) -> 0 | I91: =SUM(I92:I93) -> 0 | J91: =SUM(J92:J93) -> 0 | K91: =SUM(K92:K93) -> 0 | L91: =SUM(L92:L93) -> 0 | M91: =SUM(M92:M93) -> 0 | ... Q91: =SUM(Q92:Q93) -> 0
D92: Поставка электрической энергии сетевым организациям для целей компенсации потерь электрической энергии (мощности) в пределах балансовых показателей | E92: 710 | F92: =3715.2+0.470161 -> 3715.6702 | G92: =15238.97+1.9285 -> 15240.898
D93: Поставка электрической энергии сетевым организациям для целей компенсации потерь электрической энергии (мощности) сверх балансовых показателей | E93: 720 | F93: 2108.052 | G93: 8659.164
D94: Полезный отпуск - всего | E94: 800 | F94: =SUM(F18,F73,F91) -> 5954.7873 | G94: =SUM(G18,G73,G91) -> 24495.299 | H94: =SUM(H18,H73,H91) -> 0 | I94: =SUM(I18,I73,I91) -> 0 | J94: =SUM(J18,J73,J91) -> 8.52637 | K94: =SUM(K18,K73,K91) -> 27.64225 | L94: =SUM(L18,L73,L91) -> 0.014058 | M94: =SUM(M18,M73,M91) -> 16.18502 | ... Q94: =SUM(Q18,Q73,Q91) -> 0

Sheet 3
F3: ctznVlmTtl | G3: ctznCostTaxTtl | H3: ctznCostNoTaxTtl | I3: ctznVlm1st | J3: ctznCostTax1st | K3: ctznCostNoTax1st | L3: ctznVlm2znNight | M3: ctznVlm2znDay | N3: ctznCostTax2znNight | O3: ctznCostTax2znDay | P3: ctznCostNoTax2znNight | Q3: ctznCostNoTax2znDay | R3: ctznVlm3znNight | S3: ctznVlm3znPeak | T3: ctznVlm3znSemiPeak | U3: ctznCostTax3znNight | V3: ctznCostTax3znPeak | W3: ctznCostTax3znSemiPeak | X3: ctznCostNoTax3znNight | Y3: ctznCostNoTax3znPeak | Z3: ctznCostNoTax3znSemiPeak
D8: Раздел I. Полезный отпуск электроэнергии и мощности, реализуемой по регулируемым тарифам (ценам)
D9: В. Полезный отпуск электроэнергии, реализуемой населению и приравненным к нему категориям потребителей
D10: ООО "Нижневартовская энергосбытовая компания" | Z10: Коды по ОКЕИ: 1000 киловатт-часов – 245, мегаватт – 215, тысяча рублей – 384
G11: с НДС | H11: без НДС | J11: с НДС | K11: без НДС | N11: с НДС | P11: без НДС | U11: с НДС | X11: без НДС
D12: Потребители | E12: Код строки | F12: Объём электрической энергии за отчётный месяц (год) | G12: Стоимость электрической энергии за отчётный месяц (год) | I12: Объём электрической энергии потребителей, осуществляющих оплату по одноставочному тарифу за отчётный месяц (год) | J12: Стоимость электрической энергии потребителей, осуществляющих оплату по одноставочному тарифу за отчётный месяц (год) | L12: Объём электрической энергии потребителей, осуществляющих оплату по зонным тарифам по двум зонам суток за отчётный месяц (год) | N12: Стоимость электрической энергии потребителей, осуществляющих оплату по зонным тарифам по двум зонам суток за отчётный месяц (год) | P12: Стоимость электрической энергии потребителей, осуществляющих оплату по зонным тарифам по двум зонам суток за отчётный месяц (год) | R12: Объём электрической энергии потребителей, осуществляющих оплату по зонным тарифам по трём зонам суток за отчётный месяц (год) | U12: Стоимость электрической энергии потребителей, осуществляющих оплату по зонным тарифам по трём зонам суток за отчётный месяц (год) | X12: Стоимость электрической энергии потребителей, осуществляющих оплату по зонным тарифам по трём зонам суток за отчётный месяц (год)
F13: всего | G13: всего | H13: всего | I13: всего | J13: всего | K13: всего | L13: ночь | M13: день | N13: ночь | O13: день | P13: ночь | Q13: день | R13: ночь | S13: пик | T13: полупик | U13: ночь | V13: пик | W13: полупик | X13: ночь | Y13: пик | Z13: полупик
F16: тыс.кВтч | G16: тыс.руб. | H16: тыс.руб. | I16: тыс.кВтч | J16: тыс.руб. | K16: тыс.руб. | L16: тыс.кВтч | M16: тыс.кВтч | N16: тыс.руб. | O16: тыс.руб. | P16: тыс.руб. | Q16: тыс.руб. | R16: тыс.кВтч | S16: тыс.кВтч | T16: тыс.кВтч | U16: тыс.руб. | V16: тыс.руб. | W16: тыс.руб. | X16: тыс.руб. | Y16: тыс.руб. | Z16: тыс.руб.
D17: 1 | E17: 2 | F17: 3 | G17: 4 | H17: 5 | I17: 6 | J17: 7 | K17: 8 | L17: 9 | M17: 10 | N17: 11 | O17: 12 | P17: 13 | Q17: 14 | R17: 15 | S17: 16 | T17: 17 | U17: 18 | V17: 19 | W17: 20 | X17: 21 | Y17: 22 | Z17: 23
D18: Всего по населению и приравненным к нему категориям | E18: 100 | F18: =SUM(F19,F20) -> 21405.342 | G18: =SUM(G19,G20) -> 58475.499 | H18: =SUM(H19,H20) -> 48093.322 | I18: =SUM(I19,I20) -> 7764.1515 | J18: =SUM(J19,J20) -> 22915.55 | K18: =SUM(K19,K20) -> 18945.823 | L18: =SUM(L19,L20) -> 3524.7934 | M18: =SUM(M19,M20) -> 10116.397 | ... Z18: =SUM(Z19,Z20) -> 0
D19: в пределах социальной нормы | E19: 110 | F19: =SUM(I19,L19:M19,R19:T19) -> 21405.342 | G19: =SUM(J19,N19:O19,U19:W19) -> 58475.499 | H19: =SUM(K19,P19:Q19,X19:Z19) -> 48093.322 | I19: =SUM(I22,I40) -> 7764.1515 | J19: =SUM(J22,J40) -> 22915.55 | K19: =SUM(K22,K40) -> 18945.823 | L19: =SUM(L22,L40) -> 3524.7934 | M19: =SUM(M22,M40) -> 10116.397 | N19: =SUM(N22,N40) -> 6707.241 | O19: =SUM(O22,O40) -> 28852.709 | P19: =SUM(P22,P40) -> 5497.7385 | ... Z19: =SUM(Z22,Z40) -> 0
D20: сверх социальной нормы | E20: 120 | F20: =SUM(I20,L20:M20,R20:T20) -> 0 | G20: =SUM(J20,N20:O20,U20:W20) -> 0 | H20: =SUM(K20,P20:Q20,X20:Z20) -> 0 | I20: =SUM(I23,I41) -> 0 | J20: =SUM(J23,J41) -> 0 | K20: =SUM(K23,K41) -> 0 | L20: =SUM(L23,L41) -> 0 | M20: =SUM(M23,M41) -> 0 | N20: =SUM(N23,N41) -> 0 | O20: =SUM(O23,O41) -> 0 | P20: =SUM(P23,P41) -> 0 | ... Z20: =SUM(Z23,Z41) -> 0
D21: Население, всего | E21: 200 | F21: =SUM(F22,F23) -> 20318.295 | G21: =SUM(G22,G23) -> 54763.123 | H21: =SUM(H22,H23) -> 45050.39 | I21: =SUM(I22,I23) -> 7705.1084 | J21: =SUM(J22,J23) -> 22650.18 | K21: =SUM(K22,K23) -> 18728.306 | L21: =SUM(L22,L23) -> 3249.054 | M21: =SUM(M22,M23) -> 9364.1326 | ... Z21: =SUM(Z22,Z23) -> 0
D22: в пределах социальной нормы | E22: 201 | F22: =SUM(I22,L22:M22,R22:T22) -> 20318.295 | G22: =SUM(J22,N22:O22,U22:W22) -> 54763.123 | H22: =SUM(K22,P22:Q22,X22:Z22) -> 45050.39 | I22: =SUM(I25,I28,I31,I34,I37) -> 7705.1084 | J22: =SUM(J25,J28,J31,J34,J37) -> 22650.18 | K22: =SUM(K25,K28,K31,K34,K37) -> 18728.306 | L22: =SUM(L25,L28,L31,L34,L37) -> 3249.054 | M22: =SUM(M25,M28,M31,M34,M37) -> 9364.1326 | N22: =SUM(N25,N28,N31,N34,N37) -> 6001.3962 | O22: =SUM(O25,O28,O31,O34,O37) -> 26111.547 | P22: =SUM(P25,P28,P31,P34,P37) -> 4919.1772 | ... Z22: =SUM(Z25,Z28,Z31,Z34,Z37) -> 0
D23: сверх социальной нормы | E23: 202 | F23: =SUM(I23,L23:M23,R23:T23) -> 0 | G23: =SUM(J23,N23:O23,U23:W23) -> 0 | H23: =SUM(K23,P23:Q23,X23:Z23) -> 0 | I23: =SUM(I26,I29,I32,I35,I38) -> 0 | J23: =SUM(J26,J29,J32,J35,J38) -> 0 | K23: =SUM(K26,K29,K32,K35,K38) -> 0 | L23: =SUM(L26,L29,L32,L35,L38) -> 0 | M23: =SUM(M26,M29,M32,M35,M38) -> 0 | N23: =SUM(N26,N29,N32,N35,N38) -> 0 | O23: =SUM(O26,O29,O32,O35,O38) -> 0 | P23: =SUM(P26,P29,P32,P35,P38) -> 0 | ... Z23: =SUM(Z26,Z29,Z32,Z35,Z38) -> 0
D24: Население, не относящееся к категории населения, проживающего в городских населенных пунктах в домах, оборудованных стационарными электроплитами и (или) электроотопительными установками, и категории населения, проживающего в сельских населенных пунктах, а также приравненные к нему категории | E24: 210 | F24: =SUM(F25,F26) -> 579.06 | G24: =SUM(G25,G26) -> 2098.3299 | H24: =SUM(H25,H26) -> 1882.5276 | I24: =SUM(I25,I26) -> 73.07542 | J24: =SUM(J25,J26) -> 306.98743 | K24: =SUM(K25,K26) -> 414.21405 | L24: =SUM(L25,L26) -> 130.36343 | M24: =SUM(M25,M26) -> 375.62115 | ... Z24: =SUM(Z25,Z26) -> 0
D25: в пределах социальной нормы | E25: 211 | F25: =SUM(I25,L25:M25,R25:T25) -> 579.06 | G25: =SUM(J25,N25:O25,U25:W25) -> 2098.3299 | H25: =SUM(K25,P25:Q25,X25:Z25) -> 1882.5276 | I25: 73.07542 | J25: 306.98743 | K25: 414.21405 | L25: 130.36343 | M25: 375.62115 | N25: 335.0211 | O25: 1456.3214 | P25: 274.60746 | Q25: 1193.7061
D26: сверх социальной нормы | E26: 212 | F26: =SUM(I26,L26:M26,R26:T26) -> 0 | G26: =SUM(J26,N26:O26,U26:W26) -> 0 | H26: =SUM(K26,P26:Q26,X26:Z26) -> 0
D27: Население, проживающее в городских населенных пунктах в домах, оборудованных стационарными электроплитами и электроотопительными установками, а также приравненные к нему категории | E27: 220 | F27: =SUM(F28,F29) -> 391.19358 | G27: =SUM(G28,G29) -> 988.73094 | H27: =SUM(H28,H29) -> 810.4352 | I27: =SUM(I28,I29) -> 27.891929 | J27: =SUM(J28,J29) -> 81.93684 | K27: =SUM(K28,K29) -> 67.16135 | L27: =SUM(L28,L29) -> 98.444127 | M27: =SUM(M28,M29) -> 264.85753 | ... Z27: =SUM(Z28,Z29) -> 0
D28: в пределах социальной нормы | E28: 221 | F28: =SUM(I28,L28:M28,R28:T28) -> 391.19358 | G28: =SUM(J28,N28:O28,U28:W28) -> 988.73094 | H28: =SUM(K28,P28:Q28,X28:Z28) -> 810.4352 | I28: 27.891929 | J28: 81.93684 | K28: 67.16135 | L28: 98.444127 | M28: 264.85753 | N28: 182.58014 | O28: 724.21396 | P28: 149.65585 | Q28: 593.618
D29: сверх социальной нормы | E29: 222 | F29: =SUM(I29,L29:M29,R29:T29) -> 0 | G29: =SUM(J29,N29:O29,U29:W29) -> 0 | H29: =SUM(K29,P29:Q29,X29:Z29) -> 0
D30: Население, проживающее в городских населенных пунктах в домах, оборудованных стационарными электроплитами и не оборудованных электроотопительными установками, а также приравненные к нему категории потребителей | E30: 230 | F30: =SUM(F31,F32) -> 19348.041 | G30: =SUM(G31,G32) -> 51676.062 | H30: =SUM(H31,H32) -> 42357.428 | I30: =SUM(I31,I32) -> 7604.1411 | J30: =SUM(J31,J32) -> 22261.256 | K30: =SUM(K31,K32) -> 18246.931 | L30: =SUM(L31,L32) -> 3020.2465 | M30: =SUM(M31,M32) -> 8723.6539 | ... Z30: =SUM(Z31,Z32) -> 0
D31: в пределах социальной нормы | E31: 231 | F31: =SUM(I31,L31:M31,R31:T31) -> 19348.041 | G31: =SUM(J31,N31:O31,U31:W31) -> 51676.062 | H31: =SUM(K31,P31:Q31,X31:Z31) -> 42357.428 | I31: 7604.1411 | J31: 22261.256 | K31: 18246.931 | L31: 3020.2465 | M31: 8723.6539 | N31: 5483.7949 | O31: 23931.011 | P31: 4494.9139 | Q31: 19615.583
D32: сверх социальной нормы | E32: 232 | F32: =SUM(I32,L32:M32,R32:T32) -> 0 | G32: =SUM(J32,N32:O32,U32:W32) -> 0 | H32: =SUM(K32,P32:Q32,X32:Z32) -> 0
D33: Население, проживающее в городских населенных пунктах в домах, оборудованных электроотопительными установками и не оборудованных стационарными электроплитами, а также приравненные к нему категории потребителей | E33: 240 | F33: =SUM(F34,F35) -> 0 | G33: =SUM(G34,G35) -> 0 | H33: =SUM(H34,H35) -> 0 | I33: =SUM(I34,I35) -> 0 | J33: =SUM(J34,J35) -> 0 | K33: =SUM(K34,K35) -> 0 | L33: =SUM(L34,L35) -> 0 | M33: =SUM(M34,M35) -> 0 | ... Z33: =SUM(Z34,Z35) -> 0
D34: в пределах социальной нормы | E34: 241 | F34: =SUM(I34,L34:M34,R34:T34) -> 0 | G34: =SUM(J34,N34:O34,U34:W34) -> 0 | H34: =SUM(K34,P34:Q34,X34:Z34) -> 0
D35: сверх социальной нормы | E35: 242 | F35: =SUM(I35,L35:M35,R35:T35) -> 0 | G35: =SUM(J35,N35:O35,U35:W35) -> 0 | H35: =SUM(K35,P35:Q35,X35:Z35) -> 0
D36: Население, проживающее в сельских населенных пунктах, а также приравненные к нему категории потребителей | E36: 250 | F36: =SUM(F37,F38) -> 0 | G36: =SUM(G37,G38) -> 0 | H36: =SUM(H37,H38) -> 0 | I36: =SUM(I37,I38) -> 0 | J36: =SUM(J37,J38) -> 0 | K36: =SUM(K37,K38) -> 0 | L36: =SUM(L37,L38) -> 0 | M36: =SUM(M37,M38) -> 0 | ... Z36: =SUM(Z37,Z38) -> 0
D37: в пределах социальной нормы | E37: 251 | F37: =SUM(I37,L37:M37,R37:T37) -> 0 | G37: =SUM(J37,N37:O37,U37:W37) -> 0 | H37: =SUM(K37,P37:Q37,X37:Z37) -> 0
D38: сверх социальной нормы | E38: 252 | F38: =SUM(I38,L38:M38,R38:T38) -> 0 | G38: =SUM(J38,N38:O38,U38:W38) -> 0 | H38: =SUM(K38,P38:Q38,X38:Z38) -> 0
D39: Приравненные к населению категории потребителей, всего | E39: 300 | F39: =SUM(F40,F41) -> 1087.0465 | G39: =SUM(G40,G41) -> 3712.3768 | H39: =SUM(H40,H41) -> 3042.9319 | I39: =SUM(I40,I41) -> 59.04311 | J39: =SUM(J40,J41) -> 265.36989 | K39: =SUM(K40,K41) -> 217.51635 | L39: =SUM(L40,L41) -> 275.73934 | M39: =SUM(M40,M41) -> 752.26407 | ... Z39: =SUM(Z40,Z41) -> 0
D40: в пределах социальной нормы | E40: 301 | F40: =SUM(I40,L40:M40,R40:T40) -> 1087.0465 | G40: =SUM(J40,N40:O40,U40:W40) -> 3712.3768 | H40: =SUM(K40,P40:Q40,X40:Z40) -> 3042.9319 | I40: =SUM(I43,I46,I49,I52,I55,I58) -> 59.04311 | J40: =SUM(J43,J46,J49,J52,J55,J58) -> 265.36989 | K40: =SUM(K43,K46,K49,K52,K55,K58) -> 217.51635 | L40: =SUM(L43,L46,L49,L52,L55,L58) -> 275.73934 | M40: =SUM(M43,M46,M49,M52,M55,M58) -> 752.26407 | N40: =SUM(N43,N46,N49,N52,N55,N58) -> 705.84484 | O40: =SUM(O43,O46,O49,O52,O55,O58) -> 2741.1621 | P40: =SUM(P43,P46,P49,P52,P55,P58) -> 578.56135 | ... Z40: =SUM(Z43,Z46,Z49,Z52,Z55,Z58) -> 0
D41: сверх социальной нормы | E41: 302 | F41: =SUM(I41,L41:M41,R41:T41) -> 0 | G41: =SUM(J41,N41:O41,U41:W41) -> 0 | H41: =SUM(K41,P41:Q41,X41:Z41) -> 0 | I41: =SUM(I44,I47,I50,I53,I56,I59) -> 0 | J41: =SUM(J44,J47,J50,J53,J56,J59) -> 0 | K41: =SUM(K44,K47,K50,K53,K56,K59) -> 0 | L41: =SUM(L44,L47,L50,L53,L56,L59) -> 0 | M41: =SUM(M44,M47,M50,M53,M56,M59) -> 0 | N41: =SUM(N44,N47,N50,N53,N56,N59) -> 0 | O41: =SUM(O44,O47,O50,O53,O56,O59) -> 0 | P41: =SUM(P44,P47,P50,P53,P56,P59) -> 0 | ... Z41: =SUM(Z44,Z47,Z50,Z53,Z56,Z59) -> 0
D42: Исполнители коммунальных услуг, наймодатели | E42: 310 | F42: =SUM(F43,F44) -> 6.22494 | G42: =SUM(G43,G44) -> 22.33777 | H42: =SUM(H43,H44) -> 18.30965 | I42: =SUM(I43,I44) -> 0 | J42: =SUM(J43,J44) -> 0 | K42: =SUM(K43,K44) -> 0 | L42: =SUM(L43,L44) -> 1.49384 | M42: =SUM(M43,M44) -> 4.7311 | ... Z42: =SUM(Z43,Z44) -> 0
D43: в пределах социальной нормы | E43: 311 | F43: =SUM(I43,L43:M43,R43:T43) -> 6.22494 | G43: =SUM(J43,N43:O43,U43:W43) -> 22.33777 | H43: =SUM(K43,P43:Q43,X43:Z43) -> 18.30965 | L43: 1.49384 | M43: 4.7311 | N43: 3.83917 | O43: 18.4986 | P43: 3.14686 | Q43: 15.16279
D44: сверх социальной нормы | E44: 312 | F44: =SUM(I44,L44:M44,R44:T44) -> 0 | G44: =SUM(J44,N44:O44,U44:W44) -> 0 | H44: =SUM(K44,P44:Q44,X44:Z44) -> 0
D45: Садоводческие или огороднические некоммерческие товарищества | E45: 320 | F45: =SUM(F46,F47) -> 581.85107 | G45: =SUM(G46,G47) -> 2054.7281 | H45: =SUM(H46,H47) -> 1684.2034 | I45: =SUM(I46,I47) -> 0.006481 | J45: =SUM(J46,J47) -> 0.0278 | K45: =SUM(K46,K47) -> 0.02279 | L45: =SUM(L46,L47) -> 159.97932 | M45: =SUM(M46,M47) -> 421.86527 | ... Z45: =SUM(Z46,Z47) -> 0
D46: в пределах социальной нормы | E46: 321 | F46: =SUM(I46,L46:M46,R46:T46) -> 581.85107 | G46: =SUM(J46,N46:O46,U46:W46) -> 2054.7281 | H46: =SUM(K46,P46:Q46,X46:Z46) -> 1684.2034 | I46: 0.006481 | J46: 0.0278 | K46: 0.02279 | L46: 159.97932 | M46: 421.86527 | N46: 409.78277 | O46: 1644.9175 | P46: 335.88754 | Q46: 1348.293
D47: сверх социальной нормы | E47: 322 | F47: =SUM(I47,L47:M47,R47:T47) -> 0 | G47: =SUM(J47,N47:O47,U47:W47) -> 0 | H47: =SUM(K47,P47:Q47,X47:Z47) -> 0
D48: Юридические лица, приобретающие электрическую энергию (мощность) в целях потребления осужденными в помещениях для их содержания при условии наличия раздельного учёта электрической энергии для указанных помещений | E48: 330 | F48: =SUM(F49,F50) -> 17.3396 | G48: =SUM(G49,G50) -> 63.52538 | H48: =SUM(H49,H50) -> 52.06998 | I48: =SUM(I49,I50) -> 0 | J48: =SUM(J49,J50) -> 0 | K48: =SUM(K49,K50) -> 0 | L48: =SUM(L49,L50) -> 3.1884 | M48: =SUM(M49,M50) -> 14.1512 | ... Z48: =SUM(Z49,Z50) -> 0
D49: в пределах социальной нормы | E49: 331 | F49: =SUM(I49,L49:M49,R49:T49) -> 17.3396 | G49: =SUM(J49,N49:O49,U49:W49) -> 63.52538 | H49: =SUM(K49,P49:Q49,X49:Z49) -> 52.06998 | L49: 3.1884 | M49: 14.1512 | N49: 8.19419 | O49: 55.33119 | P49: 6.71655 | Q49: 45.35343
D50: сверх социальной нормы | E50: 332 | F50: =SUM(I50,L50:M50,R50:T50) -> 0 | G50: =SUM(J50,N50:O50,U50:W50) -> 0 | H50: =SUM(K50,P50:Q50,X50:Z50) -> 0
D51: Содержащиеся за счет прихожан религиозные организации | E51: 340 | F51: =SUM(F52,F53) -> 22.380257 | G51: =SUM(G52,G53) -> 85.97013 | H51: =SUM(H52,H53) -> 70.46733 | I51: =SUM(I52,I53) -> 8.170454 | J51: =SUM(J52,J53) -> 35.05124 | K51: =SUM(K52,K53) -> 28.73053 | L51: =SUM(L52,L53) -> 3.463764 | M51: =SUM(M52,M53) -> 10.746039 | ... Z51: =SUM(Z52,Z53) -> 0
D52: в пределах социальной нормы | E52: 341 | F52: =SUM(I52,L52:M52,R52:T52) -> 22.380257 | G52: =SUM(J52,N52:O52,U52:W52) -> 85.97013 | H52: =SUM(K52,P52:Q52,X52:Z52) -> 70.46733 | I52: 8.170454 | J52: 35.05124 | K52: 28.73053 | L52: 3.463764 | M52: 10.746039 | N52: 8.90188 | O52: 42.01701 | P52: 7.29662 | Q52: 34.44018
D53: сверх социальной нормы | E53: 342 | F53: =SUM(I53,L53:M53,R53:T53) -> 0 | G53: =SUM(J53,N53:O53,U53:W53) -> 0 | H53: =SUM(K53,P53:Q53,X53:Z53) -> 0
D54: Гарантирующие поставщики, энергосбытовые, энергоснабжающие организации, приобретающие электрическую энергию (мощность) в целях дальнейшей продажи населению | E54: 350 | F54: =SUM(F55,F56) -> 0 | G54: =SUM(G55,G56) -> 0 | H54: =SUM(H55,H56) -> 0 | I54: =SUM(I55,I56) -> 0 | J54: =SUM(J55,J56) -> 0 | K54: =SUM(K55,K56) -> 0 | L54: =SUM(L55,L56) -> 0 | M54: =SUM(M55,M56) -> 0 | ... Z54: =SUM(Z55,Z56) -> 0
D55: в пределах социальной нормы | E55: 351 | F55: =SUM(I55,L55:M55,R55:T55) -> 0 | G55: =SUM(J55,N55:O55,U55:W55) -> 0 | H55: =SUM(K55,P55:Q55,X55:Z55) -> 0
D56: сверх социальной нормы | E56: 352 | F56: =SUM(I56,L56:M56,R56:T56) -> 0 | G56: =SUM(J56,N56:O56,U56:W56) -> 0 | H56: =SUM(K56,P56:Q56,X56:Z56) -> 0
D57: Некоммерческие объединения граждан (гаражно-строительные, гаражные кооперативы), объединения граждан, приобретающих электрическую энергию (мощность) для использования в принадлежащих им хозяйственных постройках | E57: 360 | F57: =SUM(F58,F59) -> 459.25066 | G57: =SUM(G58,G59) -> 1485.8154 | H57: =SUM(H58,H59) -> 1217.8816 | I57: =SUM(I58,I59) -> 50.866175 | J57: =SUM(J58,J59) -> 230.29085 | K57: =SUM(K58,K59) -> 188.76303 | L57: =SUM(L58,L59) -> 107.61402 | M57: =SUM(M58,M59) -> 300.77047 | ... Z57: =SUM(Z58,Z59) -> 0
D58: в пределах социальной нормы | E58: 361 | F58: =SUM(I58,L58:M58,R58:T58) -> 459.25066 | G58: =SUM(J58,N58:O58,U58:W58) -> 1485.8154 | H58: =SUM(K58,P58:Q58,X58:Z58) -> 1217.8816 | I58: 50.866175 | J58: 230.29085 | K58: 188.76303 | L58: 107.61402 | M58: 300.77047 | N58: 275.12683 | O58: 980.39776 | P58: 225.51378 | Q58: 803.60474
D59: сверх социальной нормы | E59: 362 | F59: =SUM(I59,L59:M59,R59:T59) -> 0 | G59: =SUM(J59,N59:O59,U59:W59) -> 0 | H59: =SUM(K59,P59:Q59,X59:Z59) -> 0
D60: Для сведения: общедомовые нужды (сверх норматива потребления) | E60: 400 | F60: =SUM(I60,L60:M60,R60:T60) -> 0 | G60: =SUM(J60,N60:O60,U60:W60) -> 0 | H60: =SUM(K60,P60:Q60,X60:Z60) -> 0
D61: Полезный отпуск - всего | E61: 500 | F61: =SUM(I61,L61:M61,R61:T61) -> 21405.342 | G61: =SUM(J61,N61:O61,U61:W61) -> 58475.499 | H61: =SUM(K61,P61:Q61,X61:Z61) -> 48093.322 | I61: =SUM(I18,I60) -> 7764.1515 | J61: =SUM(J18,J60) -> 22915.55 | K61: =SUM(K18,K60) -> 18945.823 | L61: =SUM(L18,L60) -> 3524.7934 | M61: =SUM(M18,M60) -> 10116.397 | N61: =SUM(N18,N60) -> 6707.241 | O61: =SUM(O18,O60) -> 28852.709 | P61: =SUM(P18,P60) -> 5497.7385 | ... Z61: =SUM(Z18,Z60) -> 0

Sheet 4
F2: TTL | G2: HV | H2: AV1 | I2: AV2 | J2: LV | K2: GV | L2: TTL | M2: HV | N2: AV1 | O2: AV2 | P2: LV | Q2: GV | R2: TTL | S2: HV | T2: AV1 | U2: AV2 | V2: LV | W2: GV | X2: TTL | Y2: HV | Z2: AV1 | AA2: AV2 | AB2: LV | AC2: GV | AD2: TTL | AE2: HV | AF2: AV1 | AG2: AV2 | AH2: LV | AI2: GV | AJ2: TTL | AK2: HV | AL2: AV1 | AM2: AV2 | AN2: LV | AO2: GV | AP2: TTL | AQ2: HV | AR2: AV1 | AS2: AV2 | AT2: LV | AU2: GV | AV2: TTL | AW2: HV | AX2: AV1 | AY2: AV2 | AZ2: LV | BA2: GV | BB2: TTL | BC2: HV | BD2: AV1 | BE2: AV2 | BF2: LV | BG2: GV | BH2: TTL | BI2: HV | BJ2: AV1 | BK2: AV2 | BL2: LV | BM2: GV
F3: enrVlm1stTtl | G3: enrVlm1stHv | H3: enrVlm1stAv1 | I3: enrVlm1stAv2 | J3: enrVlm1stLv | K3: enrVlm1stGv | L3: enrCost1stTtl | M3: enrCost1stHv | N3: enrCost1stAv1 | O3: enrCost1stAv2 | P3: enrCost1stLv | Q3: enrCost1stGv | R3: enrVlmZnTtl | S3: enrVlmZnHv | T3: enrVlmZnAv1 | U3: enrVlmZnAv2 | V3: enrVlmZnLv | W3: enrVlmZnGv | X3: enrCostZnTtl | Y3: enrCostZnHv | Z3: enrCostZnAv1 | AA3: enrCostZnAv2 | AB3: enrCostZnLv | AC3: enrCostZnGv | AD3: enrVlm3stTtl | AE3: enrVlm3stHv | AF3: enrVlm3stAv1 | AG3: enrVlm3stAv2 | AH3: enrVlm3stLv | AI3: enrVlm3stGv | AJ3: enrCost3stTtl | AK3: enrCost3stHv | AL3: enrCost3stAv1 | AM3: enrCost3stAv2 | AN3: enrCost3stLv | AO3: enrCost3stGv | AP3: pwrTrVlm2stTtl | AQ3: pwrTrVlm2stHv | AR3: pwrTrVlm2stAv1 | AS3: pwrTrVlm2stAv2 | AT3: pwrTrVlm2stLv | AU3: pwrTrVlm2stGv | AV3: pwrTrCost2stTtl | AW3: pwrTrCost2stHv | AX3: pwrTrCost2stAv1 | AY3: pwrTrCost2stAv2 | AZ3: pwrTrCost2stLv | BA3: pwrTrCost2stGv | BB3: ttlVlmTtl | BC3: ttlVlmHv | BD3: ttlVlmAv1 | BE3: ttlVlmAv2 | BF3: ttlVlmLv | BG3: ttlVlmGv | BH3: ttlCostTtl | BI3: ttlCostHv | BJ3: ttlCostAv1 | BK3: ttlCostAv2 | BL3: ttlCostLv | BM3: ttlCostGv
D8: Раздел II. Полезный отпуск электроэнергии и мощности, реализуемой по регулируемым тарифам (ценам)
D9: А. Полезный отпуск электроэнергии и мощности, реализуемой по регулируемым тарифам (ценам), по договорам энергоснабжения
D10: ООО "Нижневартовская энергосбытовая компания" | BM10: Коды по ОКЕИ: 1000 киловатт-часов – 245, мегаватт – 215, тысяча рублей – 384
D11: * Постановление Правительства Российской Федерации от 26 ноября 2021 г. №2062 | L11: без НДС | X11: без НДС | AJ11: без НДС | AV11: без НДС | BH11: без НДС
D12: Потребители | E12: Код строки | F12: Объём электрической энергии потребителей, осуществляющих оплату по одноставочным тарифам (ценам) за отчётный месяц (год) | L12: Стоимость электрической энергии потребителей, осуществляющих оплату по одноставочным тарифам (ценам) за отчётный месяц (год) | R12: Объём электрической энергии потребителей, осуществляющих оплату по зонным тарифам (ценам) за отчётный месяц (год) | X12: Стоимость электрической энергии потребителей, осуществляющих оплату по зонным тарифам (ценам) за отчётный месяц (год) | AD12: Объём электрической энергии потребителей, осуществляющих оплату по трёхставочным тарифам (ценам) за отчётный месяц (год) | AJ12: Стоимость электрической энергии потребителей, осуществляющих оплату по трёхставочным тарифам (ценам) за отчётный месяц (год) | AP12: Объём электрической мощности потребителей, осуществляющих оплату услуг по передаче электрической энергии по двухставочным тарифам за отчётный месяц (год) | AV12: Стоимость электрической мощности потребителей, осуществляющих оплату услуг по передаче электрической энергии по двухставочным тарифам за отчётный месяц (год) | BB12: Объём электрической энергии за отчётный месяц (год) | BH12: Стоимость электрической энергии (мощности) за отчётный месяц (год)
F13: всего | G13: в том числе: | L13: всего | M13: в том числе: | R13: всего | S13: в том числе: | X13: всего | Y13: в том числе: | AD13: всего | AE13: в том числе: | AJ13: всего | AK13: в том числе: | AP13: всего | AQ13: в том числе: | AV13: всего | AW13: в том числе: | BB13: всего | BC13: в том числе: | BH13: всего | BI13: в том числе:
G14: ВН | H14: СН1 | I14: СН2 | J14: НН | K14: ГН | M14: ВН | N14: СН1 | O14: СН2 | P14: НН | Q14: ГН | S14: ВН | T14: СН1 | U14: СН2 | V14: НН | W14: ГН | Y14: ВН | Z14: СН1 | AA14: СН2 | AB14: НН | AC14: ГН | AE14: ВН | AF14: СН1 | AG14: СН2 | AH14: НН | AI14: ГН | AK14: ВН | AL14: СН1 | AM14: СН2 | AN14: НН | AO14: ГН | AQ14: ВН | AR14: СН1 | AS14: СН2 | AT14: НН | AU14: ГН | AW14: ВН | AX14: СН1 | AY14: СН2 | AZ14: НН | BA14: ГН | BC14: ВН | BD14: СН1 | BE14: СН2 | BF14: НН | BG14: ГН | BI14: ВН | BJ14: СН1 | BK14: СН2 | BL14: НН | BM14: ГН
F16: тыс.кВтч | G16: тыс.кВтч | H16: тыс.кВтч | I16: тыс.кВтч | J16: тыс.кВтч | K16: тыс.кВтч | L16: тыс.руб. | M16: тыс.руб. | N16: тыс.руб. | O16: тыс.руб. | P16: тыс.руб. | Q16: тыс.руб. | R16: тыс.кВтч | S16: тыс.кВтч | T16: тыс.кВтч | U16: тыс.кВтч | V16: тыс.кВтч | W16: тыс.кВтч | X16: тыс.руб. | Y16: тыс.руб. | Z16: тыс.руб. | AA16: тыс.руб. | AB16: тыс.руб. | AC16: тыс.руб. | AD16: тыс.кВтч | AE16: тыс.кВтч | AF16: тыс.кВтч | AG16: тыс.кВтч | AH16: тыс.кВтч | AI16: тыс.кВтч | AJ16: тыс.руб. | AK16: тыс.руб. | AL16: тыс.руб. | AM16: тыс.руб. | AN16: тыс.руб. | AO16: тыс.руб. | AP16: МВт | AQ16: МВт | AR16: МВт | AS16: МВт | AT16: МВт | AU16: МВт | AV16: тыс.руб. | AW16: тыс.руб. | AX16: тыс.руб. | AY16: тыс.руб. | AZ16: тыс.руб. | BA16: тыс.руб. | BB16: тыс.кВтч | BC16: тыс.кВтч | BD16: тыс.кВтч | BE16: тыс.кВтч | BF16: тыс.кВтч | BG16: тыс.кВтч | BH16: тыс.руб. | BI16: тыс.руб. | BJ16: тыс.руб. | BK16: тыс.руб. | BL16: тыс.руб. | BM16: тыс.руб.
D17: 1 | E17: 2 | F17: 3 | G17: 4 | H17: 5 | I17: 6 | J17: 7 | K17: 8 | L17: 9 | M17: 10 | N17: 11 | O17: 12 | P17: 13 | Q17: 14 | R17: 15 | S17: 16 | T17: 17 | U17: 18 | V17: 19 | W17: 20 | X17: 21 | Y17: 22 | Z17: 23 | AA17: 24 | AB17: 25 | AC17: 26 | AD17: 27 | AE17: 28 | AF17: 29 | AG17: 30 | AH17: 31 | AI17: 32 | AJ17: 33 | AK17: 34 | AL17: 35 | AM17: 36 | AN17: 37 | AO17: 38 | AP17: 39 | AQ17: 40 | AR17: 41 | AS17: 42 | AT17: 43 | AU17: 44 | AV17: 45 | AW17: 46 | AX17: 47 | AY17: 48 | AZ17: 49 | BA17: 50 | BB17: 51 | BC17: 52 | BD17: 53 | BE17: 54 | BF17: 55 | BG17: 56 | BH17: 57 | BI17: 58 | BJ17: 59 | BK17: 60 | BL17: 61 | BM17: 62
D18: Прочие потребители | E18: 100 | F18: =SUM(G18:K18) -> 0 | G18: =SUM(G19,G29:G35) -> 0 | H18: =SUM(H19,H29:H35) -> 0 | I18: =SUM(I19,I29:I35) -> 0 | J18: =SUM(J19,J29:J35) -> 0 | K18: =SUM(K19,K29:K35) -> 0 | L18: =SUM(M18:Q18) -> 0 | M18: =SUM(M19,M29:M35) -> 0 | N18: =SUM(N19,N29:N35) -> 0 | O18: =SUM(O19,O29:O35) -> 0 | P18: =SUM(P19,P29:P35) -> 0 | Q18: =SUM(Q19,Q29:Q35) -> 0 | R18: =SUM(S18:W18) -> 0 | S18: =SUM(S19,S29:S35) -> 0 | T18: =SUM(T19,T29:T35) -> 0 | U18: =SUM(U19,U29:U35) -> 0 | V18: =SUM(V19,V29:V35) -> 0 | W18: =SUM(W19,W29:W35) -> 0 | X18: =SUM(Y18:AC18) -> 0 | Y18: =SUM(Y19,Y29:Y35) -> 0 | Z18: =SUM(Z19,Z29:Z35) -> 0 | AA18: =SUM(AA19,AA29:AA35) -> 0 | AB18: =SUM(AB19,AB29:AB35) -> 0 | AC18: =SUM(AC19,AC29:AC35) -> 0 | AD18: =SUM(AE18:AI18) -> 0 | AE18: =SUM(AE19,AE29:AE35) -> 0 | AF18: =SUM(AF19,AF29:AF35) -> 0 | AG18: =SUM(AG19,AG29:AG35) -> 0 | AH18: =SUM(AH19,AH29:AH35) -> 0 | AI18: =SUM(AI19,AI29:AI35) -> 0 | AJ18: =SUM(AK18:AO18) -> 0 | AK18: =SUM(AK19,AK29:AK35) -> 0 | AL18: =SUM(AL19,AL29:AL35) -> 0 | AM18: =SUM(AM19,AM29:AM35) -> 0 | AN18: =SUM(AN19,AN29:AN35) -> 0 | AO18: =SUM(AO19,AO29:AO35) -> 0 | AP18: =SUM(AQ18:AU18) -> 0 | AQ18: =SUM(AQ19,AQ29:AQ35) -> 0 | AR18: =SUM(AR19,AR29:AR35) -> 0 | AS18: =SUM(AS19,AS29:AS35) -> 0 | AT18: =SUM(AT19,AT29:AT35) -> 0 | AU18: =SUM(AU19,AU29:AU35) -> 0 | AV18: =SUM(AW18:BA18) -> 0 | AW18: =SUM(AW19,AW29:AW35) -> 0 | AX18: =SUM(AX19,AX29:AX35) -> 0 | AY18: =SUM(AY19,AY29:AY35) -> 0 | AZ18: =SUM(AZ19,AZ29:AZ35) -> 0 | BA18: =SUM(BA19,BA29:BA35) -> 0 | BB18: =SUM(BC18:BG18) -> 0 | BC18: =SUM(BC19,BC29:BC35) -> 0 | BD18: =SUM(BD19,BD29:BD35) -> 0 | BE18: =SUM(BE19,BE29:BE35) -> 0 | BF18: =SUM(BF19,BF29:BF35) -> 0 | BG18: =SUM(BG19,BG29:BG35) -> 0 | BH18: =SUM(BI18:BM18) -> 0 | BI18: =SUM(BI19,BI29:BI35) -> 0 | BJ18: =SUM(BJ19,BJ29:BJ35) -> 0 | BK18: =SUM(BK19,BK29:BK35) -> 0 | BL18: =SUM(BL19,BL29:BL35) -> 0 | BM18: =SUM(BM19,BM29:BM35) -> 0
D19: Потребители электрической энергии (мощности) на территории Дальневосточного федерального округа, в отношении которых осуществляется доведение цен (тарифов) на электрическую энергию (мощность) до базовых уровней цен (тарифов) на электрическую энергию (мощность) | E19: 110 | F19: =SUM(G19:K19) -> 0 | G19: =SUM(G20:G28) -> 0 | H19: =SUM(H20:H28) -> 0 | I19: =SUM(I20:I28) -> 0 | J19: =SUM(J20:J28) -> 0 | K19: =SUM(K20:K28) -> 0 | L19: =SUM(M19:Q19) -> 0 | M19: =SUM(M20:M28) -> 0 | N19: =SUM(N20:N28) -> 0 | O19: =SUM(O20:O28) -> 0 | P19: =SUM(P20:P28) -> 0 | Q19: =SUM(Q20:Q28) -> 0 | R19: =SUM(S19:W19) -> 0 | S19: =SUM(S20:S28) -> 0 | T19: =SUM(T20:T28) -> 0 | U19: =SUM(U20:U28) -> 0 | V19: =SUM(V20:V28) -> 0 | W19: =SUM(W20:W28) -> 0 | X19: =SUM(Y19:AC19) -> 0 | Y19: =SUM(Y20:Y28) -> 0 | Z19: =SUM(Z20:Z28) -> 0 | AA19: =SUM(AA20:AA28) -> 0 | AB19: =SUM(AB20:AB28) -> 0 | AC19: =SUM(AC20:AC28) -> 0 | AD19: =SUM(AE19:AI19) -> 0 | AE19: =SUM(AE20:AE28) -> 0 | AF19: =SUM(AF20:AF28) -> 0 | AG19: =SUM(AG20:AG28) -> 0 | AH19: =SUM(AH20:AH28) -> 0 | AI19: =SUM(AI20:AI28) -> 0 | AJ19: =SUM(AK19:AO19) -> 0 | AK19: =SUM(AK20:AK28) -> 0 | AL19: =SUM(AL20:AL28) -> 0 | AM19: =SUM(AM20:AM28) -> 0 | AN19: =SUM(AN20:AN28) -> 0 | AO19: =SUM(AO20:AO28) -> 0 | AP19: =SUM(AQ19:AU19) -> 0 | AQ19: =SUM(AQ20:AQ28) -> 0 | AR19: =SUM(AR20:AR28) -> 0 | AS19: =SUM(AS20:AS28) -> 0 | AT19: =SUM(AT20:AT28) -> 0 | AU19: =SUM(AU20:AU28) -> 0 | AV19: =SUM(AW19:BA19) -> 0 | AW19: =SUM(AW20:AW28) -> 0 | AX19: =SUM(AX20:AX28) -> 0 | AY19: =SUM(AY20:AY28) -> 0 | AZ19: =SUM(AZ20:AZ28) -> 0 | BA19: =SUM(BA20:BA28) -> 0 | BB19: =SUM(BC19:BG19) -> 0 | BC19: =SUM(BC20:BC28) -> 0 | BD19: =SUM(BD20:BD28) -> 0 | BE19: =SUM(BE20:BE28) -> 0 | BF19: =SUM(BF20:BF28) -> 0 | BG19: =SUM(BG20:BG28) -> 0 | BH19: =SUM(BI19:BM19) -> 0 | BI19: =SUM(BI20:BI28) -> 0 | BJ19: =SUM(BJ20:BJ28) -> 0 | BK19: =SUM(BK20:BK28) -> 0 | BL19: =SUM(BL20:BL28) -> 0 | BM19: =SUM(BM20:BM28) -> 0
D20: Потребители, указанные в пункте 1 критериев, утверждённых Постановлением * | E20: 111 | F20: =SUM(G20:K20) -> 0 | L20: =SUM(M20:Q20) -> 0 | R20: =SUM(S20:W20) -> 0 | X20: =SUM(Y20:AC20) -> 0 | AD20: =SUM(AE20:AI20) -> 0 | AJ20: =SUM(AK20:AO20) -> 0 | AP20: =SUM(AQ20:AU20) -> 0 | AV20: =SUM(AW20:BA20) -> 0 | BB20: =SUM(BC20:BG20) -> 0 | BC20: =SUM(G20,S20,AE20) -> 0 | BD20: =SUM(H20,T20,AF20) -> 0 | BE20: =SUM(I20,U20,AG20) -> 0 | BF20: =SUM(J20,V20,AH20) -> 0 | BG20: =SUM(K20,W20,AI20) -> 0 | BH20: =SUM(BI20:BM20) -> 0 | BI20: =SUM(M20,Y20,AK20) -> 0 | BJ20: =SUM(N20,Z20,AL20) -> 0 | BK20: =SUM(O20,AA20,AM20) -> 0 | BL20: =SUM(P20,AB20,AN20) -> 0 | BM20: =SUM(Q20,AC20,AO20) -> 0
D21: Потребители, указанные в пункте 2 критериев, утверждённых Постановлением * | E21: 112 | F21: =SUM(G21:K21) -> 0 | L21: =SUM(M21:Q21) -> 0 | R21: =SUM(S21:W21) -> 0 | X21: =SUM(Y21:AC21) -> 0 | AD21: =SUM(AE21:AI21) -> 0 | AJ21: =SUM(AK21:AO21) -> 0 | AP21: =SUM(AQ21:AU21) -> 0 | AV21: =SUM(AW21:BA21) -> 0 | BB21: =SUM(BC21:BG21) -> 0 | BC21: =SUM(G21,S21,AE21) -> 0 | BD21: =SUM(H21,T21,AF21) -> 0 | BE21: =SUM(I21,U21,AG21) -> 0 | BF21: =SUM(J21,V21,AH21) -> 0 | BG21: =SUM(K21,W21,AI21) -> 0 | BH21: =SUM(BI21:BM21) -> 0 | BI21: =SUM(M21,Y21,AK21) -> 0 | BJ21: =SUM(N21,Z21,AL21) -> 0 | BK21: =SUM(O21,AA21,AM21) -> 0 | BL21: =SUM(P21,AB21,AN21) -> 0 | BM21: =SUM(Q21,AC21,AO21) -> 0
D22: Потребители, указанные в пункте 3 критериев, утверждённых Постановлением * | E22: 113 | F22: =SUM(G22:K22) -> 0 | L22: =SUM(M22:Q22) -> 0 | R22: =SUM(S22:W22) -> 0 | X22: =SUM(Y22:AC22) -> 0 | AD22: =SUM(AE22:AI22) -> 0 | AJ22: =SUM(AK22:AO22) -> 0 | AP22: =SUM(AQ22:AU22) -> 0 | AV22: =SUM(AW22:BA22) -> 0 | BB22: =SUM(BC22:BG22) -> 0 | BC22: =SUM(G22,S22,AE22) -> 0 | BD22: =SUM(H22,T22,AF22) -> 0 | BE22: =SUM(I22,U22,AG22) -> 0 | BF22: =SUM(J22,V22,AH22) -> 0 | BG22: =SUM(K22,W22,AI22) -> 0 | BH22: =SUM(BI22:BM22) -> 0 | BI22: =SUM(M22,Y22,AK22) -> 0 | BJ22: =SUM(N22,Z22,AL22) -> 0 | BK22: =SUM(O22,AA22,AM22) -> 0 | BL22: =SUM(P22,AB22,AN22) -> 0 | BM22: =SUM(Q22,AC22,AO22) -> 0
D23: Потребители, указанные в пункте 4 критериев, утверждённых Постановлением * | E23: 114 | F23: =SUM(G23:K23) -> 0 | L23: =SUM(M23:Q23) -> 0 | R23: =SUM(S23:W23) -> 0 | X23: =SUM(Y23:AC23) -> 0 | AD23: =SUM(AE23:AI23) -> 0 | AJ23: =SUM(AK23:AO23) -> 0 | AP23: =SUM(AQ23:AU23) -> 0 | AV23: =SUM(AW23:BA23) -> 0 | BB23: =SUM(BC23:BG23) -> 0 | BC23: =SUM(G23,S23,AE23) -> 0 | BD23: =SUM(H23,T23,AF23) -> 0 | BE23: =SUM(I23,U23,AG23) -> 0 | BF23: =SUM(J23,V23,AH23) -> 0 | BG23: =SUM(K23,W23,AI23) -> 0 | BH23: =SUM(BI23:BM23) -> 0 | BI23: =SUM(M23,Y23,AK23) -> 0 | BJ23: =SUM(N23,Z23,AL23) -> 0 | BK23: =SUM(O23,AA23,AM23) -> 0 | BL23: =SUM(P23,AB23,AN23) -> 0 | BM23: =SUM(Q23,AC23,AO23) -> 0
D24: Потребители, указанные в пункте 5 критериев, утверждённых Постановлением * | E24: 115 | F24: =SUM(G24:K24) -> 0 | L24: =SUM(M24:Q24) -> 0 | R24: =SUM(S24:W24) -> 0 | X24: =SUM(Y24:AC24) -> 0 | AD24: =SUM(AE24:AI24) -> 0 | AJ24: =SUM(AK24:AO24) -> 0 | AP24: =SUM(AQ24:AU24) -> 0 | AV24: =SUM(AW24:BA24) -> 0 | BB24: =SUM(BC24:BG24) -> 0 | BC24: =SUM(G24,S24,AE24) -> 0 | BD24: =SUM(H24,T24,AF24) -> 0 | BE24: =SUM(I24,U24,AG24) -> 0 | BF24: =SUM(J24,V24,AH24) -> 0 | BG24: =SUM(K24,W24,AI24) -> 0 | BH24: =SUM(BI24:BM24) -> 0 | BI24: =SUM(M24,Y24,AK24) -> 0 | BJ24: =SUM(N24,Z24,AL24) -> 0 | BK24: =SUM(O24,AA24,AM24) -> 0 | BL24: =SUM(P24,AB24,AN24) -> 0 | BM24: =SUM(Q24,AC24,AO24) -> 0
D25: Потребители, указанные в пункте 6 критериев, утверждённых Постановлением * | E25: 116 | F25: =SUM(G25:K25) -> 0 | L25: =SUM(M25:Q25) -> 0 | R25: =SUM(S25:W25) -> 0 | X25: =SUM(Y25:AC25) -> 0 | AD25: =SUM(AE25:AI25) -> 0 | AJ25: =SUM(AK25:AO25) -> 0 | AP25: =SUM(AQ25:AU25) -> 0 | AV25: =SUM(AW25:BA25) -> 0 | BB25: =SUM(BC25:BG25) -> 0 | BC25: =SUM(G25,S25,AE25) -> 0 | BD25: =SUM(H25,T25,AF25) -> 0 | BE25: =SUM(I25,U25,AG25) -> 0 | BF25: =SUM(J25,V25,AH25) -> 0 | BG25: =SUM(K25,W25,AI25) -> 0 | BH25: =SUM(BI25:BM25) -> 0 | BI25: =SUM(M25,Y25,AK25) -> 0 | BJ25: =SUM(N25,Z25,AL25) -> 0 | BK25: =SUM(O25,AA25,AM25) -> 0 | BL25: =SUM(P25,AB25,AN25) -> 0 | BM25: =SUM(Q25,AC25,AO25) -> 0
D26: Потребители, указанные в пункте 7 критериев, утверждённых Постановлением * | E26: 117 | F26: =SUM(G26:K26) -> 0 | L26: =SUM(M26:Q26) -> 0 | R26: =SUM(S26:W26) -> 0 | X26: =SUM(Y26:AC26) -> 0 | AD26: =SUM(AE26:AI26) -> 0 | AJ26: =SUM(AK26:AO26) -> 0 | AP26: =SUM(AQ26:AU26) -> 0 | AV26: =SUM(AW26:BA26) -> 0 | BB26: =SUM(BC26:BG26) -> 0 | BC26: =SUM(G26,S26,AE26) -> 0 | BD26: =SUM(H26,T26,AF26) -> 0 | BE26: =SUM(I26,U26,AG26) -> 0 | BF26: =SUM(J26,V26,AH26) -> 0 | BG26: =SUM(K26,W26,AI26) -> 0 | BH26: =SUM(BI26:BM26) -> 0 | BI26: =SUM(M26,Y26,AK26) -> 0 | BJ26: =SUM(N26,Z26,AL26) -> 0 | BK26: =SUM(O26,AA26,AM26) -> 0 | BL26: =SUM(P26,AB26,AN26) -> 0 | BM26: =SUM(Q26,AC26,AO26) -> 0
D27: Потребители, указанные в пункте 8 критериев, утверждённых Постановлением * | E27: 118 | F27: =SUM(G27:K27) -> 0 | L27: =SUM(M27:Q27) -> 0 | R27: =SUM(S27:W27) -> 0 | X27: =SUM(Y27:AC27) -> 0 | AD27: =SUM(AE27:AI27) -> 0 | AJ27: =SUM(AK27:AO27) -> 0 | AP27: =SUM(AQ27:AU27) -> 0 | AV27: =SUM(AW27:BA27) -> 0 | BB27: =SUM(BC27:BG27) -> 0 | BC27: =SUM(G27,S27,AE27) -> 0 | BD27: =SUM(H27,T27,AF27) -> 0 | BE27: =SUM(I27,U27,AG27) -> 0 | BF27: =SUM(J27,V27,AH27) -> 0 | BG27: =SUM(K27,W27,AI27) -> 0 | BH27: =SUM(BI27:BM27) -> 0 | BI27: =SUM(M27,Y27,AK27) -> 0 | BJ27: =SUM(N27,Z27,AL27) -> 0 | BK27: =SUM(O27,AA27,AM27) -> 0 | BL27: =SUM(P27,AB27,AN27) -> 0 | BM27: =SUM(Q27,AC27,AO27) -> 0
D28: Потребители, указанные в пункте 9 критериев, утверждённых Постановлением * | E28: 119 | F28: =SUM(G28:K28) -> 0 | L28: =SUM(M28:Q28) -> 0 | R28: =SUM(S28:W28) -> 0 | X28: =SUM(Y28:AC28) -> 0 | AD28: =SUM(AE28:AI28) -> 0 | AJ28: =SUM(AK28:AO28) -> 0 | AP28: =SUM(AQ28:AU28) -> 0 | AV28: =SUM(AW28:BA28) -> 0 | BB28: =SUM(BC28:BG28) -> 0 | BC28: =SUM(G28,S28,AE28) -> 0 | BD28: =SUM(H28,T28,AF28) -> 0 | BE28: =SUM(I28,U28,AG28) -> 0 | BF28: =SUM(J28,V28,AH28) -> 0 | BG28: =SUM(K28,W28,AI28) -> 0 | BH28: =SUM(BI28:BM28) -> 0 | BI28: =SUM(M28,Y28,AK28) -> 0 | BJ28: =SUM(N28,Z28,AL28) -> 0 | BK28: =SUM(O28,AA28,AM28) -> 0 | BL28: =SUM(P28,AB28,AN28) -> 0 | BM28: =SUM(Q28,AC28,AO28) -> 0
D29: Промышленные и приравненные к ним потребители | E29: 120 | F29: =SUM(G29:K29) -> 0 | L29: =SUM(M29:Q29) -> 0 | R29: =SUM(S29:W29) -> 0 | X29: =SUM(Y29:AC29) -> 0 | AD29: =SUM(AE29:AI29) -> 0 | AJ29: =SUM(AK29:AO29) -> 0 | AP29: =SUM(AQ29:AU29) -> 0 | AV29: =SUM(AW29:BA29) -> 0 | BB29: =SUM(BC29:BG29) -> 0 | BC29: =SUM(G29,S29,AE29) -> 0 | BD29: =SUM(H29,T29,AF29) -> 0 | BE29: =SUM(I29,U29,AG29) -> 0 | BF29: =SUM(J29,V29,AH29) -> 0 | BG29: =SUM(K29,W29,AI29) -> 0 | BH29: =SUM(BI29:BM29) -> 0 | BI29: =SUM(M29,Y29,AK29) -> 0 | BJ29: =SUM(N29,Z29,AL29) -> 0 | BK29: =SUM(O29,AA29,AM29) -> 0 | BL29: =SUM(P29,AB29,AN29) -> 0 | BM29: =SUM(Q29,AC29,AO29) -> 0
D30: Электрифицированный железнодорожный транспорт | E30: 130 | F30: =SUM(G30:K30) -> 0 | L30: =SUM(M30:Q30) -> 0 | R30: =SUM(S30:W30) -> 0 | X30: =SUM(Y30:AC30) -> 0 | AD30: =SUM(AE30:AI30) -> 0 | AJ30: =SUM(AK30:AO30) -> 0 | AP30: =SUM(AQ30:AU30) -> 0 | AV30: =SUM(AW30:BA30) -> 0 | BB30: =SUM(BC30:BG30) -> 0 | BC30: =SUM(G30,S30,AE30) -> 0 | BD30: =SUM(H30,T30,AF30) -> 0 | BE30: =SUM(I30,U30,AG30) -> 0 | BF30: =SUM(J30,V30,AH30) -> 0 | BG30: =SUM(K30,W30,AI30) -> 0 | BH30: =SUM(BI30:BM30) -> 0 | BI30: =SUM(M30,Y30,AK30) -> 0 | BJ30: =SUM(N30,Z30,AL30) -> 0 | BK30: =SUM(O30,AA30,AM30) -> 0 | BL30: =SUM(P30,AB30,AN30) -> 0 | BM30: =SUM(Q30,AC30,AO30) -> 0
D31: Электрифицированный городской транспорт | E31: 140 | F31: =SUM(G31:K31) -> 0 | L31: =SUM(M31:Q31) -> 0 | R31: =SUM(S31:W31) -> 0 | X31: =SUM(Y31:AC31) -> 0 | AD31: =SUM(AE31:AI31) -> 0 | AJ31: =SUM(AK31:AO31) -> 0 | AP31: =SUM(AQ31:AU31) -> 0 | AV31: =SUM(AW31:BA31) -> 0 | BB31: =SUM(BC31:BG31) -> 0 | BC31: =SUM(G31,S31,AE31) -> 0 | BD31: =SUM(H31,T31,AF31) -> 0 | BE31: =SUM(I31,U31,AG31) -> 0 | BF31: =SUM(J31,V31,AH31) -> 0 | BG31: =SUM(K31,W31,AI31) -> 0 | BH31: =SUM(BI31:BM31) -> 0 | BI31: =SUM(M31,Y31,AK31) -> 0 | BJ31: =SUM(N31,Z31,AL31) -> 0 | BK31: =SUM(O31,AA31,AM31) -> 0 | BL31: =SUM(P31,AB31,AN31) -> 0 | BM31: =SUM(Q31,AC31,AO31) -> 0
... D35: Иные потребители (покупатели) | E35: 180 | F35: =SUM(G35:K35) -> 0 | L35: =SUM(M35:Q35) -> 0 | R35: =SUM(S35:W35) -> 0 | X35: =SUM(Y35:AC35) -> 0 | AD35: =SUM(AE35:AI35) -> 0 | AJ35: =SUM(AK35:AO35) -> 0 | AP35: =SUM(AQ35:AU35) -> 0 | AV35: =SUM(AW35:BA35) -> 0 | BB35: =SUM(BC35:BG35) -> 0 | BC35: =SUM(G35,S35,AE35) -> 0 | BD35: =SUM(H35,T35,AF35) -> 0 | BE35: =SUM(I35,U35,AG35) -> 0 | BF35: =SUM(J35,V35,AH35) -> 0 | BG35: =SUM(K35,W35,AI35) -> 0 | BH35: =SUM(BI35:BM35) -> 0 | BI35: =SUM(M35,Y35,AK35) -> 0 | BJ35: =SUM(N35,Z35,AL35) -> 0 | BK35: =SUM(O35,AA35,AM35) -> 0 | BL35: =SUM(P35,AB35,AN35) -> 0 | BM35: =SUM(Q35,AC35,AO35) -> 0
D39: Полезный отпуск - всего | E39: 400 | F39: =SUM(G39:K39) -> 0 | G39: =G18 -> 0 | H39: =H18 -> 0 | I39: =I18 -> 0 | J39: =J18 -> 0 | K39: =K18 -> 0 | L39: =SUM(M39:Q39) -> 0 | M39: =M18 -> 0 | N39: =N18 -> 0 | O39: =O18 -> 0 | P39: =P18 -> 0 | Q39: =Q18 -> 0 | R39: =SUM(S39:W39) -> 0 | S39: =S18 -> 0 | T39: =T18 -> 0 | U39: =U18 -> 0 | V39: =V18 -> 0 | W39: =W18 -> 0 | X39: =SUM(Y39:AC39) -> 0 | Y39: =Y18 -> 0 | Z39: =Z18 -> 0 | AA39: =AA18 -> 0 | AB39: =AB18 -> 0 | AC39: =AC18 -> 0 | AD39: =SUM(AE39:AI39) -> 0 | AE39: =AE18 -> 0 | AF39: =AF18 -> 0 | AG39: =AG18 -> 0 | AH39: =AH18 -> 0 | AI39: =AI18 -> 0 | AJ39: =SUM(AK39:AO39) -> 0 | AK39: =AK18 -> 0 | AL39: =AL18 -> 0 | AM39: =AM18 -> 0 | AN39: =AN18 -> 0 | AO39: =AO18 -> 0 | AP39: =SUM(AQ39:AU39) -> 0 | AQ39: =AQ18 -> 0 | AR39: =AR18 -> 0 | AS39: =AS18 -> 0 | AT39: =AT18 -> 0 | AU39: =AU18 -> 0 | AV39: =SUM(AW39:BA39) -> 0 | AW39: =AW18 -> 0 | AX39: =AX18 -> 0 | AY39: =AY18 -> 0 | AZ39: =AZ18 -> 0 | BA39: =BA18 -> 0 | BB39: =SUM(BC39:BG39) -> 0 | BC39: =BC18 -> 0 | BD39: =BD18 -> 0 | BE39: =BE18 -> 0 | BF39: =BF18 -> 0 | BG39: =BG18 -> 0 | BH39: =SUM(BI39:BM39) -> 0 | BI39: =BI18 -> 0 | BJ39: =BJ18 -> 0 | BK39: =BK18 -> 0 | BL39: =BL18 -> 0 | BM39: =BM18 -> 0

Sheet 5
F3: enrVlm1st | G3: enrCost1st | H3: enrVlmZn | I3: enrCostZn | J3: enrVlm3st | K3: enrCost3st | L3: ttlVlm | M3: ttlCost
D8: Раздел II. Полезный отпуск электроэнергии и мощности, реализуемой по регулируемым тарифам (ценам)
D9: Б. Полезный отпуск электроэнергии и мощности, реализуемой по регулируемым тарифам (ценам) по договорам купли-продажи
D10: ООО "Нижневартовская энергосбытовая компания" | M10: Коды по ОКЕИ: 1000 киловатт-часов – 245, мегаватт – 215, тысяча рублей – 384
D11: * Постановление Правительства Российской Федерации от 26 ноября 2021 г. №2062 | G11: без НДС | I11: без НДС | K11: без НДС | M11: без НДС
D12: Потребители | E12: Код строки | F12: Объём электрической энергии потребителей, осуществляющих оплату по одноставочным тарифам (ценам) за отчётный месяц (год) | G12: Стоимость электрической энергии потребителей, осуществляющих оплату по одноставочным тарифам (ценам) за отчётный месяц (год) | H12: Объём электрической энергии потребителей, осуществляющих оплату по зонным тарифам (ценам) за отчётный месяц (год) | I12: Стоимость электрической энергии потребителей, осуществляющих оплату по зонным тарифам (ценам) за отчётный месяц (год) | J12: Объём электрической энергии потребителей, осуществляющих оплату по трёхставочным тарифам (ценам) за отчётный месяц (год) | K12: Стоимость электрической энергии потребителей, осуществляющих оплату по трёхставочным тарифам (ценам) за отчётный месяц (год) | L12: Объём электрической энергии за отчётный месяц (год) | M12: Стоимость электрической энергии (мощности) за отчётный месяц (год)
F16: тыс.кВтч | G16: тыс.руб. | H16: тыс.кВтч | I16: тыс.руб. | J16: тыс.кВтч | K16: тыс.руб. | L16: тыс.кВтч | M16: тыс.руб.
D17: 1 | E17: 2 | F17: 3 | G17: 4 | H17: 5 | I17: 6 | J17: 7 | K17: 8 | L17: 9 | M17: 10
D18: Прочие потребители | E18: 100 | F18: =SUM(F19,F29:F35) -> 0 | G18: =SUM(G19,G29:G35) -> 0 | H18: =SUM(H19,H29:H35) -> 0 | I18: =SUM(I19,I29:I35) -> 0 | J18: =SUM(J19,J29:J35) -> 0 | K18: =SUM(K19,K29:K35) -> 0 | L18: =SUM(L19,L29:L35) -> 0 | M18: =SUM(M19,M29:M35) -> 0
D19: Потребители электрической энергии (мощности) на территории Дальневосточного федерального округа, в отношении которых осуществляется доведение цен (тарифов) на электрическую энергию (мощность) до базовых уровней цен (тарифов) на электрическую энергию (мощность) | E19: 110 | F19: =SUM(F20:F28) -> 0 | G19: =SUM(G20:G28) -> 0 | H19: =SUM(H20:H28) -> 0 | I19: =SUM(I20:I28) -> 0 | J19: =SUM(J20:J28) -> 0 | K19: =SUM(K20:K28) -> 0 | L19: =SUM(L20:L28) -> 0 | M19: =SUM(M20:M28) -> 0
D20: Потребители, указанные в пункте 1 критериев, утверждённых Постановлением * | E20: 111 | L20: =SUM(F20,H20,J20) -> 0 | M20: =SUM(G20,I20,K20) -> 0
D21: Потребители, указанные в пункте 2 критериев, утверждённых Постановлением * | E21: 112 | L21: =SUM(F21,H21,J21) -> 0 | M21: =SUM(G21,I21,K21) -> 0
D22: Потребители, указанные в пункте 3 критериев, утверждённых Постановлением * | E22: 113 | L22: =SUM(F22,H22,J22) -> 0 | M22: =SUM(G22,I22,K22) -> 0
D23: Потребители, указанные в пункте 4 критериев, утверждённых Постановлением * | E23: 114 | L23: =SUM(F23,H23,J23) -> 0 | M23: =SUM(G23,I23,K23) -> 0
D24: Потребители, указанные в пункте 5 критериев, утверждённых Постановлением * | E24: 115 | L24: =SUM(F24,H24,J24) -> 0 | M24: =SUM(G24,I24,K24) -> 0
D25: Потребители, указанные в пункте 6 критериев, утверждённых Постановлением * | E25: 116 | L25: =SUM(F25,H25,J25) -> 0 | M25: =SUM(G25,I25,K25) -> 0
D26: Потребители, указанные в пункте 7 критериев, утверждённых Постановлением * | E26: 117 | L26: =SUM(F26,H26,J26) -> 0 | M26: =SUM(G26,I26,K26) -> 0
D27: Потребители, указанные в пункте 8 критериев, утверждённых Постановлением * | E27: 118 | L27: =SUM(F27,H27,J27) -> 0 | M27: =SUM(G27,I27,K27) -> 0
D28: Потребители, указанные в пункте 9 критериев, утверждённых Постановлением * | E28: 119 | L28: =SUM(F28,H28,J28) -> 0 | M28: =SUM(G28,I28,K28) -> 0
D29: Промышленные и приравненные к ним потребители | E29: 120 | L29: =SUM(F29,H29,J29) -> 0 | M29: =SUM(G29,I29,K29) -> 0
D30: Электрифицированный железнодорожный транспорт | E30: 130 | L30: =SUM(F30,H30,J30) -> 0 | M30: =SUM(G30,I30,K30) -> 0
D31: Электрифицированный городской транспорт | E31: 140 | L31: =SUM(F31,H31,J31) -> 0 | M31: =SUM(G31,I31,K31) -> 0
... D35: Иные потребители (покупатели) | E35: 180 | L35: =SUM(F35,H35,J35) -> 0 | M35: =SUM(G35,I35,K35) -> 0
D36: Поставка электрической энергии сетевым организациям для целей компенсации потерь электрической энергии (мощности) | E36: 500 | F36: =SUM(F37:F38) -> 0 | G36: =SUM(G37:G38) -> 0 | H36: =SUM(H37:H38) -> 0 | I36: =SUM(I37:I38) -> 0 | J36: =SUM(J37:J38) -> 0 | K36: =SUM(K37:K38) -> 0 | L36: =SUM(L37:L38) -> 0 | M36: =SUM(M37:M38) -> 0
D37: Поставка электрической энергии сетевым организациям для целей компенсации потерь электрической энергии (мощности) в пределах балансовых показателей | E37: 510 | L37: =SUM(F37,H37,J37) -> 0 | M37: =SUM(G37,I37,K37) -> 0
D38: Поставка электрической энергии сетевым организациям для целей компенсации потерь электрической энергии (мощности) сверх балансовых показателей | E38: 520 | L38: =SUM(F38,H38,J38) -> 0 | M38: =SUM(G38,I38,K38) -> 0
D39: Полезный отпуск - всего | E39: 600 | F39: =SUM(F18,F36) -> 0 | G39: =SUM(G18,G36) -> 0 | H39: =SUM(H18,H36) -> 0 | I39: =SUM(I18,I36) -> 0 | J39: =SUM(J18,J36) -> 0 | K39: =SUM(K18,K36) -> 0 | L39: =SUM(L18,L36) -> 0 | M39: =SUM(M18,M36) -> 0

Sheet 6
F3: enrVlmValue | G3: enrCostValue | H3: pwrVlmValue | I3: pwrCostValue | J3: ttlCost
D8: Раздел III. Продажа электрической энергии и мощности
BI9: =('6'!G18+'6'!I32) -> 250108.29
D10: ООО "Нижневартовская энергосбытовая компания" | J10: Коды по ОКЕИ: 1000 киловатт-часов – 245, мегаватт – 215, тысяча рублей – 384
D12: Наименование | E12: Код строки | F12: Объём электрической энергии за отчётный месяц (год) | G12: Стоимость электрической энергии за отчётный месяц (год) | H12: Величина электрической мощности за отчётный месяц (в среднем _x000D_ за год) | I12: Стоимость электрической мощности за отчётный месяц (год) | J12: Стоимость без дифференциации на энергию и мощность за отчётный месяц (год)
F16: тыс.кВтч | G16: тыс.руб. | H16: МВт | I16: тыс.руб. | J16: тыс.руб.
D17: 1 | E17: 2 | F17: 3 | G17: 4 | H17: 5 | I17: 6 | J17: 7
D18: Продажа | E18: 100 | F18: =SUM(F19:F22,F25:F26,F28,F32:F36) -> 48656.083 | G18: =SUM(G19:G20,G25:G26,G28,G32:G36) -> 227848.54 | H18: =SUM(H20:H24,H27:H36) -> 12.081271 | I18: =SUM(I20,I23:I24,I27:I36) -> 22259.754 | J18: =SUM(G18,I18,J21:J22) -> 250108.29
D19: В обеспечение СД | E19: 101 | J19: =G19 -> 0
D20: В обеспечение регулируемых договоров (РД) | E20: 102 | J20: =SUM(G20,I20) -> 0
D21: В обеспечение биржевых СДМ | E21: 103
D22: В обеспечение внебиржевых СДМ | E22: 104
D23: По договорам предоставления мощности ДПМ | E23: 105 | J23: =I23 -> 0
D24: По договорам купли-продажи от новых АЭС/ГЭС | E24: 106 | J24: =I24 -> 0
D25: По ценам РСВ | E25: 107 | F25: =ОРЭМ!C137 -> 492.579 | G25: =ОРЭМ!C143/1000 -> 48.62085 | J25: =G25 -> 48.62085
D26: БР | E26: 108 | F26: =ОРЭМ!C154 -> 375.885 | G26: =ОРЭМ!C156/1000 -> 461.72163 | J26: =G26 -> 461.72163
D27: По ценам ВР | E27: 109 | J27: =I27 -> 0
D28: Экспортно-импортная и приграничная торговля | E28: 110 | J28: =SUM(G28,I28) -> 0
D29: По результатам КОМ | E29: 111 | J29: =I29 -> 0
D30: КОМ МОД | E30: 112 | J30: =I30 -> 0
D31: По ДПМ ВИЭ | E31: 113 | J31: =I31 -> 0
D32: На розничном рынке по нерегулируемым ценам | E32: 114 | F32: ='1'!F18+'1'!T18+'1'!AH18+'1'!BJ18+'2'!F94+'2'!J94 -> 26382.277 | G32: ='1'!M18+'1'!AA18+'1'!AO18+'1'!BQ18+'2'!G94+'2'!K94 -> 179244.87 | H32: ='1'!AV18+'1'!BX18+'2'!L18 -> 12.081271 | I32: ='1'!BC18+'1'!CE18+'1'!CS18+'2'!M94 -> 22259.754 | J32: =SUM(G32,I32) -> 201504.63 | M32: =F32+F35-'2'!F91 -> 41963.897
D33: В неценовых зонах оптового рынка за исключением двусторонних договоров | E33: 121 | J33: =SUM(G33,I33) -> 0
D34: В неценовых зонах оптового рынка по двусторонним договорам | E34: 122 | J34: =SUM(G34,I34) -> 0
D35: По регулируемым тарифам (ценам) на розничном рынке за исключением двусторонних договоров купли-продажи электрической энергии (мощности), заключаемых в ТИТЭС | E35: 131 | F35: ='3'!F18 -> 21405.342 | G35: ='3'!H18 -> 48093.322 | J35: =SUM(G35,I35) -> 48093.322
D36: По двусторонним договорам купли-продажи электрической энергии (мощности), заключаемым в ТИТЭС | E36: 132 | J36: =SUM(G36,I36) -> 0
D37: Собственное производство | E37: 200
D38: Штрафные санкции ЦФР | E38: 300 | J38: =I38 -> 0
D39: Мощность, заявленная на КОМ | E39: 400 | J39: =I39 -> 0
D40: Аттестованная мощность | E40: 500
D41: Надбавка на безопасность АЭС | E41: 600 | J41: =I41 -> 0
D42: Надбавка к цене на мощность, поставляемую в ценовых зонах оптового рынка субъектами оптового рынка - производителями электрической энергии (мощности), установленная и применяемая в порядке, установленном Правительством Российской Федерации, в целях достижения в субъектах Российской Федерации, входящих в состав Дальневосточного федерального округа, планируемых на следующий период регулирования базовых уровней цен (тарифов) на электрическую энергию (мощность) | E42: 700 | J42: =I42 -> 0
D43: Надбавка, прибавляемая к равновесной цене оптового рынка для определения цены электрической энергии, произведенной на функционирующих на основе использования возобновляемых источников энергии квалифицированных генерирующих объектах (в случаях и в порядке, которые предусмотрены Правительством Российской Федерации) | E43: 800 | J43: =I43 -> 0
D44: Надбавка к цене на мощность в целях частичной компенсации субъектам оптового рынка - производителям электрической энергии (мощности) капитальных и эксплуатационных затрат для генерирующих объектов тепловых электростанций, построенных и введенных в эксплуатацию на территориях Республики Крым и (или) г. Севастополя | E44: 900 | J44: =I44 -> 0
D45: Надбавка к цене на мощность, установленная и применяемая в порядке, установленном Правительством Российской Федерации, в целях частичной компенсации стоимости мощности и (или) электрической энергии субъектов оптового рынка - производителей электрической энергии (мощности), генерирующее оборудование которых расположено на территории субъекта Российской Федерации, не имеющего административных границ с другими субъектами Российской Федерации и не относящегося к территориям островов, - Калининградской области | E45: 1000 | J45: =I45 -> 0

Sheet 7
F3: enrVlmValue | G3: enrCostValue | H3: pwrVlmValue | I3: pwrCostValue | J3: ttlCost
D8: Раздел IV. Покупка электрической энергии и мощности
D10: ООО "Нижневартовская энергосбытовая компания" | J10: Коды по ОКЕИ: 1000 киловатт-часов – 245, мегаватт – 215, тысяча рублей – 384
D12: Наименование | E12: Код строки | F12: Объём электрической энергии за отчётный месяц (год) | G12: Стоимость электрической энергии за отчётный месяц (год) | H12: Величина электрической мощности за отчётный месяц (в среднем _x000D_ за год) | I12: Стоимость электрической мощности за отчётный месяц (год) | J12: Стоимость без дифференциации на энергию и мощность за отчётный месяц (год)
F16: тыс.кВтч | G16: тыс.руб. | H16: МВт | I16: тыс.руб. | J16: тыс.руб.
D17: 1 | E17: 2 | F17: 3 | G17: 4 | H17: 5 | I17: 6 | J17: 7
D18: Покупка | E18: 100 | F18: =SUM(F19:F22,F25:F26,F28,F32:F36) -> 48656.083 | G18: =SUM(G19:G20,G25:G26,G28,G32:G36) -> 67995.227 | H18: =SUM(H20:H24,H27:H36) -> 69.116 | I18: =SUM(I20,I23:I24,I27:I36) -> 11711.084 | J18: =SUM(G18,I18,J21:J22) -> 79706.311
D19: В обеспечение СД | E19: 101 | J19: =G19 -> 0
D20: В обеспечение регулируемых договоров (РД) | E20: 102 | F20: =ОРЭМ!C68 -> 21520.014 | G20: =ОРЭМ!C72/1000 -> 22090.807 | H20: =ОРЭМ!C76 -> 69.116 | I20: =ОРЭМ!C78/1000 -> 11711.084 | J20: =SUM(G20,I20) -> 33801.891
D21: В обеспечение биржевых СДМ | E21: 103
D22: В обеспечение внебиржевых СДМ | E22: 104
D23: По договорам предоставления мощности ДПМ | E23: 105 | H23: =ОРЭМ!C222 -> 0 | I23: =ОРЭМ!C224/1000 -> 0 | J23: =I23 -> 0
D24: По договорам купли-продажи от новых АЭС/ГЭС | E24: 106 | H24: =ОРЭМ!C229 -> 0 | I24: =ОРЭМ!C231/1000 -> 0 | J24: =I24 -> 0
D25: По ценам РСВ | E25: 107 | F25: =ОРЭМ!C128 -> 26602.815 | G25: =ОРЭМ!C133/1000 -> 44761.471 | J25: =G25 -> 44761.471
D26: БР | E26: 108 | F26: =ОРЭМ!C148 -> 533.254 | G26: =ОРЭМ!C150/1000 -> 1142.9486 | J26: =G26 -> 1142.9486
D27: По ценам ВР | E27: 109 | J27: =I27 -> 0
D28: Экспортно-импортная и приграничная торговля | E28: 110 | J28: =SUM(G28,I28) -> 0
D29: По результатам КОМ | E29: 111 | H29: =ОРЭМ!C265 -> 0 | I29: =ОРЭМ!C267/1000 -> 0 | J29: =I29 -> 0
D30: КОМ МОД | E30: 112 | H30: =ОРЭМ!C257 -> 0 | I30: =ОРЭМ!C259/1000 -> 0 | J30: =I30 -> 0
D31: По ДПМ ВИЭ | E31: 113 | H31: =ОРЭМ!C236+ОРЭМ!C243+ОРЭМ!C250 -> 0 | I31: =ОРЭМ!C238/1000+ОРЭМ!C245/1000+ОРЭМ!C252/1000 -> 0 | J31: =I31 -> 0
D32: На розничном рынке по нерегулируемым ценам | E32: 114 | J32: =SUM(G32,I32) -> 0
D33: В неценовых зонах оптового рынка за исключением двусторонних договоров | E33: 121 | J33: =SUM(G33,I33) -> 0
D34: В неценовых зонах оптового рынка по двусторонним договорам | E34: 122 | J34: =SUM(G34,I34) -> 0
D35: По регулируемым тарифам (ценам) на розничном рынке за исключением двусторонних договоров купли-продажи электрической энергии (мощности), заключаемых в ТИТЭС | E35: 131 | J35: =SUM(G35,I35) -> 0
D36: По двусторонним договорам купли-продажи электрической энергии (мощности), заключаемым в ТИТЭС | E36: 132 | J36: =SUM(G36,I36) -> 0
D37: Итого покупка с учётом продажи | E37: 200 | F37: =-('6'!F18-'7'!F18) -> 7.2759576e-12 | G37: =-('6'!G18-'7'!G18) -> -159853.31 | H37: =-('6'!H18-'7'!H18) -> 57.034729 | I37: =-('6'!I18-'7'!I18) -> -10548.67 | J37: =-('6'!J18-'7'!J18) -> -170401.98
D38: Собственное потребление | E38: 300
D39: Услуги по передаче электрической энергии | E39: 400 | F39: =F40+F41 -> 0 | G39: =G40+G41 -> 0 | H39: =H40+H41 -> 0 | I39: =I40+I41 -> 0 | J39: =J40+J41 -> 0
D40: оказанные организацией по управлению единой национальной (общероссийской) электрической сетью | E40: 410 | J40: =SUM(G40,I40) -> 0
D41: оказанные территориальными сетевыми организациями | E41: 420 | J41: =SUM(G41,I41) -> 0

Sheet ОРЭМ
A7: Наименование показателя | B7: Единица измерения показателя
A9: Объём факт. покупки э/э на ОРЭМ (акт сальдо-перетока) | B9: МВт*ч | C9: 47787.619
A10: Плановый объем потребления э/э | B10: МВт*ч | C10: 47630.25
A12: Объем покупки э/э в регулируемом секторе (для раскрытия) | B12: МВт*ч | C12: 21520.014
A13: Объем покупки э/э в секторе своб. торговли (для раскрытия) | B13: МВт*ч | C13: 26267.605
A15: Полный объем покупки э/э на ОРЭМ (факт) | B15: МВт*ч | C15: 48656.083
A16: Объем продажи э/э по договорам комиссии с ЗАО "ЦФР" | B16: МВт*ч | C16: 868.464
A17: Объем нагрузочных оплачиваемых потерь | B17: МВт*ч | C17: 0
A18: Стоимость нагрузочных потерь | B18: руб. | C18: 0
A19: покупка нагрузочных потерь ЕНЭС, РСК | B19: МВт*ч
A20: Сальдо по э/э на ОРЭМ | B20: МВт*ч | C20: 47787.619
A22: Мощность на ОРЭМ всего (факт) | B22: МВт | C22: 69.116
A24: Всего затраты на ОРЭМ (без НДС) | B24: руб. | C24: 79965797
A25: в т.ч 41-й счет (без розницы) | B25: руб. | C25: 79706311
A26: в т.ч 60/20.5.3 (услуги АТС, ЦФР, СО) | B26: руб. | C26: 259485.54
A27: в т.ч 76.15/44.1.1 (комисс. Вознагражд ЦФР) | B27: руб. | C27: 0
A28: в т.ч 60/20.5.6 (услуги биржи МЭБ) | B28: руб. | C28: 0
A29: Проверка расчета 41-й счет на ОРЭМ (без НДС) | B29: руб. | C29: 79706311
A30: Всего затраты на ОРЭМ (с НДС) | B30: руб. | C30: 97241700
A31: в т.ч. НДС | B31: руб. | C31: 17535388
A32: Всего затраты за минусом прибыли | B32: руб. | C32: 79455454
A34: Всего затраты на покупку э/э (факт) (без НДС) | B34: руб. | C34: 67995227
... A36: СВЦ покупки э/э | B36: руб./МВт*ч | C36: 1397.4661
A37: СВЦ продажи э/э | B37: руб./МВт*ч
A39: Всего затраты на покупку мощности (факт) (без НДС) | B39: руб. | C39: 11711084
A40: Всего прибыль от продажи мощности (без НДС) | B40: руб. | C40: 0
A41: СВЦ покупки мощности | B41: руб/МВт
C42: 0
A43: Всего затрат по услугам инфраструктурных орг. (без НДС) | B43: руб. | C43: 259485.54
A44: Всего затрат по услугам биржи МЭБ (без НДС) | B44: руб. | C44: 0
A45: Всего затрат за комиссионное вознаграждение (без НДС) | B45: руб. | C45: 0
A46: Проверка | C46: 79965797
C47: 0
C48: 47787.619
A49: Всего прибыль на ОРЭМ (без НДС) | B49: руб. | C49: 510342.48
A50: Всего затраты с учетом прибыли на ОРЭМ (без НДС) | B50: руб. | C50: 79455454
A51: Средневзвешенный тариф покупки э/э с учетом мощности на ОРЭМ | B51: руб./МВт*ч | C51: 1662.6787
A52: Срв. тариф покупки э/э с уч. мощн. на ОРЭМ без инфраструктуры | B52: руб./МВт*ч | C52: 1657.2487
A54: Средневзвешенный тариф покупки э/э с учетом мощности на ОРЭМ без учета прибыли | C54: 1638.1572
A55: ставка э/э | C55: 1397.4661
A56: ставка мощности | C56: 240.69105
C57: 2005.06
A58: РЕГУЛИРУЕМЫЙ СЕКТОР
A59: Объем покупки э/э по регулируемым ценам | B59: МВт*ч | C59: 21520.014
A60: Мощность по регулируемым ценам | B60: МВт | C60: 69.116
A61: Всего затрат по регулируемым ценам (без НДС) | B61: руб. | C61: 33801891
A62: Всего затрат по регулируемым ценам (с НДС) | B62: руб. | C62: 41238307
A63: в т.ч. НДС | B63: руб. | C63: 7436416.1
A64: Тариф на э/э с учетом мощности по РД | B64: руб./МВт*ч | C64: 1570.7188
A65: Фактическая доля покупки э/э по регулируемым ценам | C65: 0.45032614
A66: РД
A67: Э/Э
A68: Объем покупки э/э по РД с учетом потерь (3%), в том числе: | B68: МВт*ч | C68: 21520.014
A69: В т.ч. Объем покупки э/э по РД без учета потерь (3%): | B69: МВт*ч | C69: 21520.014
A70: В т.ч. Объем э/э для компенсации потерь (3%), учитываемых в РД | B70: МВт*ч | C70: 0
A71: Тариф покупки э/э по РД | B71: руб./МВт*ч | C71: 1026.5238
A72: Стоимость э/э по РД (без НДС) | B72: руб. | C72: 22090807
A73: Стоимость э/э по РД (с НДС) | B73: руб. | C73: 26950785
A74: в т.ч. НДС | B74: руб. | C74: 4859977.6
A75: МОЩНОСТЬ
A76: Мощность по РД | B76: МВт | C76: 69.116
A77: Тариф на мощность по РД | B77: руб/МВт | C77: 169441
A78: Стоимость мощности по РД (без НДС) | B78: руб. | C78: 11711084
A79: Стоимость мощности по РД (с НДС) | B79: руб. | C79: 14287522
A80: в т.ч. НДС | B80: руб. | C80: 2576438.5
A82: НЕРЕГУЛИРУЕМЫЙ СЕКТОР
A83: Объем покупки э/э по нерегулируемым ценам | B83: МВт*ч | C83: 27136.069
A84: Мощность по нерегулируемым ценам | B84: МВт | C84: 0
C85: 1691.6385
C86: 45394077
A87: Всего затрат по нерегулируемым ценам (без НДС) | B87: руб. | C87: 45904420
A88: Всего затрат по нерегулируемым ценам (с НДС) | B88: руб. | C88: 56003392
A89: в т.ч. НДС | B89: руб. | C89: 10098972
A94: Э/Э
A95: Объем покупки э/э по нерегулируемым ценам | B95: МВт*ч | C95: 27136.069
A96: В т.ч. Объем покупки э/э по нерег. ценам без учета потерь | B96: МВт*ч | C96: 27136.069
A97: В т.ч. Объем покупки потерь | B97: МВт*ч | C97: 0
A98: Тариф покупки э/э по нерегулируемым ценам | B98: руб./МВт*ч | C98: 1691.6385
A99: Стоимость э/э по нерегулируемым ценам (без НДС) | B99: руб. | C99: 45904420
A100: Стоимость э/э по нерегулируемым ценам (с НДС) | B100: руб. | C100: 55085304
A101: в т.ч. НДС | B101: руб. | C101: 9180883.9
A103: Объем продажи э/э по нерегулируемым ценам | B103: МВт*ч | C103: 868.464
A104: В т.ч. Объем продажи э/э по нерег. ценам без учета потерь | B104: МВт*ч | C104: 868.464
A105: В т.ч. Объем продажи потерь | B105: МВт*ч | C105: 0
A106: Тариф продажи э/э по нерегулируемым ценам | B106: руб./МВт*ч | C106: 587.63804
A107: Стоимость продажи э/э по нерегулируемым ценам (без НДС) | B107: руб. | C107: 510342.48
... A112: В т.ч. Сальдо э/э по нерегулируемым ценам без учета потерь | B112: МВт*ч | C112: 26267.605
A113: В т.ч. Сальдо потерь | C113: 0
A114: Тариф покупки сальдо э/э по нерегулируемым ценам | B114: руб./МВт*ч | C114: 1728.1392
A115: Стоимость сальдо э/э по нерегулируемым ценам (без НДС) | B115: руб. | C115: 45394077
A116: Стоимость сальдо э/э по нерегулируемым ценам (с НДС) | B116: руб. | C116: 54472893
A117: в т.ч. НДС | B117: руб. | C117: 9078815.5
A118: МОЩНОСТЬ
A119: Мощность по нерегулируемым ценам | B119: МВт | C119: 0
A120: Тариф на мощность по нерегулируемым ценам | B120: руб/МВт | C120: 0
A121: Стоимость мощности по нерегулируемым ценам (без НДС) | B121: руб. | C121: 0
A122: Стоимость мощности по нерегулируемым ценам (с НДС) | B122: руб. | C122: 0
A123: в т.ч. НДС | B123: руб. | C123: 0
A124: Средневзвешенная нерегулируемая цена - расчетная | B124: руб./МВт*ч | C124: 1691.6385
A125: Средневзвешенная нерегулируемая цена - ОАО "АТС" | B125: руб./МВт*ч | C125: 0
...

Sheet Отчёт НВВ в РСТ
O1: Приложение
A2: Поставщик электрической энергии: ____________________________________________________________________________________
A4: № | B4: Группы потребителей | C4: Ед. изм.
E5: Февраль | F5: Март | G5: Апрель | H5: Май | I5: Июнь | J5: Июль | K5: Август | L5: Сентябрь | M5: Октябрь | N5: Ноябрь | O5: Декабрь | P5: Год
A6: 1 | B6: Население и приравненные к нему категории потребителей
A7: 1.1. | B7: Средневзвешенный тариф на э/энергию | C7: руб./кВтч (с НДС) | D7: =D9/D8 -> 2.2467907 | E7: =E9/E8 -> #DIV/0! | F7: =F9/F8 -> #DIV/0! | G7: =G9/G8 -> #DIV/0! | H7: =H9/H8 -> #DIV/0! | I7: =I9/I8 -> #DIV/0! | J7: =J9/J8 -> #DIV/0! | K7: =K9/K8 -> #DIV/0! | ... P7: =P9/P8 -> 2.2467907
A8: 1.2. | B8: Полезный отпуск э/энергии | C8: МВтч | D8: ='3'!F61 -> 21405.342 | P8: =SUM(D8:O8) -> 21405.342
A9: 1.3. | B9: Необходимая валовая выручка | C9: тыс.руб. (с НДС) | D9: ='3'!H61 -> 48093.322 | P9: =SUM(D9:O9) -> 48093.322
A10: 2 | B10: Сетевые организации, покупающие э/энергию для компенсации потерь э/энергии
A11: 2.1. | B11: Средневзвешенный тариф на э/энергию | C11: руб./кВтч (без НДС) | D11: ='2'!G91/'2'!F91 -> 4.1039153 | E11: =E13/E12 -> #DIV/0! | F11: =F13/F12 -> #DIV/0! | G11: =G13/G12 -> #DIV/0! | H11: =H13/H12 -> #DIV/0! | I11: =I13/I12 -> #DIV/0! | J11: =J13/J12 -> #DIV/0! | K11: =K13/K12 -> #DIV/0! | L11: =L13/L12 -> #DIV/0! | ... P11: =P13/P12 -> 0
A12: 2.2. | B12: Полезный отпуск э/энергии | C12: МВтч | D12: ='2'!F91 -> 5823.7222 | P12: =SUM(D12:O12) -> 5823.7222
A13: 2.3. | B13: Необходимая валовая выручка | C13: тыс.руб. (без НДС) | D13: ='5'!G36 -> 0 | P13: =SUM(D13:O13) -> 0
A14: 3 | B14: Прочие потребители
A15: 3.1. | B15: Средневзвешенная цена на э/энергию, в том числе с дифференциацией по максимальной мощности энергопринимающих устройств: | C15: руб./кВтч (без НДС) | D15: =D53/D34 -> 8.5902697 | E15: =E53/E34 -> #DIV/0! | F15: =F53/F34 -> #DIV/0! | G15: =G53/G34 -> #DIV/0! | H15: =H53/H34 -> #DIV/0! | I15: =I53/I34 -> #DIV/0! | J15: =J53/J34 -> #DIV/0! | K15: =K53/K34 -> #DIV/0! | ... P15: =P53/P34 -> #DIV/0!
A16: 3.1.1. | B16: менее 670 кВт | C16: руб./кВтч (без НДС) | D16: =D54/D35 -> 8.7806997 | E16: =E54/E35 -> #DIV/0! | F16: =F54/F35 -> #DIV/0! | G16: =G54/G35 -> #DIV/0! | H16: =H54/H35 -> #DIV/0! | I16: =I54/I35 -> #DIV/0! | J16: =J54/J35 -> #DIV/0! | K16: =K54/K35 -> #DIV/0! | ... P16: =P54/P35 -> #DIV/0!
B17: Промышленные и приравненные к ним потребители | C17: руб./кВтч (без НДС) | D17: =D55/D36 -> 8.9499431 | E17: =E55/E36 -> #DIV/0! | F17: =F55/F36 -> #DIV/0! | G17: =G55/G36 -> #DIV/0! | H17: =H55/H36 -> #DIV/0! | I17: =I55/I36 -> #DIV/0! | J17: =J55/J36 -> #DIV/0! | K17: =K55/K36 -> #DIV/0! | ... P17: =P55/P36 -> #DIV/0!
B18: Непромышленные потребители | C18: руб./кВтч (без НДС) | D18: =D56/D37 -> 8.5242122 | E18: =E56/E37 -> #DIV/0! | F18: =F56/F37 -> #DIV/0! | G18: =G56/G37 -> #DIV/0! | H18: =H56/H37 -> #DIV/0! | I18: =I56/I37 -> #DIV/0! | J18: =J56/J37 -> #DIV/0! | K18: =K56/K37 -> #DIV/0! | ... P18: =P56/P37 -> #DIV/0!
B19: Сельскохозяйственные потребители | C19: руб./кВтч (без НДС) | D19: 0 | E19: =E57/E38 -> #DIV/0! | F19: =F57/F38 -> #DIV/0! | G19: =G57/G38 -> #DIV/0! | H19: =H57/H38 -> #DIV/0! | I19: =I57/I38 -> #DIV/0! | J19: =J57/J38 -> #DIV/0! | K19: =K57/K38 -> #DIV/0! | L19: =L57/L38 -> #DIV/0! | ... P19: =P57/P38 -> #DIV/0!
B20: Бюджетные потребители | C20: руб./кВтч (без НДС) | D20: =D58/D39 -> 9.0622571 | E20: =E58/E39 -> #DIV/0! | F20: =F58/F39 -> #DIV/0! | G20: =G58/G39 -> #DIV/0! | H20: =H58/H39 -> #DIV/0! | I20: =I58/I39 -> #DIV/0! | J20: =J58/J39 -> #DIV/0! | K20: =K58/K39 -> #DIV/0! | ... P20: =P58/P39 -> #DIV/0!
B21: Прочие | C21: руб./кВтч (без НДС) | D21: 0 | E21: =E59/E40 -> #DIV/0! | F21: =F59/F40 -> #DIV/0! | G21: =G59/G40 -> #DIV/0! | H21: =H59/H40 -> #DIV/0! | I21: =I59/I40 -> #DIV/0! | J21: =J59/J40 -> #DIV/0! | K21: =K59/K40 -> #DIV/0! | L21: =L59/L40 -> #DIV/0! | ... P21: =P59/P40 -> #DIV/0!
A22: 3.1.2. | B22: от 670 до 10 МВт | C22: руб./кВтч (без НДС) | D22: =D60/D41 -> 8.136497 | E22: =E60/E41 -> #DIV/0! | F22: =F60/F41 -> #DIV/0! | G22: =G60/G41 -> #DIV/0! | H22: =H60/H41 -> #DIV/0! | I22: =I60/I41 -> #DIV/0! | J22: =J60/J41 -> #DIV/0! | K22: =K60/K41 -> #DIV/0! | ... P22: =P60/P41 -> #DIV/0!
B23: Промышленные и приравненные к ним потребители | C23: руб./кВтч (без НДС) | D23: =D61/D42 -> 8.3159086 | E23: =E61/E42 -> #DIV/0! | F23: =F61/F42 -> #DIV/0! | G23: =G61/G42 -> #DIV/0! | H23: =H61/H42 -> #DIV/0! | I23: =I61/I42 -> #DIV/0! | J23: =J61/J42 -> #DIV/0! | K23: =K61/K42 -> #DIV/0! | ... P23: =P61/P42 -> #DIV/0!
B24: Непромышленные потребители | C24: руб./кВтч (без НДС) | D24: 0 | E24: =E62/E43 -> #DIV/0! | F24: =F62/F43 -> #DIV/0! | G24: =G62/G43 -> #DIV/0! | H24: =H62/H43 -> #DIV/0! | I24: =I62/I43 -> #DIV/0! | J24: =J62/J43 -> #DIV/0! | K24: =K62/K43 -> #DIV/0! | L24: =L62/L43 -> #DIV/0! | ... P24: =P62/P43 -> #DIV/0!
B25: Сельскохозяйственные потребители | C25: руб./кВтч (без НДС) | D25: 0 | E25: =E63/E44 -> #DIV/0! | F25: =F63/F44 -> #DIV/0! | G25: =G63/G44 -> #DIV/0! | H25: =H63/H44 -> #DIV/0! | I25: =I63/I44 -> #DIV/0! | J25: =J63/J44 -> #DIV/0! | K25: =K63/K44 -> #DIV/0! | L25: =L63/L44 -> #DIV/0! | ... P25: =P63/P44 -> #DIV/0!
B26: Бюджетные потребители | C26: руб./кВтч (без НДС) | D26: 0 | E26: =E64/E45 -> #DIV/0! | F26: =F64/F45 -> #DIV/0! | G26: =G64/G45 -> #DIV/0! | H26: =H64/H45 -> #DIV/0! | I26: =I64/I45 -> #DIV/0! | J26: =J64/J45 -> #DIV/0! | K26: =K64/K45 -> #DIV/0! | L26: =L64/L45 -> #DIV/0! | ... P26: =P64/P45 -> #DIV/0!
B27: Прочие | C27: руб./кВтч (без НДС) | D27: 0 | E27: =E65/E46 -> #DIV/0! | F27: =F65/F46 -> #DIV/0! | G27: =G65/G46 -> #DIV/0! | H27: =H65/H46 -> #DIV/0! | I27: =I65/I46 -> #DIV/0! | J27: =J65/J46 -> #DIV/0! | K27: =K65/K46 -> #DIV/0! | L27: =L65/L46 -> #DIV/0! | ... P27: =P65/P46 -> #DIV/0!
A28: 3.1.3. | B28: не менее 10 МВт | C28: руб./кВтч (без НДС) | D28: 0 | E28: =E66/E47 -> #DIV/0! | F28: =F66/F47 -> #DIV/0! | G28: =G66/G47 -> #DIV/0! | H28: =H66/H47 -> #DIV/0! | I28: =I66/I47 -> #DIV/0! | J28: =J66/J47 -> #DIV/0! | K28: =K66/K47 -> #DIV/0! | L28: =L66/L47 -> #DIV/0! | ... P28: =P66/P47 -> #DIV/0!
B29: Промышленные и приравненные к ним потребители | C29: руб./кВтч (без НДС) | D29: 0 | E29: =E67/E48 -> #DIV/0! | F29: =F67/F48 -> #DIV/0! | G29: =G67/G48 -> #DIV/0! | H29: =H67/H48 -> #DIV/0! | I29: =I67/I48 -> #DIV/0! | J29: =J67/J48 -> #DIV/0! | K29: =K67/K48 -> #DIV/0! | L29: =L67/L48 -> #DIV/0! | ... P29: =P67/P48 -> #DIV/0!
B30: Непромышленные потребители | C30: руб./кВтч (без НДС) | D30: 0 | E30: =E68/E49 -> #DIV/0! | F30: =F68/F49 -> #DIV/0! | G30: =G68/G49 -> #DIV/0! | H30: =H68/H49 -> #DIV/0! | I30: =I68/I49 -> #DIV/0! | J30: =J68/J49 -> #DIV/0! | K30: =K68/K49 -> #DIV/0! | L30: =L68/L49 -> #DIV/0! | ... P30: =P68/P49 -> #DIV/0!
B31: Сельскохозяйственные потребители | C31: руб./кВтч (без НДС) | D31: 0 | E31: =E69/E50 -> #DIV/0! | F31: =F69/F50 -> #DIV/0! | G31: =G69/G50 -> #DIV/0! | H31: =H69/H50 -> #DIV/0! | I31: =I69/I50 -> #DIV/0! | J31: =J69/J50 -> #DIV/0! | K31: =K69/K50 -> #DIV/0! | L31: =L69/L50 -> #DIV/0! | ... P31: =P69/P50 -> #DIV/0!
B32: Бюджетные потребители | C32: руб./кВтч (без НДС) | D32: 0 | E32: =E70/E51 -> #DIV/0! | F32: =F70/F51 -> #DIV/0! | G32: =G70/G51 -> #DIV/0! | H32: =H70/H51 -> #DIV/0! | I32: =I70/I51 -> #DIV/0! | J32: =J70/J51 -> #DIV/0! | K32: =K70/K51 -> #DIV/0! | L32: =L70/L51 -> #DIV/0! | ... P32: =P70/P51 -> #DIV/0!
B33: Прочие | C33: руб./кВтч (без НДС) | D33: 0 | E33: =E71/E52 -> #DIV/0! | F33: =F71/F52 -> #DIV/0! | G33: =G71/G52 -> #DIV/0! | H33: =H71/H52 -> #DIV/0! | I33: =I71/I52 -> #DIV/0! | J33: =J71/J52 -> #DIV/0! | K33: =K71/K52 -> #DIV/0! | L33: =L71/L52 -> #DIV/0! | ... P33: =P71/P52 -> #DIV/0!
A34: 3.2. | B34: Полезный отпуск э/энергии, в том числе с дифференциацией по максимальной мощности энергопринимающих устройств: | C34: МВтч | D34: =D35+D41+D47 -> 20558.555 | E34: =E35+E41+E47 -> 0 | F34: =F35+F41+F47 -> 0 | G34: =G35+G41+G47 -> 0 | H34: =H35+H41+H47 -> 0 | I34: =I35+I41+I47 -> 0 | J34: =J35+J41+J47 -> 0 | K34: =K35+K41+K47 -> 0 | ... P34: =P35+P41+P47 -> 0
A35: 3.2.1. | B35: менее 670 кВт | C35: МВтч | D35: =SUM(D36:D40) -> 14481.329 | E35: =SUM(E36:E40) -> 0 | F35: =SUM(F36:F40) -> 0 | G35: =SUM(G36:G40) -> 0 | H35: =SUM(H36:H40) -> 0 | I35: =SUM(I36:I40) -> 0 | J35: =SUM(J36:J40) -> 0 | K35: =SUM(K36:K40) -> 0 | ... P35: =SUM(P36:P40) -> 0
B36: Промышленные и приравненные к ним потребители | C36: МВтч | D36: ='1'!F66+'1'!T66+'1'!AH66+'1'!BJ66 -> 5315.147
B37: Непромышленные потребители | C37: МВтч | D37: ='1'!F69+'1'!T69+'1'!AH69+'1'!BJ69+'2'!F69+'2'!J69 -> 6468.5311
B38: Сельскохозяйственные потребители | C38: МВтч | D38: 0
B39: Бюджетные потребители | C39: МВтч | D39: ='1'!F71+'1'!T71+'1'!AH71+'1'!BJ71 -> 2697.6508
B40: Прчие | C40: МВтч | D40: 0
A41: 3.2.2. | B41: от 670 до 10 МВт | C41: МВтч | D41: =SUM(D42:D46) -> 6077.2264 | E41: =SUM(E42:E46) -> 0 | F41: =SUM(F42:F46) -> 0 | G41: =SUM(G42:G46) -> 0 | H41: =SUM(H42:H46) -> 0 | I41: =SUM(I42:I46) -> 0 | J41: =SUM(J42:J46) -> 0 | K41: =SUM(K42:K46) -> 0 | ... P41: =SUM(P42:P46) -> 0
B42: Промышленные и приравненные к ним потребители | C42: МВтч | D42: ='1'!F48+'1'!T48+'1'!AH48+'1'!BJ48 -> 1277.8967
B43: Непромышленные потребители | C43: МВтч | D43: ='1'!F51+'1'!T51+'1'!AH51+'1'!BJ51 -> 4777.1326
B44: Сельскохозяйственные потребители | C44: МВтч | D44: 0
B45: Бюджетные потребители | C45: МВтч | D45: ='1'!F53+'1'!T53+'1'!AH53+'1'!BJ53 -> 22.19699
B46: Прочие | C46: МВтч | D46: 0
A47: 3.2.3. | B47: не менее 10 МВт | C47: МВтч | D47: 0 | E47: =SUM(E48:E52) -> 0 | F47: =SUM(F48:F52) -> 0 | G47: =SUM(G48:G52) -> 0 | H47: =SUM(H48:H52) -> 0 | I47: =SUM(I48:I52) -> 0 | J47: =SUM(J48:J52) -> 0 | K47: =SUM(K48:K52) -> 0 | L47: =SUM(L48:L52) -> 0 | ... P47: =SUM(P48:P52) -> 0
B48: Промышленные и приравненные к ним потребители | C48: МВтч | D48: 0
B49: Непромышленные потребители | C49: МВтч | D49: 0
B50: Сельскохозяйственные потребители | C50: МВтч | D50: 0
B51: Бюджетные потребители | C51: МВтч | D51: 0
B52: Прочие | C52: МВтч | D52: 0
A53: 3.3. | B53: Необходимая валовая выручка, в том числе с дифференциацией по максимальной мощности энергопринимающих устройств: | C53: тыс.руб. (без НДС) | D53: =D54+D60+D66 -> 176603.53 | E53: =E54+E60+E66 -> 0 | F53: =F54+F60+F66 -> 0 | G53: =G54+G60+G66 -> 0 | H53: =H54+H60+H66 -> 0 | I53: =I54+I60+I66 -> 0 | J53: =J54+J60+J66 -> 0 | K53: =K54+K60+K66 -> 0 | ... P53: =P54+P60+P66 -> 0
A54: 3.3.1. | B54: менее 670 кВт | C54: тыс.руб. (без НДС) | D54: =SUM(D55:D59) -> 127156.2 | E54: =SUM(E55:E59) -> 0 | F54: =SUM(F55:F59) -> 0 | G54: =SUM(G55:G59) -> 0 | H54: =SUM(H55:H59) -> 0 | I54: =SUM(I55:I59) -> 0 | J54: =SUM(J55:J59) -> 0 | K54: =SUM(K55:K59) -> 0 | ... P54: =SUM(P55:P59) -> 0
B55: Промышленные и приравненные к ним потребители | C55: тыс.руб. (без НДС) | D55: ='1'!M66+'1'!AA66+'1'!AO66+'1'!BC66+'1'!BQ66+'1'!CE66+'1'!CS48 -> 47570.263
B56: Непромышленные потребители | C56: тыс.руб. (без НДС) | D56: ='1'!M69+'1'!AA69+'1'!AO69+'1'!BC69+'1'!BQ69+'1'!CE69+'1'!CS49+'2'!G69+'2'!K69+'2'!M69 -> 55139.132
B57: Сельскохозяйственные потребители | C57: тыс.руб. (без НДС) | D57: 0
B58: Бюджетные потребители | C58: тыс.руб. (без НДС) | D58: ='1'!M71+'1'!AA71+'1'!AO71+'1'!BC71+'1'!BQ71+'1'!CE71+'1'!CS71 -> 24446.805
B59: Прочие | C59: тыс.руб. (без НДС) | D59: 0
A60: 3.3.2. | B60: от 670 до 10 МВт | C60: тыс.руб. (без НДС) | D60: =SUM(D61:D65) -> 49447.334 | E60: =SUM(E61:E65) -> 0 | F60: =SUM(F61:F65) -> 0 | G60: =SUM(G61:G65) -> 0 | H60: =SUM(H61:H65) -> 0 | I60: =SUM(I61:I65) -> 0 | J60: =SUM(J61:J65) -> 0 | K60: =SUM(K61:K65) -> 0 | ... P60: =SUM(P61:P65) -> 0
B61: Промышленные и приравненные к ним потребители | C61: тыс.руб. (без НДС) | D61: ='1'!M48+'1'!AA48+'1'!AO48+'1'!BC48+'1'!BQ48+'1'!CE48+'1'!CS48 -> 10626.873
B62: Непромышленные потребители | C62: тыс.руб. (без НДС) | D62: ='1'!M51+'1'!AA51+'1'!AO51+'1'!BC51+'1'!BQ51+'1'!CE51+'1'!CS51 -> 38613.98
B63: Сельскохозяйственные потребители | C63: тыс.руб. (без НДС) | D63: 0
B64: Бюджетные потребители | C64: тыс.руб. (без НДС) | D64: ='1'!M53+'1'!AA53+'1'!AO53+'1'!BC53+'1'!BQ53+'1'!CE53+'1'!CS53 -> 206.4817
B65: Прочие | C65: тыс.руб. (без НДС) | D65: 0
A66: 3.3.3. | B66: не менее 10 МВт | C66: тыс.руб. (без НДС) | D66: 0 | E66: =SUM(E67:E71) -> 0 | F66: =SUM(F67:F71) -> 0 | G66: =SUM(G67:G71) -> 0 | H66: =SUM(H67:H71) -> 0 | I66: =SUM(I67:I71) -> 0 | J66: =SUM(J67:J71) -> 0 | K66: =SUM(K67:K71) -> 0 | L66: =SUM(L67:L71) -> 0 | ... P66: =SUM(P67:P71) -> 0
B67: Промышленные и приравненные к ним потребители | C67: тыс.руб. (без НДС) | D67: 0
B68: Непромышленные потребители | C68: тыс.руб. (без НДС) | D68: 0
B69: Сельскохозяйственные потребители | C69: тыс.руб. (без НДС) | D69: 0
B70: Бюджетные потребители | C70: тыс.руб. (без НДС) | D70: 0
B71: Прочие | C71: тыс.руб. (без НДС) | D71: 0
A73: Исполнитель: Аверкина Зоя Анатольевна
A75: Тел. | B75: 8-3466-45-41-43

Sheet 52.б
A2: Информация, подлежащая раскрытию в соответствии со Стандартами раскрытия информации субъектами оптового и розничных рынков электрической энергии, утвержденными Постановлением Правительства РФ от 21.01.2004г. № 24
A4: ГП: ООО "Нижневартовская энергосбытовая компания"
A5: Субъект РФ: Тюменская область
A6: ='46 титульник'!H12 -> Август | F6: ='46 титульник'!H11 -> 2026
A8: (пп. «б» п. 52 Стандартов) Информация о фактическом полезном отпуске электрической энергии (мощности) потребителям с выделением поставки населению
A9: Показатель | D9: ед. изм. | G9: Всего | H9: в т.ч. население и приравненные к нему категории потребителей
A10: Полезный отпуск | D10: млн.кВт*ч | G10: ='6'!F32/1000+'6'!F35/1000 -> 47.787619 | H10: ='3'!F61/1000 -> 21.405342

Sheet ЭСК
A1: Общий
C2: Отчет 46 ЭС полезного отпуска электрической энергии (мощности) по группам потребителей
C3: ООО "Нижневартовская энергосбытовая компания"
A5: № | B5: Группа потребителей | C5: Объем полезного отпуска электроэнергии, кВт*час | H5: Тариф, руб/ кВт*час | L5: Стоимость электроэнергии, руб.без НДС
C6: Всего | D6: ВН | E6: СН-1 (35кВ) | F6: СН-2 | G6: НН | H6: ВН | I6: СН-1 (35кВ) | J6: СН-2 (20-1кВ) | K6: НН | L6: Всего | M6: ВН | N6: СН-1 (35кВ) | O6: СН-2 (20-1кВ) | P6: НН
A7: 1 | B7: =+A7+1 -> 2 | C7: =+B7+1 -> 3 | D7: =+C7+1 -> 4 | E7: =+D7+1 -> 5 | F7: =+E7+1 -> 6 | G7: =+F7+1 -> 7 | H7: 8 | I7: 9 | J7: 10 | L7: 12 | M7: 13 | N7: =+M7+1 -> 14 | O7: =+N7+1 -> 15 | P7: =+O7+1 -> 16
A8: ='[27]Шаблон 46 ГП'!A8:P8 -> Июнь 2026 год
B9: Покупка Всего: | C9: =C10 -> 206959 | D9: =D10 -> 190529 | F9: =F10 -> 16430 | L9: =M9+N9+O9+P9 -> 1225637.9 | M9: =M10 -> 1122106.8 | O9: =O10 -> 103531.16
A10: 1 | B10: от ОАО ТЭК в качестве СК | C10: =C11+C30 -> 206959 | D10: =D11 -> 190529 | F10: =F11+F26 -> 16430 | L10: =M10+N10+O10+P10 -> 1225637.9 | M10: =M11+M29 -> 1122106.8 | O10: =O11+O26 -> 103531.16
A11: 1.1 | B11: по тарифу прочие | C11: =C12+C16+C22+C19 -> 201084 | D11: =D12+D16+D19+D22 -> 190529 | F11: =F12 -> 10555 | L11: =M11+N11+O11+P11 -> 1208530.2 | M11: =M16+M22+M12+M19 -> 1122106.8 | O11: =O12 -> 86423.39
B12: 1 ценовая категория в т.ч.: | C12: =C13+C14 -> 10555 | F12: =F13+F14+F15 -> 10555 | L12: =M12+N12+O12+P12 -> 86423.39 | O12: =O13+O14+O15 -> 86423.39
B13: ДКП электроэнергия менее 670 кВт | L13: =M13+N13+O13+P13 -> 0
B14: ЭС электроэнергия менее 670 кВт | C14: =F14 -> 10555 | F14: 10555 | J14: 8.18791 | L14: =M14+N14+O14+P14 -> 86423.39 | O14: =ROUND(F14*J14,2) -> 86423.39
L15: =M15+N15+O15+P15 -> 0
B16: 3 ценовая категория в т.ч.: | C16: =SUM(C17) -> 120591 | D16: =SUM(D17) -> 120591 | H16: =IFERROR(ROUND(M16/D16,5),0) -> 6.28381 | L16: =M16 -> 757771.14 | M16: =SUM(M17:M18) -> 757771.14
B17: электроэнергия от 670 до 10 МВт | C17: =D17 -> 120591 | D17: 120591 | H17: 4.8245964 | L17: =M17+N17+O17+P17 -> 581802.9 | M17: =ROUND(D17*H17,2) -> 581802.9
B18: мощность, 3 ценовая категория | C18: =D18 -> 153 | D18: 153 | H18: 1150.1192 | L18: =M18+N18+O18+P18 -> 175968.24 | M18: =ROUND(D18*H18,2) -> 175968.24
B19: 3 ценовая категория в т.ч.: | C19: =SUM(C20) -> 2238 | D19: =SUM(D20) -> 2238 | H19: =IFERROR(ROUND(M19/D19,5),0) -> 6.39094 | L19: =M19 -> 14302.93 | M19: =SUM(M20:M21) -> 14302.93
B20: электроэнергия менее 670 МВт | C20: =D20 -> 2238 | D20: 2238 | H20: 4.849227 | L20: =M20+N20+O20+P20 -> 10852.57 | M20: =ROUND(D20*H20,2) -> 10852.57
B21: мощность, 3 ценовая категория | C21: =D21 -> 3 | D21: 3 | H21: 1150.1192 | L21: =M21+N21+O21+P21 -> 3450.36 | M21: =ROUND(D21*H21,2) -> 3450.36
B22: 4 ценовая категория в т.ч: | C22: =SUM(C23) -> 67700 | D22: =SUM(D23) -> 67700 | H22: =IFERROR(ROUND(M22/D22,5),0) -> 5.17035 | L22: =M22 -> 350032.7 | M22: =SUM(M23:M25) -> 350032.7
B23: электроэнергия от 670 до 10 МВт | C23: =D23 -> 67700 | D23: 67700 | H23: 2.5155957 | L23: =M23+N23+O23+P23 -> 170305.83 | M23: =D23*H23 -> 170305.83
B24: мощность, 4 ценовая категория | C24: =D24 -> 117 | D24: 117 | H24: =H18 -> 1150.1192 | L24: =M24+N24+O24+P24 -> 134563.95 | M24: =D24*H24 -> 134563.95
B25: мощность, 4 ценовая категория (услуги) | C25: =D25 -> 140 | D25: 140 | H25: 322.59231 | L25: =M25+N25+O25+P25 -> 45162.923 | M25: =D25*H25 -> 45162.923
A26: 1.2 | B26: по тарифу население | C26: =F26 -> 5875 | F26: =SUM(F27:F28) -> 5875 | L26: =SUM(L27:L28) -> 17107.77 | O26: =SUM(O27:O28) -> 17107.77 | P26: =SUM(P27:P28) -> 0
B27: Потребители, приравненные к населению дневная зона | C27: =F27 -> 4308 | F27: 4308 | J27: 3.91 | L27: =SUM(M27:P27) -> 13806.79 | O27: =ROUND((F27*J27/1.22)/1,2) -> 13806.79 | P27: =ROUND((G27*K27/1.2)/1,2) -> 0
B28: Потребители, приравненные к населению ночная зона | C28: =F28 -> 1567 | F28: 1567 | J28: 2.57 | L28: =SUM(M28:P28) -> 3300.98 | O28: =ROUND((F28*J28)/1.22,2) -> 3300.98 | P28: =ROUND((G28*K28/1.2)/1,2) -> 0
A29: 1. | B29: Базовые потребители
A30: 2. | B30: Население | C30: =C31+C32 -> 5875 | D30: =D31 -> 0 | E30: =SUM(E31:E32) -> 0 | F30: =SUM(F31:F32) -> 5875 | L30: =SUM(M30:P30) -> 17107.77 | N30: =N31 -> 0 | O30: =SUM(O31:O32) -> 17107.77 | P30: =SUM(P31:P32) -> 0
B31: Потребители, приравненные к населению дневная зона | C31: =F31 -> 4308 | F31: =F27 -> 4308 | J31: =J27 -> 3.91 | L31: =SUM(M31:P31) -> 13806.79 | O31: =ROUND((F31*J31)/1.22,2) -> 13806.79 | P31: =ROUND((G31*K31)/1.2,2) -> 0
B32: Потребители, приравненные к населению ночная зона | C32: =F32 -> 1567 | F32: =F28 -> 1567 | J32: =J28 -> 2.57 | L32: =SUM(M32:P32) -> 3300.98 | O32: =ROUND((F32*J32)/1.22,2) -> 3300.98 | P32: =ROUND((G32*K32)/1.2,2) -> 0
A33: 3. | B33: Прочие потребители | C33: =C34 -> 201084 | D33: =D34 -> 190529 | E33: =E34 -> 0 | F33: =F34 -> 10555 | L33: =N33+M33+O33+P33 -> 1300476.1 | M33: =M34 -> 1213524.9 | N33: =N34 -> 0 | O33: =O34 -> 86951.14 | P33: =P34 -> 0
B34: по договору ОАО "Нижневартовскавиа" | C34: =C35 -> 201084 | D34: =D35 -> 190529 | E34: =E35 -> 0 | F34: =F35 -> 10555 | L34: =M34+N34+O34+P34 -> 1300476.1 | M34: =M35 -> 1213524.9 | N34: =N35 -> 0 | O34: =O35 -> 86951.14 | P34: =P35 -> 0
B35: Первая ценовая категория, в том числе: | C35: =SUM(C36:C38) -> 201084 | D35: =SUM(D36:D38) -> 190529 | E35: =SUM(E36:E38) -> 0 | F35: =SUM(F36:F38) -> 10555 | L35: =SUM(M35:P35) -> 1300476.1 | M35: =SUM(M36:M38) -> 1213524.9 | N35: =SUM(N36:N38) -> 0 | O35: =SUM(O36:O38) -> 86951.14 | P35: =SUM(P36:P38) -> 0
A36: 3.1 | B36: Э/Э ПС "Нижневартовская " | C36: =SUM(D36:F36) -> 120591 | D36: =D17 -> 120591 | H36: =H46+0.05 -> 6.36924 | L36: =SUM(M36:P36) -> 768073.02 | M36: =ROUND(D36*H36,2) -> 768073.02
A37: 3.2 | B37: Э/Э ПС "Мегион" | C37: =SUM(D37:F37) -> 67700 | D37: =D23 -> 67700 | H37: =H46+0.05 -> 6.36924 | L37: =SUM(M37:P37) -> 431197.55 | M37: =ROUND(D37*H37,2) -> 431197.55
A38: 3.3 | B38: Первая ценовая категория | C38: =SUM(D38:F38) -> 12793 | D38: =D20 -> 2238 | E38: =E14 -> 0 | F38: =F14 -> 10555 | H38: =H46+0.05 -> 6.36924 | J38: =J14+0.05 -> 8.23791 | L38: =SUM(M38:P38) -> 101205.5 | M38: =ROUND(D38*H38,2) -> 14254.36 | O38: =ROUND(F38*J38,2) -> 86951.14 | P38: =ROUND(G38*K38,2) -> 0
A39: 4. | B39: Итого | C39: =C40+C41 -> 206959 | D39: =D40+D41 -> 190529 | E39: =SUM(E40:E41) -> 0 | F39: =SUM(F40:F41) -> 16430 | L39: =M39+N39+O39+P39 -> 1317583.8 | M39: =M40+M41 -> 1213524.9 | N39: =N40+N41 -> 0 | O39: =SUM(O40:O41) -> 104058.91 | P39: =SUM(P40:P41) -> 0
B40: Итого (рег.ц) | C40: =C43 -> 5875 | D40: =D43 -> 0 | E40: =E43 -> 0 | F40: =F43 -> 5875 | L40: =SUM(M40:P40) -> 17107.77 | M40: =M43 -> 0 | N40: =N43 -> 0 | O40: =O43 -> 17107.77 | P40: =P43 -> 0
B41: Итого (нерег.ц) | C41: =C44 -> 201084 | D41: =D44 -> 190529 | E41: =E44 -> 0 | F41: =F44 -> 10555 | L41: =M41+N41+O41+P41 -> 1300476.1 | M41: =M44 -> 1213524.9 | N41: =N44 -> 0 | O41: =O44 -> 86951.14 | P41: =P44 -> 0
